Workbook

Sheet MADISON COUNTY SUMMARY
N1: ='10490-MADISON COUNTY'!C4 -> 1930424.6 | O1: ='10490-MADISON COUNTY'!C5 -> 309742.93 | P1: ='10490-MADISON COUNTY'!C6 -> 262442.57 | Q1: ='10490-MADISON COUNTY'!C7 -> 2502610.1 | R1: ='10490-MADISON COUNTY'!C8 -> 5482.22 | S1: ='10490-MADISON COUNTY'!C9 -> 45529.44 | T1: ='10490-MADISON COUNTY'!C10 -> 2462562.9 | W1: ='10490-MADISON COUNTY'!C13 -> 228623.91 | X1: ='10490-MADISON COUNTY'!C14 -> -5.56 | Y1: ='10490-MADISON COUNTY'!C15 -> 34940.28 | Z1: ='10490-MADISON COUNTY'!C16 -> 0 | AA1: ='10490-MADISON COUNTY'!C17 -> 30266.39 | AB1: ='10490-MADISON COUNTY'!C18 -> 0 | AC1: ='10490-MADISON COUNTY'!C19 -> 293825.02 | AD1: ='10490-MADISON COUNTY'!C20 -> 2168737.9 | AG1: ='10490-MADISON COUNTY'!C23 -> 42637.95 | AH1: ='10490-MADISON COUNTY'!C24 -> 0 | AI1: ='10490-MADISON COUNTY'!C25 -> 0 | AJ1: ='10490-MADISON COUNTY'!C26 -> 0 | AK1: ='10490-MADISON COUNTY'!C27 -> 0 | AL1: ='10490-MADISON COUNTY'!C28 -> 42637.95 | AN1: ='10490-MADISON COUNTY'!C30 -> 2126099.9 | AO1: ='10490-MADISON COUNTY'!C31 -> 450.97 | AP1: ='10490-MADISON COUNTY'!C32 -> 0 | AQ1: ='10490-MADISON COUNTY'!C33 -> 2125648.9 | AT1: ='10490-MADISON COUNTY'!C36 -> 0
A2: SOURCE OF RECEIPTS | B2: TOTALS | N2: ='104901-VETERANS RELIEF'!C4 -> 321750.35 | O2: ='104901-VETERANS RELIEF'!C5 -> 51624.57 | P2: ='104901-VETERANS RELIEF'!C6 -> 43740.37 | Q2: ='104901-VETERANS RELIEF'!C7 -> 417115.29 | R2: ='104901-VETERANS RELIEF'!C8 -> 913.78 | S2: ='104901-VETERANS RELIEF'!C9 -> 7588.29 | T2: ='104901-VETERANS RELIEF'!C10 -> 410440.78 | W2: ='104901-VETERANS RELIEF'!C13 -> 38105.35 | X2: ='104901-VETERANS RELIEF'!C14 -> -0.93 | Y2: ='104901-VETERANS RELIEF'!C15 -> 5823.54 | Z2: ='104901-VETERANS RELIEF'!C16 -> 0 | AA2: ='104901-VETERANS RELIEF'!C17 -> 5044.52 | AB2: ='104901-VETERANS RELIEF'!C18 -> 0 | AC2: ='104901-VETERANS RELIEF'!C19 -> 48972.48 | AD2: ='104901-VETERANS RELIEF'!C20 -> 361468.3 | AG2: ='104901-VETERANS RELIEF'!C23 -> 7106.55 | AH2: ='104901-VETERANS RELIEF'!C24 -> 0 | AI2: ='104901-VETERANS RELIEF'!C25 -> 0 | AJ2: ='104901-VETERANS RELIEF'!C26 -> 0 | AK2: ='104901-VETERANS RELIEF'!C27 -> 0 | AL2: ='104901-VETERANS RELIEF'!C28 -> 7106.55 | AN2: ='104901-VETERANS RELIEF'!C30 -> 354361.75 | AO2: ='104901-VETERANS RELIEF'!C31 -> 75.18 | AP2: ='104901-VETERANS RELIEF'!C32 -> 0 | AQ2: ='104901-VETERANS RELIEF'!C33 -> 354286.57 | AT2: ='104901-VETERANS RELIEF'!C36 -> 0
A3: REAL PROPERTY | N3: ='104902-MAD CO BD OF DEVELOPMENT'!G4 -> 906019.82 | O3: ='104902-MAD CO BD OF DEVELOPMENT'!G5 -> 302346.97 | P3: ='104902-MAD CO BD OF DEVELOPMENT'!G6 -> 349923.58 | Q3: ='104902-MAD CO BD OF DEVELOPMENT'!G7 -> 1558290.4 | R3: ='104902-MAD CO BD OF DEVELOPMENT'!G8 -> -14951.84 | S3: ='104902-MAD CO BD OF DEVELOPMENT'!G9 -> 44442.21 | T3: ='104902-MAD CO BD OF DEVELOPMENT'!G10 -> 1498896.3 | W3: ='104902-MAD CO BD OF DEVELOPMENT'!G13 -> 107280.56 | X3: ='104902-MAD CO BD OF DEVELOPMENT'!G14 -> -2.61 | Y3: ='104902-MAD CO BD OF DEVELOPMENT'!G15 -> 16399.8 | Z3: ='104902-MAD CO BD OF DEVELOPMENT'!G16 -> 0 | AA3: ='104902-MAD CO BD OF DEVELOPMENT'!G17 -> 14224.27 | AB3: ='104902-MAD CO BD OF DEVELOPMENT'!G18 -> 0 | AC3: ='104902-MAD CO BD OF DEVELOPMENT'!G19 -> 137902.02 | AD3: ='104902-MAD CO BD OF DEVELOPMENT'!G20 -> 1360994.3 | AG3: ='104902-MAD CO BD OF DEVELOPMENT'!G23 -> 25648.81 | AH3: ='104902-MAD CO BD OF DEVELOPMENT'!G24 -> 0 | AI3: ='104902-MAD CO BD OF DEVELOPMENT'!G25 -> 0 | AJ3: ='104902-MAD CO BD OF DEVELOPMENT'!G26 -> 0 | AK3: ='104902-MAD CO BD OF DEVELOPMENT'!G27 -> 0 | AL3: ='104902-MAD CO BD OF DEVELOPMENT'!G28 -> 25648.81 | AN3: ='104902-MAD CO BD OF DEVELOPMENT'!G30 -> 1335345.5 | AO3: ='104902-MAD CO BD OF DEVELOPMENT'!G31 -> 211.6 | AP3: ='104902-MAD CO BD OF DEVELOPMENT'!G32 -> 0 | AQ3: ='104902-MAD CO BD OF DEVELOPMENT'!G33 -> 1335133.9 | AT3: ='104902-MAD CO BD OF DEVELOPMENT'!G36 -> 0
A4: Agr/Res | B4: =SUM(N1:N59) -> 24269511 | N4: ='104903-HEALTH SERVICES'!D4 -> 314915.36 | O4: ='104903-HEALTH SERVICES'!D5 -> 101621.35 | P4: ='104903-HEALTH SERVICES'!D6 -> 100602.98 | Q4: ='104903-HEALTH SERVICES'!D7 -> 517139.69 | R4: ='104903-HEALTH SERVICES'!D8 -> -3412.14 | S4: ='104903-HEALTH SERVICES'!D9 -> 14937.21 | T4: ='104903-HEALTH SERVICES'!D10 -> 498790.34 | W4: ='104903-HEALTH SERVICES'!D13 -> 29407.86 | X4: ='104903-HEALTH SERVICES'!D14 -> -0.71 | Y4: ='104903-HEALTH SERVICES'!D15 -> 4495.56 | Z4: ='104903-HEALTH SERVICES'!D16 -> 0 | AA4: ='104903-HEALTH SERVICES'!D17 -> 5119.92 | AB4: ='104903-HEALTH SERVICES'!D18 -> 0 | AC4: ='104903-HEALTH SERVICES'!D19 -> 39022.63 | AD4: ='104903-HEALTH SERVICES'!D20 -> 459767.71 | AG4: ='104903-HEALTH SERVICES'!D23 -> 8560.36 | AH4: ='104903-HEALTH SERVICES'!D24 -> 0 | AI4: ='104903-HEALTH SERVICES'!D25 -> 0 | AJ4: ='104903-HEALTH SERVICES'!D26 -> 0 | AK4: ='104903-HEALTH SERVICES'!D27 -> 0 | AL4: ='104903-HEALTH SERVICES'!D28 -> 8560.36 | AN4: ='104903-HEALTH SERVICES'!D30 -> 451207.35 | AO4: ='104903-HEALTH SERVICES'!D31 -> 75.89 | AP4: ='104903-HEALTH SERVICES'!D32 -> 0 | AQ4: ='104903-HEALTH SERVICES'!D33 -> 451131.46 | AT4: ='104903-HEALTH SERVICES'!D36 -> 0
A5: Com/Ind/Min | B5: =SUM(O1:O59) -> 5206827.8 | N5: ='104904-MENTAL HEALTH & RECOVERY'!C4 -> 140741.64 | O5: ='104904-MENTAL HEALTH & RECOVERY'!C5 -> 45620.77 | P5: ='104904-MENTAL HEALTH & RECOVERY'!C6 -> 43740.37 | Q5: ='104904-MENTAL HEALTH & RECOVERY'!C7 -> 230102.78 | R5: ='104904-MENTAL HEALTH & RECOVERY'!C8 -> -1487.35 | S5: ='104904-MENTAL HEALTH & RECOVERY'!C9 -> 6705.79 | T5: ='104904-MENTAL HEALTH & RECOVERY'!C10 -> 221909.64 | W5: ='104904-MENTAL HEALTH & RECOVERY'!C13 -> 16663.74 | X5: ='104904-MENTAL HEALTH & RECOVERY'!C14 -> -0.41 | Y5: ='104904-MENTAL HEALTH & RECOVERY'!C15 -> 2547.61 | Z5: ='104904-MENTAL HEALTH & RECOVERY'!C16 -> 0 | AA5: ='104904-MENTAL HEALTH & RECOVERY'!C17 -> 2207.55 | AB5: ='104904-MENTAL HEALTH & RECOVERY'!C18 -> 0 | AC5: ='104904-MENTAL HEALTH & RECOVERY'!C19 -> 21418.49 | AD5: ='104904-MENTAL HEALTH & RECOVERY'!C20 -> 200491.15 | AG5: ='104904-MENTAL HEALTH & RECOVERY'!C23 -> 3810.17 | AH5: ='104904-MENTAL HEALTH & RECOVERY'!C24 -> 0 | AI5: ='104904-MENTAL HEALTH & RECOVERY'!C25 -> 0 | AJ5: ='104904-MENTAL HEALTH & RECOVERY'!C26 -> 0 | AK5: ='104904-MENTAL HEALTH & RECOVERY'!C27 -> 0 | AL5: ='104904-MENTAL HEALTH & RECOVERY'!C28 -> 3810.17 | AN5: ='104904-MENTAL HEALTH & RECOVERY'!C30 -> 196680.98 | AO5: ='104904-MENTAL HEALTH & RECOVERY'!C31 -> 32.83 | AP5: ='104904-MENTAL HEALTH & RECOVERY'!C32 -> 0 | AQ5: ='104904-MENTAL HEALTH & RECOVERY'!C33 -> 196648.15 | AT5: ='104904-MENTAL HEALTH & RECOVERY'!C36 -> 0
A6: Public Utility | B6: =SUM(P1:P59) -> 5960059.7 | N6: ='104905-9-1-1'!C4 -> 442409.89 | O6: ='104905-9-1-1'!C5 -> 91241.33 | P6: ='104905-9-1-1'!C6 -> 87480.86 | Q6: ='104905-9-1-1'!C7 -> 621132.08 | R6: ='104905-9-1-1'!C8 -> 29.95 | S6: ='104905-9-1-1'!C9 -> 13411.48 | T6: ='104905-9-1-1'!C10 -> 607750.55 | W6: ='104905-9-1-1'!C13 -> 0 | X6: ='104905-9-1-1'!C14 -> 0 | Y6: ='104905-9-1-1'!C15 -> 0 | Z6: ='104905-9-1-1'!C16 -> 0 | AA6: ='104905-9-1-1'!C17 -> 8113.51 | AB6: ='104905-9-1-1'!C18 -> 0 | AC6: ='104905-9-1-1'!C19 -> 8113.51 | AD6: ='104905-9-1-1'!C20 -> 599637.04 | AG6: ='104905-9-1-1'!C23 -> 10486.55 | AH6: ='104905-9-1-1'!C24 -> 0 | AI6: ='104905-9-1-1'!C25 -> 0 | AJ6: ='104905-9-1-1'!C26 -> 0 | AK6: ='104905-9-1-1'!C27 -> 0 | AL6: ='104905-9-1-1'!C28 -> 10486.55 | AN6: ='104905-9-1-1'!C30 -> 589150.49 | AO6: ='104905-9-1-1'!C31 -> 118.63 | AP6: ='104905-9-1-1'!C32 -> 0 | AQ6: ='104905-9-1-1'!C33 -> 589031.86 | AT6: ='104905-9-1-1'!C36 -> 0
A7: TOTAL CURRENT | B7: =SUM(Q1:Q59) -> 35436398 | N7: ='104906-SENIOR CITIZENS'!C4 -> 248381.75 | O7: ='104906-SENIOR CITIZENS'!C5 -> 72991.57 | P7: ='104906-SENIOR CITIZENS'!C6 -> 69984.59 | Q7: ='104906-SENIOR CITIZENS'!C7 -> 391357.91 | R7: ='104906-SENIOR CITIZENS'!C8 -> -2073.56 | S7: ='104906-SENIOR CITIZENS'!C9 -> 10729.16 | T7: ='104906-SENIOR CITIZENS'!C10 -> 378555.19 | W7: ='104906-SENIOR CITIZENS'!C13 -> 29415.44 | X7: ='104906-SENIOR CITIZENS'!C14 -> -0.71 | Y7: ='104906-SENIOR CITIZENS'!C15 -> 4496.33 | Z7: ='104906-SENIOR CITIZENS'!C16 -> 0 | AA7: ='104906-SENIOR CITIZENS'!C17 -> 3891.4 | AB7: ='104906-SENIOR CITIZENS'!C18 -> 0 | AC7: ='104906-SENIOR CITIZENS'!C19 -> 37802.46 | AD7: ='104906-SENIOR CITIZENS'!C20 -> 340752.73 | AG7: ='104906-SENIOR CITIZENS'!C23 -> 6507.27 | AH7: ='104906-SENIOR CITIZENS'!C24 -> 0 | AI7: ='104906-SENIOR CITIZENS'!C25 -> 0 | AJ7: ='104906-SENIOR CITIZENS'!C26 -> 0 | AK7: ='104906-SENIOR CITIZENS'!C27 -> 0 | AL7: ='104906-SENIOR CITIZENS'!C28 -> 6507.27 | AN7: ='104906-SENIOR CITIZENS'!C30 -> 334245.46 | AO7: ='104906-SENIOR CITIZENS'!C31 -> 57.99 | AP7: ='104906-SENIOR CITIZENS'!C32 -> 0 | AQ7: ='104906-SENIOR CITIZENS'!C33 -> 334187.47 | AT7: ='104906-SENIOR CITIZENS'!C36 -> 0
A8: TOTAL DELINQUENT | B8: =SUM(R1:R59) -> -85575.76 | N8: ='22590-JONATHAN ALDER LSD'!H4 -> 3889651.3 | O8: ='22590-JONATHAN ALDER LSD'!H5 -> 256819.94 | P8: ='22590-JONATHAN ALDER LSD'!H6 -> 172787.89 | Q8: ='22590-JONATHAN ALDER LSD'!H7 -> 4319259.1 | R8: ='22590-JONATHAN ALDER LSD'!H8 -> -25301.33 | S8: ='22590-JONATHAN ALDER LSD'!H9 -> 0 | T8: ='22590-JONATHAN ALDER LSD'!H10 -> 4293957.8 | W8: ='22590-JONATHAN ALDER LSD'!H13 -> 428834.8 | X8: ='22590-JONATHAN ALDER LSD'!H14 -> 0 | Y8: ='22590-JONATHAN ALDER LSD'!H15 -> 70373.43 | Z8: ='22590-JONATHAN ALDER LSD'!H16 -> 0 | AA8: ='22590-JONATHAN ALDER LSD'!H17 -> 47899.17 | AB8: ='22590-JONATHAN ALDER LSD'!H18 -> 0 | AC8: ='22590-JONATHAN ALDER LSD'!H19 -> 547107.4 | AD8: ='22590-JONATHAN ALDER LSD'!H20 -> 3746850.4 | AG8: ='22590-JONATHAN ALDER LSD'!H23 -> 75078.34 | AH8: ='22590-JONATHAN ALDER LSD'!H24 -> 0 | AI8: ='22590-JONATHAN ALDER LSD'!H25 -> 0 | AJ8: ='22590-JONATHAN ALDER LSD'!H26 -> 0 | AK8: ='22590-JONATHAN ALDER LSD'!H27 -> 0 | AL8: ='22590-JONATHAN ALDER LSD'!H28 -> 75078.34 | AN8: ='22590-JONATHAN ALDER LSD'!H30 -> 3671772.1 | AO8: ='22590-JONATHAN ALDER LSD'!H31 -> 133899 | AP8: ='22590-JONATHAN ALDER LSD'!H32 -> 2630851.2 | AQ8: ='22590-JONATHAN ALDER LSD'!H33 -> 907021.86 | AT8: ='22590-JONATHAN ALDER LSD'!H36 -> 845085.7
A9: LESS TIF COLLECTED | B9: =SUM(S1:S59) -> 799133.74 | N9: ='22960-LONDON CSD'!F4 -> 3261030.5 | O9: ='22960-LONDON CSD'!F5 -> 1013378.4 | P9: ='22960-LONDON CSD'!F6 -> 574386.64 | Q9: ='22960-LONDON CSD'!F7 -> 4848795.5 | R9: ='22960-LONDON CSD'!F8 -> -70481.77 | S9: ='22960-LONDON CSD'!F9 -> 60524.67 | T9: ='22960-LONDON CSD'!F10 -> 4717789.1 | W9: ='22960-LONDON CSD'!F13 -> 457781.03 | X9: ='22960-LONDON CSD'!F14 -> 0 | Y9: ='22960-LONDON CSD'!F15 -> 79742.22 | Z9: ='22960-LONDON CSD'!F16 -> 0 | AA9: ='22960-LONDON CSD'!F17 -> 79218.37 | AB9: ='22960-LONDON CSD'!F18 -> 0 | AC9: ='22960-LONDON CSD'!F19 -> 616741.62 | AD9: ='22960-LONDON CSD'!F20 -> 4101047.5 | AG9: ='22960-LONDON CSD'!F23 -> 82488.7 | AH9: ='22960-LONDON CSD'!F24 -> 0 | AI9: ='22960-LONDON CSD'!F25 -> 0 | AJ9: ='22960-LONDON CSD'!F26 -> 0 | AK9: ='22960-LONDON CSD'!F27 -> 0 | AL9: ='22960-LONDON CSD'!F28 -> 82488.7 | AN9: ='22960-LONDON CSD'!F30 -> 4018558.8 | AO9: ='22960-LONDON CSD'!F31 -> 125625.74 | AP9: ='22960-LONDON CSD'!F32 -> 0 | AQ9: ='22960-LONDON CSD'!F33 -> 3892933 | AT9: ='22960-LONDON CSD'!F36 -> 918995.64
A10: TOTAL COLLECTED | B10: =SUM(T1:T59) -> 34551689 | N10: ='23130-MADISON PLAINS LSD'!I4 -> 2887038.1 | O10: ='23130-MADISON PLAINS LSD'!I5 -> 250517.72 | P10: ='23130-MADISON PLAINS LSD'!I6 -> 2628255.5 | Q10: ='23130-MADISON PLAINS LSD'!I7 -> 5765811.3 | R10: ='23130-MADISON PLAINS LSD'!I8 -> 62331.42 | S10: ='23130-MADISON PLAINS LSD'!I9 -> 0 | T10: ='23130-MADISON PLAINS LSD'!I10 -> 5828142.8 | W10: ='23130-MADISON PLAINS LSD'!I13 -> 414744.94 | X10: ='23130-MADISON PLAINS LSD'!I14 -> -38.39 | Y10: ='23130-MADISON PLAINS LSD'!I15 -> 45074.14 | Z10: ='23130-MADISON PLAINS LSD'!I16 -> 0 | AA10: ='23130-MADISON PLAINS LSD'!I17 -> 47078.62 | AB10: ='23130-MADISON PLAINS LSD'!I18 -> 0 | AC10: ='23130-MADISON PLAINS LSD'!I19 -> 506859.31 | AD10: ='23130-MADISON PLAINS LSD'!I20 -> 5321283.4 | AG10: ='23130-MADISON PLAINS LSD'!I23 -> 95134.06 | AH10: ='23130-MADISON PLAINS LSD'!I24 -> 0 | AI10: ='23130-MADISON PLAINS LSD'!I25 -> 0 | AJ10: ='23130-MADISON PLAINS LSD'!I26 -> 0 | AK10: ='23130-MADISON PLAINS LSD'!I27 -> 0 | AL10: ='23130-MADISON PLAINS LSD'!I28 -> 95134.06 | AN10: ='23130-MADISON PLAINS LSD'!I30 -> 5226149.4 | AO10: ='23130-MADISON PLAINS LSD'!I31 -> 118086.99 | AP10: ='23130-MADISON PLAINS LSD'!I32 -> 0 | AQ10: ='23130-MADISON PLAINS LSD'!I33 -> 5108062.4 | AT10: ='23130-MADISON PLAINS LSD'!I36 -> 466283.02
N11: ='22540-JEFFERSON LSD (MADISON CO'!H4 -> 2468266 | O11: ='22540-JEFFERSON LSD (MADISON CO'!H5 -> 1319852.9 | P11: ='22540-JEFFERSON LSD (MADISON CO'!H6 -> 401212.42 | Q11: ='22540-JEFFERSON LSD (MADISON CO'!H7 -> 4189331.4 | R11: ='22540-JEFFERSON LSD (MADISON CO'!H8 -> -32816.3 | S11: ='22540-JEFFERSON LSD (MADISON CO'!H9 -> 361681.14 | T11: ='22540-JEFFERSON LSD (MADISON CO'!H10 -> 3794833.9 | W11: ='22540-JEFFERSON LSD (MADISON CO'!H13 -> 303303.82 | X11: ='22540-JEFFERSON LSD (MADISON CO'!H14 -> 0 | Y11: ='22540-JEFFERSON LSD (MADISON CO'!H15 -> 55361.51 | Z11: ='22540-JEFFERSON LSD (MADISON CO'!H16 -> 0 | AA11: ='22540-JEFFERSON LSD (MADISON CO'!H17 -> 59131.75 | AB11: ='22540-JEFFERSON LSD (MADISON CO'!H18 -> 0 | AC11: ='22540-JEFFERSON LSD (MADISON CO'!H19 -> 417797.08 | AD11: ='22540-JEFFERSON LSD (MADISON CO'!H20 -> 3377036.8 | AG11: ='22540-JEFFERSON LSD (MADISON CO'!H23 -> 66351.36 | AH11: ='22540-JEFFERSON LSD (MADISON CO'!H24 -> 0 | AI11: ='22540-JEFFERSON LSD (MADISON CO'!H25 -> 0 | AJ11: ='22540-JEFFERSON LSD (MADISON CO'!H26 -> 0 | AK11: ='22540-JEFFERSON LSD (MADISON CO'!H27 -> 0 | AL11: ='22540-JEFFERSON LSD (MADISON CO'!H28 -> 66351.36 | AN11: ='22540-JEFFERSON LSD (MADISON CO'!H30 -> 3310685.5 | AO11: ='22540-JEFFERSON LSD (MADISON CO'!H31 -> 72259.18 | AP11: ='22540-JEFFERSON LSD (MADISON CO'!H32 -> 0 | AQ11: ='22540-JEFFERSON LSD (MADISON CO'!H33 -> 3238426.3 | AT11: ='22540-JEFFERSON LSD (MADISON CO'!H36 -> 491165.76
A12: REIMBURSEMENTS | N12: ='25940-WESTFALL LSD'!H4 -> 5626.5 | O12: ='25940-WESTFALL LSD'!H5 -> 0 | P12: ='25940-WESTFALL LSD'!H6 -> 11.84 | Q12: ='25940-WESTFALL LSD'!H7 -> 5638.34 | R12: ='25940-WESTFALL LSD'!H8 -> -6.42 | S12: ='25940-WESTFALL LSD'!H9 -> 0 | T12: ='25940-WESTFALL LSD'!H10 -> 5631.92 | W12: ='25940-WESTFALL LSD'!H13 -> 571.71 | X12: ='25940-WESTFALL LSD'!H14 -> 0 | Y12: ='25940-WESTFALL LSD'!H15 -> 82.5 | Z12: ='25940-WESTFALL LSD'!H16 -> 0 | AA12: ='25940-WESTFALL LSD'!H17 -> 0 | AB12: ='25940-WESTFALL LSD'!H18 -> 0 | AC12: ='25940-WESTFALL LSD'!H19 -> 654.21 | AD12: ='25940-WESTFALL LSD'!H20 -> 4977.71 | AG12: ='25940-WESTFALL LSD'!H23 -> 98.49 | AH12: ='25940-WESTFALL LSD'!H24 -> 0 | AI12: ='25940-WESTFALL LSD'!H25 -> 0 | AJ12: ='25940-WESTFALL LSD'!H26 -> 0 | AK12: ='25940-WESTFALL LSD'!H27 -> 0 | AL12: ='25940-WESTFALL LSD'!H28 -> 98.49 | AN12: ='25940-WESTFALL LSD'!H30 -> 4879.22 | AO12: ='25940-WESTFALL LSD'!H31 -> 0 | AP12: ='25940-WESTFALL LSD'!H32 -> 0 | AQ12: ='25940-WESTFALL LSD'!H33 -> 4879.22 | AT12: ='25940-WESTFALL LSD'!H36 -> 489.56
A13: Non-Business Credit | B13: =SUM(W1:W59) -> 2526942.4 | N13: ='23380-MIAMI TRACE LSD'!N4 -> 31859.72 | O13: ='23380-MIAMI TRACE LSD'!N5 -> 0 | P13: ='23380-MIAMI TRACE LSD'!N6 -> 0 | Q13: ='23380-MIAMI TRACE LSD'!N7 -> 31859.72 | R13: ='23380-MIAMI TRACE LSD'!N8 -> 0 | S13: ='23380-MIAMI TRACE LSD'!N9 -> 0 | T13: ='23380-MIAMI TRACE LSD'!N10 -> 31859.72 | W13: ='23380-MIAMI TRACE LSD'!N13 -> 2916.72 | X13: ='23380-MIAMI TRACE LSD'!N14 -> 0 | Y13: ='23380-MIAMI TRACE LSD'!N15 -> 358.15 | Z13: ='23380-MIAMI TRACE LSD'!N16 -> 0 | AA13: ='23380-MIAMI TRACE LSD'!N17 -> 536.48 | AB13: ='23380-MIAMI TRACE LSD'!N18 -> 0 | AC13: ='23380-MIAMI TRACE LSD'!N19 -> 3811.35 | AD13: ='23380-MIAMI TRACE LSD'!N20 -> 28048.37 | AG13: ='23380-MIAMI TRACE LSD'!N23 -> 557.1 | AH13: ='23380-MIAMI TRACE LSD'!N24 -> 0 | AI13: ='23380-MIAMI TRACE LSD'!N25 -> 0 | AJ13: ='23380-MIAMI TRACE LSD'!N26 -> 0 | AK13: ='23380-MIAMI TRACE LSD'!N27 -> 0 | AL13: ='23380-MIAMI TRACE LSD'!N28 -> 557.1 | AN13: ='23380-MIAMI TRACE LSD'!N30 -> 27491.27 | AO13: ='23380-MIAMI TRACE LSD'!N31 -> 0 | AP13: ='23380-MIAMI TRACE LSD'!N32 -> 0 | AQ13: ='23380-MIAMI TRACE LSD'!N33 -> 27491.27 | AT13: ='23380-MIAMI TRACE LSD'!N36 -> 0
A14: Non-Business Credit Delinquent | B14: =SUM(X1:X59) -> -55.24 | N14: ='23320-MECHANICSBURG EVSD'!I4 -> 53365.62 | O14: ='23320-MECHANICSBURG EVSD'!I5 -> 0 | P14: ='23320-MECHANICSBURG EVSD'!I6 -> 3252.26 | Q14: ='23320-MECHANICSBURG EVSD'!I7 -> 56617.88 | R14: ='23320-MECHANICSBURG EVSD'!I8 -> 760.8 | S14: ='23320-MECHANICSBURG EVSD'!I9 -> 0 | T14: ='23320-MECHANICSBURG EVSD'!I10 -> 57378.68 | W14: ='23320-MECHANICSBURG EVSD'!I13 -> 8331.51 | X14: ='23320-MECHANICSBURG EVSD'!I14 -> 0 | Y14: ='23320-MECHANICSBURG EVSD'!I15 -> 495.25 | Z14: ='23320-MECHANICSBURG EVSD'!I16 -> 0 | AA14: ='23320-MECHANICSBURG EVSD'!I17 -> 813.82 | AB14: ='23320-MECHANICSBURG EVSD'!I18 -> 0 | AC14: ='23320-MECHANICSBURG EVSD'!I19 -> 9640.58 | AD14: ='23320-MECHANICSBURG EVSD'!I20 -> 47738.1 | AG14: ='23320-MECHANICSBURG EVSD'!I23 -> 1003.3 | AH14: ='23320-MECHANICSBURG EVSD'!I24 -> 0 | AI14: ='23320-MECHANICSBURG EVSD'!I25 -> 0 | AJ14: ='23320-MECHANICSBURG EVSD'!I26 -> 0 | AK14: ='23320-MECHANICSBURG EVSD'!I27 -> 0 | AL14: ='23320-MECHANICSBURG EVSD'!I28 -> 1003.3 | AN14: ='23320-MECHANICSBURG EVSD'!I30 -> 46734.8 | AO14: ='23320-MECHANICSBURG EVSD'!I31 -> 3584.66 | AP14: ='23320-MECHANICSBURG EVSD'!I32 -> 0 | AQ14: ='23320-MECHANICSBURG EVSD'!I33 -> 43150.14 | AT14: ='23320-MECHANICSBURG EVSD'!I36 -> 21422.46
A15: Owner-Occupancy Credit | B15: =SUM(Y1:Y59) -> 389909.98 | N15: ='21700-FAIRBANKS LSD'!G4 -> 256070.52 | O15: ='21700-FAIRBANKS LSD'!G5 -> 140.98 | P15: ='21700-FAIRBANKS LSD'!G6 -> 20222.38 | Q15: ='21700-FAIRBANKS LSD'!G7 -> 276433.88 | R15: ='21700-FAIRBANKS LSD'!G8 -> 1929.91 | S15: ='21700-FAIRBANKS LSD'!G9 -> 0 | T15: ='21700-FAIRBANKS LSD'!G10 -> 278363.79 | W15: ='21700-FAIRBANKS LSD'!G13 -> 43963.31 | X15: ='21700-FAIRBANKS LSD'!G14 -> 0 | Y15: ='21700-FAIRBANKS LSD'!G15 -> 3313.43 | Z15: ='21700-FAIRBANKS LSD'!G16 -> 0 | AA15: ='21700-FAIRBANKS LSD'!G17 -> 2589.11 | AB15: ='21700-FAIRBANKS LSD'!G18 -> 0 | AC15: ='21700-FAIRBANKS LSD'!G19 -> 49865.85 | AD15: ='21700-FAIRBANKS LSD'!G20 -> 228497.94 | AG15: ='21700-FAIRBANKS LSD'!G23 -> 4867.09 | AH15: ='21700-FAIRBANKS LSD'!G24 -> 0 | AI15: ='21700-FAIRBANKS LSD'!G25 -> 0 | AJ15: ='21700-FAIRBANKS LSD'!G26 -> 0 | AK15: ='21700-FAIRBANKS LSD'!G27 -> 0 | AL15: ='21700-FAIRBANKS LSD'!G28 -> 4867.09 | AN15: ='21700-FAIRBANKS LSD'!G30 -> 223630.85 | AO15: ='21700-FAIRBANKS LSD'!G31 -> 30946 | AP15: ='21700-FAIRBANKS LSD'!G32 -> 0 | AQ15: ='21700-FAIRBANKS LSD'!G33 -> 192684.85 | AT15: ='21700-FAIRBANKS LSD'!G36 -> 116371.48
A16: Owner-Occupancy Credit Delinquent | B16: =SUM(Z1:Z59) -> 0 | N16: ='30070-TOLLES CAREER & TECHNICAL'!C4 -> 812014.51 | O16: ='30070-TOLLES CAREER & TECHNICAL'!C5 -> 185845.05 | P16: ='30070-TOLLES CAREER & TECHNICAL'!C6 -> 157305.85 | Q16: ='30070-TOLLES CAREER & TECHNICAL'!C7 -> 1155165.4 | R16: ='30070-TOLLES CAREER & TECHNICAL'!C8 -> 3237.17 | S16: ='30070-TOLLES CAREER & TECHNICAL'!C9 -> 27317.67 | T16: ='30070-TOLLES CAREER & TECHNICAL'!C10 -> 1131084.9 | W16: ='30070-TOLLES CAREER & TECHNICAL'!C13 -> 136358.91 | X16: ='30070-TOLLES CAREER & TECHNICAL'!C14 -> -3.33 | Y16: ='30070-TOLLES CAREER & TECHNICAL'!C15 -> 20898.68 | Z16: ='30070-TOLLES CAREER & TECHNICAL'!C16 -> 0 | AA16: ='30070-TOLLES CAREER & TECHNICAL'!C17 -> 18068.32 | AB16: ='30070-TOLLES CAREER & TECHNICAL'!C18 -> 0 | AC16: ='30070-TOLLES CAREER & TECHNICAL'!C19 -> 175322.58 | AD16: ='30070-TOLLES CAREER & TECHNICAL'!C20 -> 955762.33 | AG16: ='30070-TOLLES CAREER & TECHNICAL'!C23 -> 19525.05 | AH16: ='30070-TOLLES CAREER & TECHNICAL'!C24 -> 0 | AI16: ='30070-TOLLES CAREER & TECHNICAL'!C25 -> 0 | AJ16: ='30070-TOLLES CAREER & TECHNICAL'!C26 -> 0 | AK16: ='30070-TOLLES CAREER & TECHNICAL'!C27 -> 0 | AL16: ='30070-TOLLES CAREER & TECHNICAL'!C28 -> 19525.05 | AN16: ='30070-TOLLES CAREER & TECHNICAL'!C30 -> 936237.28 | AO16: ='30070-TOLLES CAREER & TECHNICAL'!C31 -> 75579.75 | AP16: ='30070-TOLLES CAREER & TECHNICAL'!C32 -> 184198.89 | AQ16: ='30070-TOLLES CAREER & TECHNICAL'!C33 -> 676458.64 | AT16: ='30070-TOLLES CAREER & TECHNICAL'!C36 -> 426468.96
A17: Homestead | B17: =SUM(AA1:AA59) -> 422988.16 | N17: ='30310-PICKAWAY-ROSS COUNTY JVSD'!E4 -> 403.7 | O17: ='30310-PICKAWAY-ROSS COUNTY JVSD'!E5 -> 0 | P17: ='30310-PICKAWAY-ROSS COUNTY JVSD'!E6 -> 1.54 | Q17: ='30310-PICKAWAY-ROSS COUNTY JVSD'!E7 -> 405.24 | R17: ='30310-PICKAWAY-ROSS COUNTY JVSD'!E8 -> -0.82 | S17: ='30310-PICKAWAY-ROSS COUNTY JVSD'!E9 -> 0 | T17: ='30310-PICKAWAY-ROSS COUNTY JVSD'!E10 -> 404.42 | W17: ='30310-PICKAWAY-ROSS COUNTY JVSD'!E13 -> 53.18 | X17: ='30310-PICKAWAY-ROSS COUNTY JVSD'!E14 -> 0 | Y17: ='30310-PICKAWAY-ROSS COUNTY JVSD'!E15 -> 7.66 | Z17: ='30310-PICKAWAY-ROSS COUNTY JVSD'!E16 -> 0 | AA17: ='30310-PICKAWAY-ROSS COUNTY JVSD'!E17 -> 0 | AB17: ='30310-PICKAWAY-ROSS COUNTY JVSD'!E18 -> 0 | AC17: ='30310-PICKAWAY-ROSS COUNTY JVSD'!E19 -> 60.84 | AD17: ='30310-PICKAWAY-ROSS COUNTY JVSD'!E20 -> 343.58 | AG17: ='30310-PICKAWAY-ROSS COUNTY JVSD'!E23 -> 7.06 | AH17: ='30310-PICKAWAY-ROSS COUNTY JVSD'!E24 -> 0 | AI17: ='30310-PICKAWAY-ROSS COUNTY JVSD'!E25 -> 0 | AJ17: ='30310-PICKAWAY-ROSS COUNTY JVSD'!E26 -> 0 | AK17: ='30310-PICKAWAY-ROSS COUNTY JVSD'!E27 -> 0 | AL17: ='30310-PICKAWAY-ROSS COUNTY JVSD'!E28 -> 7.06 | AN17: ='30310-PICKAWAY-ROSS COUNTY JVSD'!E30 -> 336.52 | AO17: ='30310-PICKAWAY-ROSS COUNTY JVSD'!E31 -> 0 | AP17: ='30310-PICKAWAY-ROSS COUNTY JVSD'!E32 -> 0 | AQ17: ='30310-PICKAWAY-ROSS COUNTY JVSD'!E33 -> 336.52 | AT17: ='30310-PICKAWAY-ROSS COUNTY JVSD'!E36 -> 127.98
A18: Homestead Delinquent | B18: =SUM(AB1:AB59) -> 0 | N18: ='30160-GREAT OAKS JVSD'!C4 -> 1490.26 | O18: ='30160-GREAT OAKS JVSD'!C5 -> 0 | P18: ='30160-GREAT OAKS JVSD'!C6 -> 0 | Q18: ='30160-GREAT OAKS JVSD'!C7 -> 1490.26 | R18: ='30160-GREAT OAKS JVSD'!C8 -> 0 | S18: ='30160-GREAT OAKS JVSD'!C9 -> 0 | T18: ='30160-GREAT OAKS JVSD'!C10 -> 1490.26 | W18: ='30160-GREAT OAKS JVSD'!C13 -> 214.32 | X18: ='30160-GREAT OAKS JVSD'!C14 -> 0 | Y18: ='30160-GREAT OAKS JVSD'!C15 -> 26.33 | Z18: ='30160-GREAT OAKS JVSD'!C16 -> 0 | AA18: ='30160-GREAT OAKS JVSD'!C17 -> 35.52 | AB18: ='30160-GREAT OAKS JVSD'!C18 -> 0 | AC18: ='30160-GREAT OAKS JVSD'!C19 -> 276.17 | AD18: ='30160-GREAT OAKS JVSD'!C20 -> 1214.09 | AG18: ='30160-GREAT OAKS JVSD'!C23 -> 26.06 | AH18: ='30160-GREAT OAKS JVSD'!C24 -> 0 | AI18: ='30160-GREAT OAKS JVSD'!C25 -> 0 | AJ18: ='30160-GREAT OAKS JVSD'!C26 -> 0 | AK18: ='30160-GREAT OAKS JVSD'!C27 -> 0 | AL18: ='30160-GREAT OAKS JVSD'!C28 -> 26.06 | AN18: ='30160-GREAT OAKS JVSD'!C30 -> 1188.03 | AO18: ='30160-GREAT OAKS JVSD'!C31 -> 83.8 | AP18: ='30160-GREAT OAKS JVSD'!C32 -> 0 | AQ18: ='30160-GREAT OAKS JVSD'!C33 -> 1104.23 | AT18: ='30160-GREAT OAKS JVSD'!C36 -> 729.7
A19: TOTAL REIMBURSEMENTS | B19: =SUM(AC1:AC59) -> 3339785.3 | N19: ='30290-OHIO HI-POINT JVSD'!D4 -> 4092.9 | O19: ='30290-OHIO HI-POINT JVSD'!D5 -> 0 | P19: ='30290-OHIO HI-POINT JVSD'!D6 -> 229.78 | Q19: ='30290-OHIO HI-POINT JVSD'!D7 -> 4322.68 | R19: ='30290-OHIO HI-POINT JVSD'!D8 -> 69.78 | S19: ='30290-OHIO HI-POINT JVSD'!D9 -> 0 | T19: ='30290-OHIO HI-POINT JVSD'!D10 -> 4392.46 | W19: ='30290-OHIO HI-POINT JVSD'!D13 -> 636.52 | X19: ='30290-OHIO HI-POINT JVSD'!D14 -> 0 | Y19: ='30290-OHIO HI-POINT JVSD'!D15 -> 37.83 | Z19: ='30290-OHIO HI-POINT JVSD'!D16 -> 0 | AA19: ='30290-OHIO HI-POINT JVSD'!D17 -> 74.76 | AB19: ='30290-OHIO HI-POINT JVSD'!D18 -> 0 | AC19: ='30290-OHIO HI-POINT JVSD'!D19 -> 749.11 | AD19: ='30290-OHIO HI-POINT JVSD'!D20 -> 3643.35 | AG19: ='30290-OHIO HI-POINT JVSD'!D23 -> 76.8 | AH19: ='30290-OHIO HI-POINT JVSD'!D24 -> 0 | AI19: ='30290-OHIO HI-POINT JVSD'!D25 -> 0 | AJ19: ='30290-OHIO HI-POINT JVSD'!D26 -> 0 | AK19: ='30290-OHIO HI-POINT JVSD'!D27 -> 0 | AL19: ='30290-OHIO HI-POINT JVSD'!D28 -> 76.8 | AN19: ='30290-OHIO HI-POINT JVSD'!D30 -> 3566.55 | AO19: ='30290-OHIO HI-POINT JVSD'!D31 -> 462.36 | AP19: ='30290-OHIO HI-POINT JVSD'!D32 -> 0 | AQ19: ='30290-OHIO HI-POINT JVSD'!D33 -> 3104.19 | AT19: ='30290-OHIO HI-POINT JVSD'!D36 -> 2763.26
A20: TOTAL DISTRIBUTION | B20: =SUM(AD1:AD59) -> 31211904
A22: DEDUCTIONS
A23: Aud. And Treas. Fees | B23: =SUM(AG1:AG59) -> 592802.49
A24: DETAC Fee | B24: =SUM(AH1:AH59) -> 0
A25: Delinquent Advertising | B25: =SUM(AI1:AI59) -> 0 | N25: ='40891-CANAAN TWP'!C4 -> 69735.54 | O25: ='40891-CANAAN TWP'!C5 -> 1001.23 | P25: ='40891-CANAAN TWP'!C6 -> 2497.17 | Q25: ='40891-CANAAN TWP'!C7 -> 73233.94 | R25: ='40891-CANAAN TWP'!C8 -> -76.44 | S25: ='40891-CANAAN TWP'!C9 -> 0 | T25: ='40891-CANAAN TWP'!C10 -> 73157.5 | W25: ='40891-CANAAN TWP'!C13 -> 8682.69 | X25: ='40891-CANAAN TWP'!C14 -> 0 | Y25: ='40891-CANAAN TWP'!C15 -> 1331.16 | Z25: ='40891-CANAAN TWP'!C16 -> 0 | AA25: ='40891-CANAAN TWP'!C17 -> 779.22 | AB25: ='40891-CANAAN TWP'!C18 -> 0 | AC25: ='40891-CANAAN TWP'!C19 -> 10793.07 | AD25: ='40891-CANAAN TWP'!C20 -> 62364.43 | AG25: ='40891-CANAAN TWP'!C23 -> 1279.14 | AH25: ='40891-CANAAN TWP'!C24 -> 0 | AI25: ='40891-CANAAN TWP'!C25 -> 0 | AJ25: ='40891-CANAAN TWP'!C26 -> 0 | AK25: ='40891-CANAAN TWP'!C27 -> 0 | AL25: ='40891-CANAAN TWP'!C28 -> 1279.14 | AN25: ='40891-CANAAN TWP'!C30 -> 61085.29 | AO25: ='40891-CANAAN TWP'!C31 -> 0 | AP25: ='40891-CANAAN TWP'!C32 -> 0 | AQ25: ='40891-CANAAN TWP'!C33 -> 61085.29 | AT25: ='40891-CANAAN TWP'!C36 -> 0
A26: Tax Collector Salary | B26: =SUM(AJ1:AJ59) -> 0 | N26: ='41410-DARBY TWP'!G4 -> 178595.66 | O26: ='41410-DARBY TWP'!G5 -> 22022.3 | P26: ='41410-DARBY TWP'!G6 -> 5811.84 | Q26: ='41410-DARBY TWP'!G7 -> 206429.8 | R26: ='41410-DARBY TWP'!G8 -> -1807.56 | S26: ='41410-DARBY TWP'!G9 -> 0 | T26: ='41410-DARBY TWP'!G10 -> 204622.24 | W26: ='41410-DARBY TWP'!G13 -> 6081.83 | X26: ='41410-DARBY TWP'!G14 -> 0 | Y26: ='41410-DARBY TWP'!G15 -> 1054.61 | Z26: ='41410-DARBY TWP'!G16 -> 0 | AA26: ='41410-DARBY TWP'!G17 -> 1953.1 | AB26: ='41410-DARBY TWP'!G18 -> 0 | AC26: ='41410-DARBY TWP'!G19 -> 9089.54 | AD26: ='41410-DARBY TWP'!G20 -> 195532.7 | AG26: ='41410-DARBY TWP'!G23 -> 3577.74 | AH26: ='41410-DARBY TWP'!G24 -> 0 | AI26: ='41410-DARBY TWP'!G25 -> 0 | AJ26: ='41410-DARBY TWP'!G26 -> 0 | AK26: ='41410-DARBY TWP'!G27 -> 0 | AL26: ='41410-DARBY TWP'!G28 -> 3577.74 | AN26: ='41410-DARBY TWP'!G30 -> 191954.96 | AO26: ='41410-DARBY TWP'!G31 -> 40.56 | AP26: ='41410-DARBY TWP'!G32 -> 0 | AQ26: ='41410-DARBY TWP'!G33 -> 191914.4 | AT26: ='41410-DARBY TWP'!G36 -> 0
A27: Board of Election | B27: =SUM(AK1:AK59) -> 0 | N27: ='41430-DEER CREEK TWP'!C4 -> 25768.91 | O27: ='41430-DEER CREEK TWP'!C5 -> 5405.25 | P27: ='41430-DEER CREEK TWP'!C6 -> 2847.1 | Q27: ='41430-DEER CREEK TWP'!C7 -> 34021.26 | R27: ='41430-DEER CREEK TWP'!C8 -> -169.93 | S27: ='41430-DEER CREEK TWP'!C9 -> 358.85 | T27: ='41430-DEER CREEK TWP'!C10 -> 33492.48 | W27: ='41430-DEER CREEK TWP'!C13 -> 3106.34 | X27: ='41430-DEER CREEK TWP'!C14 -> 0 | Y27: ='41430-DEER CREEK TWP'!C15 -> 355.12 | Z27: ='41430-DEER CREEK TWP'!C16 -> 0 | AA27: ='41430-DEER CREEK TWP'!C17 -> 465.64 | AB27: ='41430-DEER CREEK TWP'!C18 -> 0 | AC27: ='41430-DEER CREEK TWP'!C19 -> 3927.1 | AD27: ='41430-DEER CREEK TWP'!C20 -> 29565.38 | AG27: ='41430-DEER CREEK TWP'!C23 -> 585.58 | AH27: ='41430-DEER CREEK TWP'!C24 -> 0 | AI27: ='41430-DEER CREEK TWP'!C25 -> 0 | AJ27: ='41430-DEER CREEK TWP'!C26 -> 0 | AK27: ='41430-DEER CREEK TWP'!C27 -> 0 | AL27: ='41430-DEER CREEK TWP'!C28 -> 585.58 | AN27: ='41430-DEER CREEK TWP'!C30 -> 28979.8 | AO27: ='41430-DEER CREEK TWP'!C31 -> 12.44 | AP27: ='41430-DEER CREEK TWP'!C32 -> 0 | AQ27: ='41430-DEER CREEK TWP'!C33 -> 28967.36 | AT27: ='41430-DEER CREEK TWP'!C36 -> 0
A28: TOTAL DEDUCTIONS | B28: =SUM(AL1:AL59) -> 592802.49 | N28: ='41734-FAIRFIELD TWP'!F4 -> 131786.76 | O28: ='41734-FAIRFIELD TWP'!F5 -> 672.32 | P28: ='41734-FAIRFIELD TWP'!F6 -> 8099.11 | Q28: ='41734-FAIRFIELD TWP'!F7 -> 140558.19 | R28: ='41734-FAIRFIELD TWP'!F8 -> 685.35 | S28: ='41734-FAIRFIELD TWP'!F9 -> 0 | T28: ='41734-FAIRFIELD TWP'!F10 -> 141243.54 | W28: ='41734-FAIRFIELD TWP'!F13 -> 11869.43 | X28: ='41734-FAIRFIELD TWP'!F14 -> 0 | Y28: ='41734-FAIRFIELD TWP'!F15 -> 1664.9 | Z28: ='41734-FAIRFIELD TWP'!F16 -> 0 | AA28: ='41734-FAIRFIELD TWP'!F17 -> 2301.22 | AB28: ='41734-FAIRFIELD TWP'!F18 -> 0 | AC28: ='41734-FAIRFIELD TWP'!F19 -> 15835.55 | AD28: ='41734-FAIRFIELD TWP'!F20 -> 125407.99 | AG28: ='41734-FAIRFIELD TWP'!F23 -> 4849.43 | AH28: ='41734-FAIRFIELD TWP'!F24 -> 0 | AI28: ='41734-FAIRFIELD TWP'!F25 -> 0 | AJ28: ='41734-FAIRFIELD TWP'!F26 -> 0 | AK28: ='41734-FAIRFIELD TWP'!F27 -> 0 | AL28: ='41734-FAIRFIELD TWP'!F28 -> 4849.43 | AN28: ='41734-FAIRFIELD TWP'!F30 -> 120558.56 | AO28: ='41734-FAIRFIELD TWP'!F31 -> 90.77 | AP28: ='41734-FAIRFIELD TWP'!F32 -> 0 | AQ28: ='41734-FAIRFIELD TWP'!F33 -> 120467.79 | AT28: ='41734-FAIRFIELD TWP'!F36 -> 0
N29: ='47058-JEFFERSON TWP'!F4 -> 1034189.9 | O29: ='47058-JEFFERSON TWP'!F5 -> 598254.48 | P29: ='47058-JEFFERSON TWP'!F6 -> 199564.2 | Q29: ='47058-JEFFERSON TWP'!F7 -> 1832008.5 | R29: ='47058-JEFFERSON TWP'!F8 -> -19408.05 | S29: ='47058-JEFFERSON TWP'!F9 -> 162141.69 | T29: ='47058-JEFFERSON TWP'!F10 -> 1650458.8 | W29: ='47058-JEFFERSON TWP'!F13 -> 89534.2 | X29: ='47058-JEFFERSON TWP'!F14 -> 0 | Y29: ='47058-JEFFERSON TWP'!F15 -> 16198.82 | Z29: ='47058-JEFFERSON TWP'!F16 -> 0 | AA29: ='47058-JEFFERSON TWP'!F17 -> 21285.74 | AB29: ='47058-JEFFERSON TWP'!F18 -> 0 | AC29: ='47058-JEFFERSON TWP'!F19 -> 127018.76 | AD29: ='47058-JEFFERSON TWP'!F20 -> 1523440 | AG29: ='47058-JEFFERSON TWP'!F23 -> 28857.67 | AH29: ='47058-JEFFERSON TWP'!F24 -> 0 | AI29: ='47058-JEFFERSON TWP'!F25 -> 0 | AJ29: ='47058-JEFFERSON TWP'!F26 -> 0 | AK29: ='47058-JEFFERSON TWP'!F27 -> 0 | AL29: ='47058-JEFFERSON TWP'!F28 -> 28857.67 | AN29: ='47058-JEFFERSON TWP'!F30 -> 1494582.4 | AO29: ='47058-JEFFERSON TWP'!F31 -> 86.28 | AP29: ='47058-JEFFERSON TWP'!F32 -> 0 | AQ29: ='47058-JEFFERSON TWP'!F33 -> 1494496.1 | AT29: ='47058-JEFFERSON TWP'!F36 -> 0
A30: BALANCES | B30: =SUM(AN1:AN59) -> 30619101
A31: Less Refunds | B31: =SUM(AO1:AO59) -> 562982.02 | N31: ='47101-MONROE TWP'!C4 -> 34036.52 | O31: ='47101-MONROE TWP'!C5 -> 463.5 | P31: ='47101-MONROE TWP'!C6 -> 1061.07 | Q31: ='47101-MONROE TWP'!C7 -> 35561.09 | R31: ='47101-MONROE TWP'!C8 -> 106.73 | S31: ='47101-MONROE TWP'!C9 -> 0 | T31: ='47101-MONROE TWP'!C10 -> 35667.82 | W31: ='47101-MONROE TWP'!C13 -> 3988.06 | X31: ='47101-MONROE TWP'!C14 -> 0 | Y31: ='47101-MONROE TWP'!C15 -> 584.43 | Z31: ='47101-MONROE TWP'!C16 -> 0 | AA31: ='47101-MONROE TWP'!C17 -> 352.98 | AB31: ='47101-MONROE TWP'!C18 -> 0 | AC31: ='47101-MONROE TWP'!C19 -> 4925.47 | AD31: ='47101-MONROE TWP'!C20 -> 30742.35 | AG31: ='47101-MONROE TWP'!C23 -> 623.62 | AH31: ='47101-MONROE TWP'!C24 -> 0 | AI31: ='47101-MONROE TWP'!C25 -> 0 | AJ31: ='47101-MONROE TWP'!C26 -> 0 | AK31: ='47101-MONROE TWP'!C27 -> 0 | AL31: ='47101-MONROE TWP'!C28 -> 623.62 | AN31: ='47101-MONROE TWP'!C30 -> 30118.73 | AO31: ='47101-MONROE TWP'!C31 -> 0 | AP31: ='47101-MONROE TWP'!C32 -> 0 | AQ31: ='47101-MONROE TWP'!C33 -> 30118.73 | AT31: ='47101-MONROE TWP'!C36 -> 0
A32: Less Advances | B32: =SUM(AP1:AP59) -> 2815050.1 | N32: ='43900-OAK RUN TWP'!C4 -> 20596.49 | O32: ='43900-OAK RUN TWP'!C5 -> 103.14 | P32: ='43900-OAK RUN TWP'!C6 -> 29503.08 | Q32: ='43900-OAK RUN TWP'!C7 -> 50202.71 | R32: ='43900-OAK RUN TWP'!C8 -> 152.86 | S32: ='43900-OAK RUN TWP'!C9 -> 0 | T32: ='43900-OAK RUN TWP'!C10 -> 50355.57 | W32: ='43900-OAK RUN TWP'!C13 -> 2655.41 | X32: ='43900-OAK RUN TWP'!C14 -> -2.59 | Y32: ='43900-OAK RUN TWP'!C15 -> 290.07 | Z32: ='43900-OAK RUN TWP'!C16 -> 0 | AA32: ='43900-OAK RUN TWP'!C17 -> 211.92 | AB32: ='43900-OAK RUN TWP'!C18 -> 0 | AC32: ='43900-OAK RUN TWP'!C19 -> 3154.81 | AD32: ='43900-OAK RUN TWP'!C20 -> 47200.76 | AG32: ='43900-OAK RUN TWP'!C23 -> 468.63 | AH32: ='43900-OAK RUN TWP'!C24 -> 0 | AI32: ='43900-OAK RUN TWP'!C25 -> 0 | AJ32: ='43900-OAK RUN TWP'!C26 -> 0 | AK32: ='43900-OAK RUN TWP'!C27 -> 0 | AL32: ='43900-OAK RUN TWP'!C28 -> 468.63 | AN32: ='43900-OAK RUN TWP'!C30 -> 46732.13 | AO32: ='43900-OAK RUN TWP'!C31 -> 47.19 | AP32: ='43900-OAK RUN TWP'!C32 -> 0 | AQ32: ='43900-OAK RUN TWP'!C33 -> 46684.94 | AT32: ='43900-OAK RUN TWP'!C36 -> 0
A33: NET DISTRIBUTION | B33: =SUM(AQ1:AQ59) -> 27241069 | N33: ='44013-PAINT TWP'!F4 -> 42783.9 | O33: ='44013-PAINT TWP'!F5 -> 404.71 | P33: ='44013-PAINT TWP'!F6 -> 7975.36 | Q33: ='44013-PAINT TWP'!F7 -> 51163.97 | R33: ='44013-PAINT TWP'!F8 -> -116.76 | S33: ='44013-PAINT TWP'!F9 -> 0 | T33: ='44013-PAINT TWP'!F10 -> 51047.21 | W33: ='44013-PAINT TWP'!F13 -> 4486.26 | X33: ='44013-PAINT TWP'!F14 -> 0 | Y33: ='44013-PAINT TWP'!F15 -> 307.65 | Z33: ='44013-PAINT TWP'!F16 -> 0 | AA33: ='44013-PAINT TWP'!F17 -> 461.16 | AB33: ='44013-PAINT TWP'!F18 -> 0 | AC33: ='44013-PAINT TWP'!F19 -> 5255.07 | AD33: ='44013-PAINT TWP'!F20 -> 45792.14 | AG33: ='44013-PAINT TWP'!F23 -> 892.52 | AH33: ='44013-PAINT TWP'!F24 -> 0 | AI33: ='44013-PAINT TWP'!F25 -> 0 | AJ33: ='44013-PAINT TWP'!F26 -> 0 | AK33: ='44013-PAINT TWP'!F27 -> 0 | AL33: ='44013-PAINT TWP'!F28 -> 892.52 | AN33: ='44013-PAINT TWP'!F30 -> 44899.62 | AO33: ='44013-PAINT TWP'!F31 -> 0 | AP33: ='44013-PAINT TWP'!F32 -> 0 | AQ33: ='44013-PAINT TWP'!F33 -> 44899.62 | AT33: ='44013-PAINT TWP'!F36 -> 0
N34: ='44215-PIKE TWP'!E4 -> 31806.83 | O34: ='44215-PIKE TWP'!E5 -> 22.87 | P34: ='44215-PIKE TWP'!E6 -> 2420.77 | Q34: ='44215-PIKE TWP'!E7 -> 34250.47 | R34: ='44215-PIKE TWP'!E8 -> 179.32 | S34: ='44215-PIKE TWP'!E9 -> 0 | T34: ='44215-PIKE TWP'!E10 -> 34429.79 | W34: ='44215-PIKE TWP'!E13 -> 3803.19 | X34: ='44215-PIKE TWP'!E14 -> 0 | Y34: ='44215-PIKE TWP'!E15 -> 276.27 | Z34: ='44215-PIKE TWP'!E16 -> 0 | AA34: ='44215-PIKE TWP'!E17 -> 222.11 | AB34: ='44215-PIKE TWP'!E18 -> 0 | AC34: ='44215-PIKE TWP'!E19 -> 4301.57 | AD34: ='44215-PIKE TWP'!E20 -> 30128.22 | AG34: ='44215-PIKE TWP'!E23 -> 601.98 | AH34: ='44215-PIKE TWP'!E24 -> 0 | AI34: ='44215-PIKE TWP'!E25 -> 0 | AJ34: ='44215-PIKE TWP'!E26 -> 0 | AK34: ='44215-PIKE TWP'!E27 -> 0 | AL34: ='44215-PIKE TWP'!E28 -> 601.98 | AN34: ='44215-PIKE TWP'!E30 -> 29526.24 | AO34: ='44215-PIKE TWP'!E31 -> 0 | AP34: ='44215-PIKE TWP'!E32 -> 0 | AQ34: ='44215-PIKE TWP'!E33 -> 29526.24 | AT34: ='44215-PIKE TWP'!E36 -> 0
A35: OTHER | N35: ='44259-PLEASANT TWP'!F4 -> 31741.34 | O35: ='44259-PLEASANT TWP'!F5 -> 3900.9 | P35: ='44259-PLEASANT TWP'!F6 -> 8375.98 | Q35: ='44259-PLEASANT TWP'!F7 -> 44018.22 | R35: ='44259-PLEASANT TWP'!F8 -> 380.32 | S35: ='44259-PLEASANT TWP'!F9 -> 0 | T35: ='44259-PLEASANT TWP'!F10 -> 44398.54 | W35: ='44259-PLEASANT TWP'!F13 -> 2207.51 | X35: ='44259-PLEASANT TWP'!F14 -> 0 | Y35: ='44259-PLEASANT TWP'!F15 -> 311.49 | Z35: ='44259-PLEASANT TWP'!F16 -> 0 | AA35: ='44259-PLEASANT TWP'!F17 -> 598.1 | AB35: ='44259-PLEASANT TWP'!F18 -> 0 | AC35: ='44259-PLEASANT TWP'!F19 -> 3117.1 | AD35: ='44259-PLEASANT TWP'!F20 -> 41281.44 | AG35: ='44259-PLEASANT TWP'!F23 -> 726.53 | AH35: ='44259-PLEASANT TWP'!F24 -> 0 | AI35: ='44259-PLEASANT TWP'!F25 -> 0 | AJ35: ='44259-PLEASANT TWP'!F26 -> 0 | AK35: ='44259-PLEASANT TWP'!F27 -> 0 | AL35: ='44259-PLEASANT TWP'!F28 -> 726.53 | AN35: ='44259-PLEASANT TWP'!F30 -> 40554.91 | AO35: ='44259-PLEASANT TWP'!F31 -> 7.08 | AP35: ='44259-PLEASANT TWP'!F32 -> 0 | AQ35: ='44259-PLEASANT TWP'!F33 -> 40547.83 | AT35: ='44259-PLEASANT TWP'!F36 -> 0
A36: Inflation Cap Credit | B36: =SUM(AT1:AT59) -> 3289903.5
N37: ='44410-RANGE TWP'!K4 -> 98702.72 | O37: ='44410-RANGE TWP'!K5 -> 2735.77 | P37: ='44410-RANGE TWP'!K6 -> 89617.22 | Q37: ='44410-RANGE TWP'!K7 -> 191055.71 | R37: ='44410-RANGE TWP'!K8 -> 262.3 | S37: ='44410-RANGE TWP'!K9 -> 0 | T37: ='44410-RANGE TWP'!K10 -> 191318.01 | W37: ='44410-RANGE TWP'!K13 -> 7835.66 | X37: ='44410-RANGE TWP'!K14 -> 0 | Y37: ='44410-RANGE TWP'!K15 -> 587.36 | Z37: ='44410-RANGE TWP'!K16 -> 0 | AA37: ='44410-RANGE TWP'!K17 -> 1136.02 | AB37: ='44410-RANGE TWP'!K18 -> 0 | AC37: ='44410-RANGE TWP'!K19 -> 9559.04 | AD37: ='44410-RANGE TWP'!K20 -> 181758.97 | AG37: ='44410-RANGE TWP'!K23 -> 2607.26 | AH37: ='44410-RANGE TWP'!K24 -> 0 | AI37: ='44410-RANGE TWP'!K25 -> 0 | AJ37: ='44410-RANGE TWP'!K26 -> 0 | AK37: ='44410-RANGE TWP'!K27 -> 0 | AL37: ='44410-RANGE TWP'!K28 -> 2607.26 | AN37: ='44410-RANGE TWP'!K30 -> 179151.71 | AO37: ='44410-RANGE TWP'!K31 -> 0 | AP37: ='44410-RANGE TWP'!K32 -> 0 | AQ37: ='44410-RANGE TWP'!K33 -> 179151.71 | AT37: ='44410-RANGE TWP'!K36 -> 0
N38: ='44980-SOMERFORD TWP'!C4 -> 112084.59 | O38: ='44980-SOMERFORD TWP'!C5 -> 1091.54 | P38: ='44980-SOMERFORD TWP'!C6 -> 1726.38 | Q38: ='44980-SOMERFORD TWP'!C7 -> 114902.51 | R38: ='44980-SOMERFORD TWP'!C8 -> 524.81 | S38: ='44980-SOMERFORD TWP'!C9 -> 0 | T38: ='44980-SOMERFORD TWP'!C10 -> 115427.32 | W38: ='44980-SOMERFORD TWP'!C13 -> 12628.88 | X38: ='44980-SOMERFORD TWP'!C14 -> 0 | Y38: ='44980-SOMERFORD TWP'!C15 -> 2237.76 | Z38: ='44980-SOMERFORD TWP'!C16 -> 0 | AA38: ='44980-SOMERFORD TWP'!C17 -> 1431.09 | AB38: ='44980-SOMERFORD TWP'!C18 -> 0 | AC38: ='44980-SOMERFORD TWP'!C19 -> 16297.73 | AD38: ='44980-SOMERFORD TWP'!C20 -> 99129.59 | AG38: ='44980-SOMERFORD TWP'!C23 -> 2018.22 | AH38: ='44980-SOMERFORD TWP'!C24 -> 0 | AI38: ='44980-SOMERFORD TWP'!C25 -> 0 | AJ38: ='44980-SOMERFORD TWP'!C26 -> 0 | AK38: ='44980-SOMERFORD TWP'!C27 -> 0 | AL38: ='44980-SOMERFORD TWP'!C28 -> 2018.22 | AN38: ='44980-SOMERFORD TWP'!C30 -> 97111.37 | AO38: ='44980-SOMERFORD TWP'!C31 -> 0 | AP38: ='44980-SOMERFORD TWP'!C32 -> 0 | AQ38: ='44980-SOMERFORD TWP'!C33 -> 97111.37 | AT38: ='44980-SOMERFORD TWP'!C36 -> 0
N39: ='45171-STOKES TWP'!G4 -> 31042.95 | O39: ='45171-STOKES TWP'!G5 -> 113.96 | P39: ='45171-STOKES TWP'!G6 -> 18692.45 | Q39: ='45171-STOKES TWP'!G7 -> 49849.36 | R39: ='45171-STOKES TWP'!G8 -> 183.96 | S39: ='45171-STOKES TWP'!G9 -> 0 | T39: ='45171-STOKES TWP'!G10 -> 50033.32 | W39: ='45171-STOKES TWP'!G13 -> 3354.32 | X39: ='45171-STOKES TWP'!G14 -> 0 | Y39: ='45171-STOKES TWP'!G15 -> 163.18 | Z39: ='45171-STOKES TWP'!G16 -> 0 | AA39: ='45171-STOKES TWP'!G17 -> 369.72 | AB39: ='45171-STOKES TWP'!G18 -> 0 | AC39: ='45171-STOKES TWP'!G19 -> 3887.22 | AD39: ='45171-STOKES TWP'!G20 -> 46146.1 | AG39: ='45171-STOKES TWP'!G23 -> 874.79 | AH39: ='45171-STOKES TWP'!G24 -> 0 | AI39: ='45171-STOKES TWP'!G25 -> 0 | AJ39: ='45171-STOKES TWP'!G26 -> 0 | AK39: ='45171-STOKES TWP'!G27 -> 0 | AL39: ='45171-STOKES TWP'!G28 -> 874.79 | AN39: ='45171-STOKES TWP'!G30 -> 45271.31 | AO39: ='45171-STOKES TWP'!G31 -> 0 | AP39: ='45171-STOKES TWP'!G32 -> 0 | AQ39: ='45171-STOKES TWP'!G33 -> 45271.31 | AT39: ='45171-STOKES TWP'!G36 -> 0
N41: ='47141-UNION TWP'!C4 -> 37622.98 | O41: ='47141-UNION TWP'!C5 -> 1069.22 | P41: ='47141-UNION TWP'!C6 -> 6710.04 | Q41: ='47141-UNION TWP'!C7 -> 45402.24 | R41: ='47141-UNION TWP'!C8 -> 4476.54 | S41: ='47141-UNION TWP'!C9 -> 0 | T41: ='47141-UNION TWP'!C10 -> 49878.78 | W41: ='47141-UNION TWP'!C13 -> 4654.18 | X41: ='47141-UNION TWP'!C14 -> 0 | Y41: ='47141-UNION TWP'!C15 -> 561.19 | Z41: ='47141-UNION TWP'!C16 -> 0 | AA41: ='47141-UNION TWP'!C17 -> 648.38 | AB41: ='47141-UNION TWP'!C18 -> 0 | AC41: ='47141-UNION TWP'!C19 -> 5863.75 | AD41: ='47141-UNION TWP'!C20 -> 44015.03 | AG41: ='47141-UNION TWP'!C23 -> 872.14 | AH41: ='47141-UNION TWP'!C24 -> 0 | AI41: ='47141-UNION TWP'!C25 -> 0 | AJ41: ='47141-UNION TWP'!C26 -> 0 | AK41: ='47141-UNION TWP'!C27 -> 0 | AL41: ='47141-UNION TWP'!C28 -> 872.14 | AN41: ='47141-UNION TWP'!C30 -> 43142.89 | AO41: ='47141-UNION TWP'!C31 -> 71.39 | AP41: ='47141-UNION TWP'!C32 -> 0 | AQ41: ='47141-UNION TWP'!C33 -> 43071.5 | AT41: ='47141-UNION TWP'!C36 -> 0
N42: ='56720-PLAIN CITY CORP'!E4 -> 515783.95 | O42: ='56720-PLAIN CITY CORP'!E5 -> 47159.66 | P42: ='56720-PLAIN CITY CORP'!E6 -> 8480.36 | Q42: ='56720-PLAIN CITY CORP'!E7 -> 571423.97 | R42: ='56720-PLAIN CITY CORP'!E8 -> -4401.73 | S42: ='56720-PLAIN CITY CORP'!E9 -> 0 | T42: ='56720-PLAIN CITY CORP'!E10 -> 567022.24 | W42: ='56720-PLAIN CITY CORP'!E13 -> 16915.94 | X42: ='56720-PLAIN CITY CORP'!E14 -> 0 | Y42: ='56720-PLAIN CITY CORP'!E15 -> 3313.48 | Z42: ='56720-PLAIN CITY CORP'!E16 -> 0 | AA42: ='56720-PLAIN CITY CORP'!E17 -> 5139.39 | AB42: ='56720-PLAIN CITY CORP'!E18 -> 0 | AC42: ='56720-PLAIN CITY CORP'!E19 -> 25368.81 | AD42: ='56720-PLAIN CITY CORP'!E20 -> 541653.43 | AG42: ='56720-PLAIN CITY CORP'!E23 -> 9914.15 | AH42: ='56720-PLAIN CITY CORP'!E24 -> 0 | AI42: ='56720-PLAIN CITY CORP'!E25 -> 0 | AJ42: ='56720-PLAIN CITY CORP'!E26 -> 0 | AK42: ='56720-PLAIN CITY CORP'!E27 -> 0 | AL42: ='56720-PLAIN CITY CORP'!E28 -> 9914.15 | AN42: ='56720-PLAIN CITY CORP'!E30 -> 531739.28 | AO42: ='56720-PLAIN CITY CORP'!E31 -> 0 | AP42: ='56720-PLAIN CITY CORP'!E32 -> 0 | AQ42: ='56720-PLAIN CITY CORP'!E33 -> 531739.28 | AT42: ='56720-PLAIN CITY CORP'!E36 -> 0
N43: ='53901-JEFFERSON CORP'!D4 -> 42136.17 | O43: ='53901-JEFFERSON CORP'!D5 -> 40308.94 | P43: ='53901-JEFFERSON CORP'!D6 -> 6601.05 | Q43: ='53901-JEFFERSON CORP'!D7 -> 89046.16 | R43: ='53901-JEFFERSON CORP'!D8 -> -1002.21 | S43: ='53901-JEFFERSON CORP'!D9 -> 12903.18 | T43: ='53901-JEFFERSON CORP'!D10 -> 75140.77 | W43: ='53901-JEFFERSON CORP'!D13 -> 4769.43 | X43: ='53901-JEFFERSON CORP'!D14 -> 0 | Y43: ='53901-JEFFERSON CORP'!D15 -> 859.39 | Z43: ='53901-JEFFERSON CORP'!D16 -> 0 | AA43: ='53901-JEFFERSON CORP'!D17 -> 1288.1 | AB43: ='53901-JEFFERSON CORP'!D18 -> 0 | AC43: ='53901-JEFFERSON CORP'!D19 -> 6916.92 | AD43: ='53901-JEFFERSON CORP'!D20 -> 68223.85 | AG43: ='53901-JEFFERSON CORP'!D23 -> 1313.84 | AH43: ='53901-JEFFERSON CORP'!D24 -> 0 | AI43: ='53901-JEFFERSON CORP'!D25 -> 0 | AJ43: ='53901-JEFFERSON CORP'!D26 -> 0 | AK43: ='53901-JEFFERSON CORP'!D27 -> 0 | AL43: ='53901-JEFFERSON CORP'!D28 -> 1313.84 | AN43: ='53901-JEFFERSON CORP'!D30 -> 66910.01 | AO43: ='53901-JEFFERSON CORP'!D31 -> 8.88 | AP43: ='53901-JEFFERSON CORP'!D32 -> 0 | AQ43: ='53901-JEFFERSON CORP'!D33 -> 66901.13 | AT43: ='53901-JEFFERSON CORP'!D36 -> 0
N44: ='55530-MT. STERLING CORP'!C4 -> 17289.58 | O44: ='55530-MT. STERLING CORP'!C5 -> 4003.36 | P44: ='55530-MT. STERLING CORP'!C6 -> 1128.47 | Q44: ='55530-MT. STERLING CORP'!C7 -> 22421.41 | R44: ='55530-MT. STERLING CORP'!C8 -> -105.6 | S44: ='55530-MT. STERLING CORP'!C9 -> 0 | T44: ='55530-MT. STERLING CORP'!C10 -> 22315.81 | W44: ='55530-MT. STERLING CORP'!C13 -> 1953.25 | X44: ='55530-MT. STERLING CORP'!C14 -> 0 | Y44: ='55530-MT. STERLING CORP'!C15 -> 322.13 | Z44: ='55530-MT. STERLING CORP'!C16 -> 0 | AA44: ='55530-MT. STERLING CORP'!C17 -> 379.54 | AB44: ='55530-MT. STERLING CORP'!C18 -> 0 | AC44: ='55530-MT. STERLING CORP'!C19 -> 2654.92 | AD44: ='55530-MT. STERLING CORP'!C20 -> 19660.89 | AG44: ='55530-MT. STERLING CORP'!C23 -> 390.21 | AH44: ='55530-MT. STERLING CORP'!C24 -> 0 | AI44: ='55530-MT. STERLING CORP'!C25 -> 0 | AJ44: ='55530-MT. STERLING CORP'!C26 -> 0 | AK44: ='55530-MT. STERLING CORP'!C27 -> 0 | AL44: ='55530-MT. STERLING CORP'!C28 -> 390.21 | AN44: ='55530-MT. STERLING CORP'!C30 -> 19270.68 | AO44: ='55530-MT. STERLING CORP'!C31 -> 8.88 | AP44: ='55530-MT. STERLING CORP'!C32 -> 0 | AQ44: ='55530-MT. STERLING CORP'!C33 -> 19261.8 | AT44: ='55530-MT. STERLING CORP'!C36 -> 0
N45: ='55150-MIDWAY CORP'!E4 -> 8726.41 | O45: ='55150-MIDWAY CORP'!E5 -> 828.16 | P45: ='55150-MIDWAY CORP'!E6 -> 350.63 | Q45: ='55150-MIDWAY CORP'!E7 -> 9905.2 | R45: ='55150-MIDWAY CORP'!E8 -> 199.54 | S45: ='55150-MIDWAY CORP'!E9 -> 0 | T45: ='55150-MIDWAY CORP'!E10 -> 10104.74 | W45: ='55150-MIDWAY CORP'!E13 -> 569.2 | X45: ='55150-MIDWAY CORP'!E14 -> 0 | Y45: ='55150-MIDWAY CORP'!E15 -> 84.12 | Z45: ='55150-MIDWAY CORP'!E16 -> 0 | AA45: ='55150-MIDWAY CORP'!E17 -> 363.97 | AB45: ='55150-MIDWAY CORP'!E18 -> 0 | AC45: ='55150-MIDWAY CORP'!E19 -> 1017.29 | AD45: ='55150-MIDWAY CORP'!E20 -> 9087.45 | AG45: ='55150-MIDWAY CORP'!E23 -> 176.67 | AH45: ='55150-MIDWAY CORP'!E24 -> 0 | AI45: ='55150-MIDWAY CORP'!E25 -> 0 | AJ45: ='55150-MIDWAY CORP'!E26 -> 0 | AK45: ='55150-MIDWAY CORP'!E27 -> 0 | AL45: ='55150-MIDWAY CORP'!E28 -> 176.67 | AN45: ='55150-MIDWAY CORP'!E30 -> 8910.78 | AO45: ='55150-MIDWAY CORP'!E31 -> 0 | AP45: ='55150-MIDWAY CORP'!E32 -> 0 | AQ45: ='55150-MIDWAY CORP'!E33 -> 8910.78 | AT45: ='55150-MIDWAY CORP'!E36 -> 0
N46: ='57370-S. SOLON CORP'!D4 -> 1675.4 | O46: ='57370-S. SOLON CORP'!D5 -> 64.64 | P46: ='57370-S. SOLON CORP'!D6 -> 208.94 | Q46: ='57370-S. SOLON CORP'!D7 -> 1948.98 | R46: ='57370-S. SOLON CORP'!D8 -> 86.4 | S46: ='57370-S. SOLON CORP'!D9 -> 0 | T46: ='57370-S. SOLON CORP'!D10 -> 2035.38 | W46: ='57370-S. SOLON CORP'!D13 -> 234.01 | X46: ='57370-S. SOLON CORP'!D14 -> 0 | Y46: ='57370-S. SOLON CORP'!D15 -> 32.28 | Z46: ='57370-S. SOLON CORP'!D16 -> 0 | AA46: ='57370-S. SOLON CORP'!D17 -> 92.99 | AB46: ='57370-S. SOLON CORP'!D18 -> 0 | AC46: ='57370-S. SOLON CORP'!D19 -> 359.28 | AD46: ='57370-S. SOLON CORP'!D20 -> 1676.1 | AG46: ='57370-S. SOLON CORP'!D23 -> 35.57 | AH46: ='57370-S. SOLON CORP'!D24 -> 0 | AI46: ='57370-S. SOLON CORP'!D25 -> 0 | AJ46: ='57370-S. SOLON CORP'!D26 -> 0 | AK46: ='57370-S. SOLON CORP'!D27 -> 0 | AL46: ='57370-S. SOLON CORP'!D28 -> 35.57 | AN46: ='57370-S. SOLON CORP'!D30 -> 1640.53 | AO46: ='57370-S. SOLON CORP'!D31 -> 0 | AP46: ='57370-S. SOLON CORP'!D32 -> 0 | AQ46: ='57370-S. SOLON CORP'!D33 -> 1640.53 | AT46: ='57370-S. SOLON CORP'!D36 -> 0
N47: ='54460-LONDON CITY'!G4 -> 349157.36 | O47: ='54460-LONDON CITY'!G5 -> 153485.15 | P47: ='54460-LONDON CITY'!G6 -> 42905.93 | Q47: ='54460-LONDON CITY'!G7 -> 545548.44 | R47: ='54460-LONDON CITY'!G8 -> -6153.46 | S47: ='54460-LONDON CITY'!G9 -> 9390.3 | T47: ='54460-LONDON CITY'!G10 -> 530004.68 | W47: ='54460-LONDON CITY'!G13 -> 39512.74 | X47: ='54460-LONDON CITY'!G14 -> 0 | Y47: ='54460-LONDON CITY'!G15 -> 6967.87 | Z47: ='54460-LONDON CITY'!G16 -> 0 | AA47: ='54460-LONDON CITY'!G17 -> 8714.4 | AB47: ='54460-LONDON CITY'!G18 -> 0 | AC47: ='54460-LONDON CITY'!G19 -> 55195.01 | AD47: ='54460-LONDON CITY'!G20 -> 474809.67 | AG47: ='54460-LONDON CITY'!G23 -> 9267 | AH47: ='54460-LONDON CITY'!G24 -> 0 | AI47: ='54460-LONDON CITY'!G25 -> 0 | AJ47: ='54460-LONDON CITY'!G26 -> 0 | AK47: ='54460-LONDON CITY'!G27 -> 0 | AL47: ='54460-LONDON CITY'!G28 -> 9267 | AN47: ='54460-LONDON CITY'!G30 -> 465542.67 | AO47: ='54460-LONDON CITY'!G31 -> 12.56 | AP47: ='54460-LONDON CITY'!G32 -> 0 | AQ47: ='54460-LONDON CITY'!G33 -> 465530.11 | AT47: ='54460-LONDON CITY'!G36 -> 0
N48: ='60440-MADISON CO. EMERGENCY MED'!D4 -> 592364.2 | O48: ='60440-MADISON CO. EMERGENCY MED'!D5 -> 26083.09 | P48: ='60440-MADISON CO. EMERGENCY MED'!D6 -> 150352.73 | Q48: ='60440-MADISON CO. EMERGENCY MED'!D7 -> 768800.02 | R48: ='60440-MADISON CO. EMERGENCY MED'!D8 -> 12910.19 | S48: ='60440-MADISON CO. EMERGENCY MED'!D9 -> 1129.77 | T48: ='60440-MADISON CO. EMERGENCY MED'!D10 -> 780580.44 | W48: ='60440-MADISON CO. EMERGENCY MED'!D13 -> 0 | X48: ='60440-MADISON CO. EMERGENCY MED'!D14 -> 0 | Y48: ='60440-MADISON CO. EMERGENCY MED'!D15 -> 0 | Z48: ='60440-MADISON CO. EMERGENCY MED'!D16 -> 0 | AA48: ='60440-MADISON CO. EMERGENCY MED'!D17 -> 9192.34 | AB48: ='60440-MADISON CO. EMERGENCY MED'!D18 -> 0 | AC48: ='60440-MADISON CO. EMERGENCY MED'!D19 -> 9192.34 | AD48: ='60440-MADISON CO. EMERGENCY MED'!D20 -> 771388.1 | AG48: ='60440-MADISON CO. EMERGENCY MED'!D23 -> 12250.96 | AH48: ='60440-MADISON CO. EMERGENCY MED'!D24 -> 0 | AI48: ='60440-MADISON CO. EMERGENCY MED'!D25 -> 0 | AJ48: ='60440-MADISON CO. EMERGENCY MED'!D26 -> 0 | AK48: ='60440-MADISON CO. EMERGENCY MED'!D27 -> 0 | AL48: ='60440-MADISON CO. EMERGENCY MED'!D28 -> 12250.96 | AN48: ='60440-MADISON CO. EMERGENCY MED'!D30 -> 759137.14 | AO48: ='60440-MADISON CO. EMERGENCY MED'!D31 -> 354.76 | AP48: ='60440-MADISON CO. EMERGENCY MED'!D32 -> 0 | AQ48: ='60440-MADISON CO. EMERGENCY MED'!D33 -> 758782.38 | AT48: ='60440-MADISON CO. EMERGENCY MED'!D36 -> 0
N49: ='60680-STERLING JOINT AMBULANCE '!F4 -> 337598.82 | O49: ='60680-STERLING JOINT AMBULANCE '!F5 -> 27682.38 | P49: ='60680-STERLING JOINT AMBULANCE '!F6 -> 162042.82 | Q49: ='60680-STERLING JOINT AMBULANCE '!F7 -> 527324.02 | R49: ='60680-STERLING JOINT AMBULANCE '!F8 -> 2668.02 | S49: ='60680-STERLING JOINT AMBULANCE '!F9 -> 0 | T49: ='60680-STERLING JOINT AMBULANCE '!F10 -> 529992.04 | W49: ='60680-STERLING JOINT AMBULANCE '!F13 -> 13744.58 | X49: ='60680-STERLING JOINT AMBULANCE '!F14 -> 0 | Y49: ='60680-STERLING JOINT AMBULANCE '!F15 -> 1433.98 | Z49: ='60680-STERLING JOINT AMBULANCE '!F16 -> 0 | AA49: ='60680-STERLING JOINT AMBULANCE '!F17 -> 5562.97 | AB49: ='60680-STERLING JOINT AMBULANCE '!F18 -> 0 | AC49: ='60680-STERLING JOINT AMBULANCE '!F19 -> 20741.53 | AD49: ='60680-STERLING JOINT AMBULANCE '!F20 -> 509250.51 | AG49: ='60680-STERLING JOINT AMBULANCE '!F23 -> 8358.19 | AH49: ='60680-STERLING JOINT AMBULANCE '!F24 -> 0 | AI49: ='60680-STERLING JOINT AMBULANCE '!F25 -> 0 | AJ49: ='60680-STERLING JOINT AMBULANCE '!F26 -> 0 | AK49: ='60680-STERLING JOINT AMBULANCE '!F27 -> 0 | AL49: ='60680-STERLING JOINT AMBULANCE '!F28 -> 8358.19 | AN49: ='60680-STERLING JOINT AMBULANCE '!F30 -> 500892.32 | AO49: ='60680-STERLING JOINT AMBULANCE '!F31 -> 42.92 | AP49: ='60680-STERLING JOINT AMBULANCE '!F32 -> 0 | AQ49: ='60680-STERLING JOINT AMBULANCE '!F33 -> 500849.4 | AT49: ='60680-STERLING JOINT AMBULANCE '!F36 -> 0
N50: ='61060-PLEASANT VALLEY JNT FIRE '!D4 -> 1397856.7 | O50: ='61060-PLEASANT VALLEY JNT FIRE '!D5 -> 101701.56 | P50: ='61060-PLEASANT VALLEY JNT FIRE '!D6 -> 45710.44 | Q50: ='61060-PLEASANT VALLEY JNT FIRE '!D7 -> 1545268.7 | R50: ='61060-PLEASANT VALLEY JNT FIRE '!D8 -> -8250.15 | S50: ='61060-PLEASANT VALLEY JNT FIRE '!D9 -> 0 | T50: ='61060-PLEASANT VALLEY JNT FIRE '!D10 -> 1537018.5 | W50: ='61060-PLEASANT VALLEY JNT FIRE '!D13 -> 11588.15 | X50: ='61060-PLEASANT VALLEY JNT FIRE '!D14 -> 0 | Y50: ='61060-PLEASANT VALLEY JNT FIRE '!D15 -> 1978.29 | Z50: ='61060-PLEASANT VALLEY JNT FIRE '!D16 -> 0 | AA50: ='61060-PLEASANT VALLEY JNT FIRE '!D17 -> 16467.25 | AB50: ='61060-PLEASANT VALLEY JNT FIRE '!D18 -> 0 | AC50: ='61060-PLEASANT VALLEY JNT FIRE '!D19 -> 30033.69 | AD50: ='61060-PLEASANT VALLEY JNT FIRE '!D20 -> 1506984.9 | AG50: ='61060-PLEASANT VALLEY JNT FIRE '!D23 -> 26874.23 | AH50: ='61060-PLEASANT VALLEY JNT FIRE '!D24 -> 0 | AI50: ='61060-PLEASANT VALLEY JNT FIRE '!D25 -> 0 | AJ50: ='61060-PLEASANT VALLEY JNT FIRE '!D26 -> 0 | AK50: ='61060-PLEASANT VALLEY JNT FIRE '!D27 -> 0 | AL50: ='61060-PLEASANT VALLEY JNT FIRE '!D28 -> 26874.23 | AN50: ='61060-PLEASANT VALLEY JNT FIRE '!D30 -> 1480110.6 | AO50: ='61060-PLEASANT VALLEY JNT FIRE '!D31 -> 199.68 | AP50: ='61060-PLEASANT VALLEY JNT FIRE '!D32 -> 0 | AQ50: ='61060-PLEASANT VALLEY JNT FIRE '!D33 -> 1479910.9 | AT50: ='61060-PLEASANT VALLEY JNT FIRE '!D36 -> 0
N51: ='61123-PLEASANT DARBY UNION CEME'!C4 -> 25869.73 | O51: ='61123-PLEASANT DARBY UNION CEME'!C5 -> 4049.37 | P51: ='61123-PLEASANT DARBY UNION CEME'!C6 -> 8488.76 | Q51: ='61123-PLEASANT DARBY UNION CEME'!C7 -> 38407.86 | R51: ='61123-PLEASANT DARBY UNION CEME'!C8 -> 234.89 | S51: ='61123-PLEASANT DARBY UNION CEME'!C9 -> 0 | T51: ='61123-PLEASANT DARBY UNION CEME'!C10 -> 38642.75 | W51: ='61123-PLEASANT DARBY UNION CEME'!C13 -> 0 | X51: ='61123-PLEASANT DARBY UNION CEME'!C14 -> 0 | Y51: ='61123-PLEASANT DARBY UNION CEME'!C15 -> 0 | Z51: ='61123-PLEASANT DARBY UNION CEME'!C16 -> 0 | AA51: ='61123-PLEASANT DARBY UNION CEME'!C17 -> 539.4 | AB51: ='61123-PLEASANT DARBY UNION CEME'!C18 -> 0 | AC51: ='61123-PLEASANT DARBY UNION CEME'!C19 -> 539.4 | AD51: ='61123-PLEASANT DARBY UNION CEME'!C20 -> 38103.35 | AG51: ='61123-PLEASANT DARBY UNION CEME'!C23 -> 625.98 | AH51: ='61123-PLEASANT DARBY UNION CEME'!C24 -> 0 | AI51: ='61123-PLEASANT DARBY UNION CEME'!C25 -> 0 | AJ51: ='61123-PLEASANT DARBY UNION CEME'!C26 -> 0 | AK51: ='61123-PLEASANT DARBY UNION CEME'!C27 -> 0 | AL51: ='61123-PLEASANT DARBY UNION CEME'!C28 -> 625.98 | AN51: ='61123-PLEASANT DARBY UNION CEME'!C30 -> 37477.37 | AO51: ='61123-PLEASANT DARBY UNION CEME'!C31 -> 6.74 | AP51: ='61123-PLEASANT DARBY UNION CEME'!C32 -> 0 | AQ51: ='61123-PLEASANT DARBY UNION CEME'!C33 -> 37470.63 | AT51: ='61123-PLEASANT DARBY UNION CEME'!C36 -> 0
N52: ='61147-TRI-COUNTY JOINT FIRE DIS'!D4 -> 111326.24 | O52: ='61147-TRI-COUNTY JOINT FIRE DIS'!D5 -> 16316.34 | P52: ='61147-TRI-COUNTY JOINT FIRE DIS'!D6 -> 33955.02 | Q52: ='61147-TRI-COUNTY JOINT FIRE DIS'!D7 -> 161597.6 | R52: ='61147-TRI-COUNTY JOINT FIRE DIS'!D8 -> 1164.76 | S52: ='61147-TRI-COUNTY JOINT FIRE DIS'!D9 -> 0 | T52: ='61147-TRI-COUNTY JOINT FIRE DIS'!D10 -> 162762.36 | W52: ='61147-TRI-COUNTY JOINT FIRE DIS'!D13 -> 0 | X52: ='61147-TRI-COUNTY JOINT FIRE DIS'!D14 -> 0 | Y52: ='61147-TRI-COUNTY JOINT FIRE DIS'!D15 -> 0 | Z52: ='61147-TRI-COUNTY JOINT FIRE DIS'!D16 -> 0 | AA52: ='61147-TRI-COUNTY JOINT FIRE DIS'!D17 -> 2319.86 | AB52: ='61147-TRI-COUNTY JOINT FIRE DIS'!D18 -> 0 | AC52: ='61147-TRI-COUNTY JOINT FIRE DIS'!D19 -> 2319.86 | AD52: ='61147-TRI-COUNTY JOINT FIRE DIS'!D20 -> 160442.5 | AG52: ='61147-TRI-COUNTY JOINT FIRE DIS'!D23 -> 2647 | AH52: ='61147-TRI-COUNTY JOINT FIRE DIS'!D24 -> 0 | AI52: ='61147-TRI-COUNTY JOINT FIRE DIS'!D25 -> 0 | AJ52: ='61147-TRI-COUNTY JOINT FIRE DIS'!D26 -> 0 | AK52: ='61147-TRI-COUNTY JOINT FIRE DIS'!D27 -> 0 | AL52: ='61147-TRI-COUNTY JOINT FIRE DIS'!D28 -> 2647 | AN52: ='61147-TRI-COUNTY JOINT FIRE DIS'!D30 -> 157795.5 | AO52: ='61147-TRI-COUNTY JOINT FIRE DIS'!D31 -> 29.02 | AP52: ='61147-TRI-COUNTY JOINT FIRE DIS'!D32 -> 0 | AQ52: ='61147-TRI-COUNTY JOINT FIRE DIS'!D33 -> 157766.48 | AT52: ='61147-TRI-COUNTY JOINT FIRE DIS'!D36 -> 0
N53: ='61201-CENTRAL TWP JNT FIRE DIST'!C4 -> 603754.92 | O53: ='61201-CENTRAL TWP JNT FIRE DIST'!C5 -> 25639.11 | P53: ='61201-CENTRAL TWP JNT FIRE DIST'!C6 -> 150352.75 | Q53: ='61201-CENTRAL TWP JNT FIRE DIST'!C7 -> 779746.78 | R53: ='61201-CENTRAL TWP JNT FIRE DIST'!C8 -> 13248.01 | S53: ='61201-CENTRAL TWP JNT FIRE DIST'!C9 -> 1110.55 | T53: ='61201-CENTRAL TWP JNT FIRE DIST'!C10 -> 791884.24 | W53: ='61201-CENTRAL TWP JNT FIRE DIST'!C13 -> 0 | X53: ='61201-CENTRAL TWP JNT FIRE DIST'!C14 -> 0 | Y53: ='61201-CENTRAL TWP JNT FIRE DIST'!C15 -> 0 | Z53: ='61201-CENTRAL TWP JNT FIRE DIST'!C16 -> 0 | AA53: ='61201-CENTRAL TWP JNT FIRE DIST'!C17 -> 9368.33 | AB53: ='61201-CENTRAL TWP JNT FIRE DIST'!C18 -> 0 | AC53: ='61201-CENTRAL TWP JNT FIRE DIST'!C19 -> 9368.33 | AD53: ='61201-CENTRAL TWP JNT FIRE DIST'!C20 -> 782515.91 | AG53: ='61201-CENTRAL TWP JNT FIRE DIST'!C23 -> 12448.57 | AH53: ='61201-CENTRAL TWP JNT FIRE DIST'!C24 -> 0 | AI53: ='61201-CENTRAL TWP JNT FIRE DIST'!C25 -> 0 | AJ53: ='61201-CENTRAL TWP JNT FIRE DIST'!C26 -> 0 | AK53: ='61201-CENTRAL TWP JNT FIRE DIST'!C27 -> 0 | AL53: ='61201-CENTRAL TWP JNT FIRE DIST'!C28 -> 12448.57 | AN53: ='61201-CENTRAL TWP JNT FIRE DIST'!C30 -> 770067.34 | AO53: ='61201-CENTRAL TWP JNT FIRE DIST'!C31 -> 361.58 | AP53: ='61201-CENTRAL TWP JNT FIRE DIST'!C32 -> 0 | AQ53: ='61201-CENTRAL TWP JNT FIRE DIST'!C33 -> 769705.76 | AT53: ='61201-CENTRAL TWP JNT FIRE DIST'!C36 -> 0
N54: ='61202-PLAIN CITY PUBLIC LIBRARY'!C4 -> 151907.28 | O54: ='61202-PLAIN CITY PUBLIC LIBRARY'!C5 -> 6283.02 | P54: ='61202-PLAIN CITY PUBLIC LIBRARY'!C6 -> 6871.17 | Q54: ='61202-PLAIN CITY PUBLIC LIBRARY'!C7 -> 165061.47 | R54: ='61202-PLAIN CITY PUBLIC LIBRARY'!C8 -> -1035.06 | S54: ='61202-PLAIN CITY PUBLIC LIBRARY'!C9 -> 0 | T54: ='61202-PLAIN CITY PUBLIC LIBRARY'!C10 -> 164026.41 | W54: ='61202-PLAIN CITY PUBLIC LIBRARY'!C13 -> 0 | X54: ='61202-PLAIN CITY PUBLIC LIBRARY'!C14 -> 0 | Y54: ='61202-PLAIN CITY PUBLIC LIBRARY'!C15 -> 0 | Z54: ='61202-PLAIN CITY PUBLIC LIBRARY'!C16 -> 0 | AA54: ='61202-PLAIN CITY PUBLIC LIBRARY'!C17 -> 1795.9 | AB54: ='61202-PLAIN CITY PUBLIC LIBRARY'!C18 -> 0 | AC54: ='61202-PLAIN CITY PUBLIC LIBRARY'!C19 -> 1795.9 | AD54: ='61202-PLAIN CITY PUBLIC LIBRARY'!C20 -> 162230.51 | AG54: ='61202-PLAIN CITY PUBLIC LIBRARY'!C23 -> 2867.96 | AH54: ='61202-PLAIN CITY PUBLIC LIBRARY'!C24 -> 0 | AI54: ='61202-PLAIN CITY PUBLIC LIBRARY'!C25 -> 0 | AJ54: ='61202-PLAIN CITY PUBLIC LIBRARY'!C26 -> 0 | AK54: ='61202-PLAIN CITY PUBLIC LIBRARY'!C27 -> 0 | AL54: ='61202-PLAIN CITY PUBLIC LIBRARY'!C28 -> 2867.96 | AN54: ='61202-PLAIN CITY PUBLIC LIBRARY'!C30 -> 159362.55 | AO54: ='61202-PLAIN CITY PUBLIC LIBRARY'!C31 -> 18.36 | AP54: ='61202-PLAIN CITY PUBLIC LIBRARY'!C32 -> 0 | AQ54: ='61202-PLAIN CITY PUBLIC LIBRARY'!C33 -> 159344.19 | AT54: ='61202-PLAIN CITY PUBLIC LIBRARY'!C36 -> 0
N55: ='61225-HURT-BATT MEM LIBRARY OF '!C4 -> 87339.63 | O55: ='61225-HURT-BATT MEM LIBRARY OF '!C5 -> 57911.05 | P55: ='61225-HURT-BATT MEM LIBRARY OF '!C6 -> 19245.87 | Q55: ='61225-HURT-BATT MEM LIBRARY OF '!C7 -> 164496.55 | R55: ='61225-HURT-BATT MEM LIBRARY OF '!C8 -> -2079.58 | S55: ='61225-HURT-BATT MEM LIBRARY OF '!C9 -> 15869.41 | T55: ='61225-HURT-BATT MEM LIBRARY OF '!C10 -> 146547.56 | W55: ='61225-HURT-BATT MEM LIBRARY OF '!C13 -> 10112.65 | X55: ='61225-HURT-BATT MEM LIBRARY OF '!C14 -> 0 | Y55: ='61225-HURT-BATT MEM LIBRARY OF '!C15 -> 1846.02 | Z55: ='61225-HURT-BATT MEM LIBRARY OF '!C16 -> 0 | AA55: ='61225-HURT-BATT MEM LIBRARY OF '!C17 -> 1773.2 | AB55: ='61225-HURT-BATT MEM LIBRARY OF '!C18 -> 0 | AC55: ='61225-HURT-BATT MEM LIBRARY OF '!C19 -> 13731.87 | AD55: ='61225-HURT-BATT MEM LIBRARY OF '!C20 -> 132815.69 | AG55: ='61225-HURT-BATT MEM LIBRARY OF '!C23 -> 2562.32 | AH55: ='61225-HURT-BATT MEM LIBRARY OF '!C24 -> 0 | AI55: ='61225-HURT-BATT MEM LIBRARY OF '!C25 -> 0 | AJ55: ='61225-HURT-BATT MEM LIBRARY OF '!C26 -> 0 | AK55: ='61225-HURT-BATT MEM LIBRARY OF '!C27 -> 0 | AL55: ='61225-HURT-BATT MEM LIBRARY OF '!C28 -> 2562.32 | AN55: ='61225-HURT-BATT MEM LIBRARY OF '!C30 -> 130253.37 | AO55: ='61225-HURT-BATT MEM LIBRARY OF '!C31 -> 7.6 | AP55: ='61225-HURT-BATT MEM LIBRARY OF '!C32 -> 0 | AQ55: ='61225-HURT-BATT MEM LIBRARY OF '!C33 -> 130245.77 | AT55: ='61225-HURT-BATT MEM LIBRARY OF '!C36 -> 0
N56: ='61109-LONDON PUBLIC LIBRARY'!D4 -> 169452.27 | O56: ='61109-LONDON PUBLIC LIBRARY'!D5 -> 56306.29 | P56: ='61109-LONDON PUBLIC LIBRARY'!D6 -> 22793.14 | Q56: ='61109-LONDON PUBLIC LIBRARY'!D7 -> 248551.7 | R56: ='61109-LONDON PUBLIC LIBRARY'!D8 -> -2669.77 | S56: ='61109-LONDON PUBLIC LIBRARY'!D9 -> 3362.93 | T56: ='61109-LONDON PUBLIC LIBRARY'!D10 -> 242519 | W56: ='61109-LONDON PUBLIC LIBRARY'!D13 -> 15303 | X56: ='61109-LONDON PUBLIC LIBRARY'!D14 -> 0 | Y56: ='61109-LONDON PUBLIC LIBRARY'!D15 -> 2665.6 | Z56: ='61109-LONDON PUBLIC LIBRARY'!D16 -> 0 | AA56: ='61109-LONDON PUBLIC LIBRARY'!D17 -> 3446.57 | AB56: ='61109-LONDON PUBLIC LIBRARY'!D18 -> 0 | AC56: ='61109-LONDON PUBLIC LIBRARY'!D19 -> 21415.17 | AD56: ='61109-LONDON PUBLIC LIBRARY'!D20 -> 221103.83 | AG56: ='61109-LONDON PUBLIC LIBRARY'!D23 -> 4240.34 | AH56: ='61109-LONDON PUBLIC LIBRARY'!D24 -> 0 | AI56: ='61109-LONDON PUBLIC LIBRARY'!D25 -> 0 | AJ56: ='61109-LONDON PUBLIC LIBRARY'!D26 -> 0 | AK56: ='61109-LONDON PUBLIC LIBRARY'!D27 -> 0 | AL56: ='61109-LONDON PUBLIC LIBRARY'!D28 -> 4240.34 | AN56: ='61109-LONDON PUBLIC LIBRARY'!D30 -> 216863.49 | AO56: ='61109-LONDON PUBLIC LIBRARY'!D31 -> 24.76 | AP56: ='61109-LONDON PUBLIC LIBRARY'!D32 -> 0 | AQ56: ='61109-LONDON PUBLIC LIBRARY'!D33 -> 216838.73 | AT56: ='61109-LONDON PUBLIC LIBRARY'!D36 -> 0
N59: ='61269-MECHANICSBURG PUBLIC LIBR'!C4 -> 1224.14 | O59: ='61269-MECHANICSBURG PUBLIC LIBR'!C5 -> 0 | P59: ='61269-MECHANICSBURG PUBLIC LIBR'!C6 -> 88.39 | Q59: ='61269-MECHANICSBURG PUBLIC LIBR'!C7 -> 1312.53 | R59: ='61269-MECHANICSBURG PUBLIC LIBR'!C8 -> 13.04 | S59: ='61269-MECHANICSBURG PUBLIC LIBR'!C9 -> 0 | T59: ='61269-MECHANICSBURG PUBLIC LIBR'!C10 -> 1325.57 | W59: ='61269-MECHANICSBURG PUBLIC LIBR'!C13 -> 143.82 | X59: ='61269-MECHANICSBURG PUBLIC LIBR'!C14 -> 0 | Y59: ='61269-MECHANICSBURG PUBLIC LIBR'!C15 -> 8.56 | Z59: ='61269-MECHANICSBURG PUBLIC LIBR'!C16 -> 0 | AA59: ='61269-MECHANICSBURG PUBLIC LIBR'!C17 -> 14.07 | AB59: ='61269-MECHANICSBURG PUBLIC LIBR'!C18 -> 0 | AC59: ='61269-MECHANICSBURG PUBLIC LIBR'!C19 -> 166.45 | AD59: ='61269-MECHANICSBURG PUBLIC LIBR'!C20 -> 1159.12 | AG59: ='61269-MECHANICSBURG PUBLIC LIBR'!C23 -> 23.18 | AH59: ='61269-MECHANICSBURG PUBLIC LIBR'!C24 -> 0 | AI59: ='61269-MECHANICSBURG PUBLIC LIBR'!C25 -> 0 | AJ59: ='61269-MECHANICSBURG PUBLIC LIBR'!C26 -> 0 | AK59: ='61269-MECHANICSBURG PUBLIC LIBR'!C27 -> 0 | AL59: ='61269-MECHANICSBURG PUBLIC LIBR'!C28 -> 23.18 | AN59: ='61269-MECHANICSBURG PUBLIC LIBR'!C30 -> 1135.94 | AO59: ='61269-MECHANICSBURG PUBLIC LIBR'!C31 -> 0 | AP59: ='61269-MECHANICSBURG PUBLIC LIBR'!C32 -> 0 | AQ59: ='61269-MECHANICSBURG PUBLIC LIBR'!C33 -> 1135.94 | AT59: ='61269-MECHANICSBURG PUBLIC LIBR'!C36 -> 0

Sheet 104905-9-1-1
A2: SOURCE OF RECEIPTS | B2: 2018 9-1-1 SYSTEM 1.00 | C2: TOTALS
A3: REAL PROPERTY
A4: Agr/Res | B4: 442409.89 | C4: =SUM(B4) -> 442409.89
A5: Com/Ind/Min | B5: 91241.33 | C5: =SUM(B5) -> 91241.33
A6: Public Utility | B6: 87480.86 | C6: =SUM(B6) -> 87480.86
A7: TOTAL CURRENT | B7: =SUM(B4:B6) -> 621132.08 | C7: =SUM(B7) -> 621132.08
A8: TOTAL DELINQUENT | B8: 29.95 | C8: =SUM(B8) -> 29.95
A9: LESS TIF COLLECTED | B9: 13411.48 | C9: =SUM(B9) -> 13411.48
A10: TOTAL COLLECTED | B10: =SUM(B7:B8) - B9 -> 607750.55 | C10: =SUM(B10) -> 607750.55
A12: REIMBURSEMENTS
A13: Non-Business Credit | B13: 0 | C13: =SUM(B13) -> 0
A14: Non-Business Credit Delinquent | B14: 0 | C14: =SUM(B14) -> 0
A15: Owner-Occupancy Credit | B15: 0 | C15: =SUM(B15) -> 0
A16: Owner-Occupancy Credit Delinquent | B16: 0 | C16: =SUM(B16) -> 0
A17: Homestead | B17: 8113.51 | C17: =SUM(B17) -> 8113.51
A18: Homestead Delinquent | B18: 0 | C18: =SUM(B18) -> 0
A19: TOTAL REIMBURSEMENTS | B19: =SUM(B13:B18) -> 8113.51 | C19: =SUM(B19) -> 8113.51
A20: TOTAL DISTRIBUTION | B20: =B10-B19 -> 599637.04 | C20: =SUM(B20) -> 599637.04
A22: DEDUCTIONS
A23: Aud. And Treas. Fees | B23: 10486.55 | C23: =SUM(B23) -> 10486.55
A24: DETAC Fee | B24: 0 | C24: =SUM(B24) -> 0
A25: Delinquent Advertising | B25: 0 | C25: =SUM(B25) -> 0
A26: Tax Collector Salary | B26: 0 | C26: =SUM(B26) -> 0
A27: Board of Election | B27: 0 | C27: =SUM(B27) -> 0
A28: TOTAL DEDUCTIONS | B28: =SUM(B23:B27) -> 10486.55 | C28: =SUM(B28) -> 10486.55
A30: BALANCES | B30: =B20-B28 -> 589150.49 | C30: =SUM(B30) -> 589150.49
A31: Less Refunds | B31: 118.63 | C31: =SUM(B31) -> 118.63
A32: Less Advances | B32: 0 | C32: =SUM(B32) -> 0
A33: NET DISTRIBUTION | B33: =B30-SUM(B31:B32) -> 589031.86 | C33: =SUM(B33) -> 589031.86
A35: OTHER
A36: Inflation Cap Credit | B36: 0 | C36: =SUM(B36) -> 0
B37: Please sign and return to this office, revised Code, Sec 321.34
B38: It is hereby certified that the above funds for retirement of bonds | F38: JENNIFER S. HUNTER | I38: COUNTY AUDITOR
B39: have been received and paid into the bond retirement fund
I40: DEPUTY AUDITOR
B41: SIGNATURE OF OFFICER

Sheet 104903-HEALTH SERVICES
A2: SOURCE OF RECEIPTS | B2: 2001 HEALTH SERVICES 1.00 | C2: 2020 HEALTH SERVICES 0.15 | D2: TOTALS
A3: REAL PROPERTY
A4: Agr/Res | B4: 248368.7 | C4: 66546.66 | D4: =SUM(B4:C4) -> 314915.36
A5: Com/Ind/Min | B5: 87890.83 | C5: 13730.52 | D5: =SUM(B5:C5) -> 101621.35
A6: Public Utility | B6: 87480.86 | C6: 13122.12 | D6: =SUM(B6:C6) -> 100602.98
A7: TOTAL CURRENT | B7: =SUM(B4:B6) -> 423740.39 | C7: =SUM(C4:C6) -> 93399.3 | D7: =SUM(B7:C7) -> 517139.69
A8: TOTAL DELINQUENT | B8: -3419.57 | C8: 7.43 | D8: =SUM(B8:C8) -> -3412.14
A9: LESS TIF COLLECTED | B9: 12918.97 | C9: 2018.24 | D9: =SUM(B9:C9) -> 14937.21
A10: TOTAL COLLECTED | B10: =SUM(B7:B8) - B9 -> 407401.85 | C10: =SUM(C7:C8) - C9 -> 91388.49 | D10: =SUM(B10:C10) -> 498790.34
A12: REIMBURSEMENTS
A13: Non-Business Credit | B13: 29407.86 | C13: 0 | D13: =SUM(B13:C13) -> 29407.86
A14: Non-Business Credit Delinquent | B14: -0.71 | C14: 0 | D14: =SUM(B14:C14) -> -0.71
A15: Owner-Occupancy Credit | B15: 4495.56 | C15: 0 | D15: =SUM(B15:C15) -> 4495.56
A16: Owner-Occupancy Credit Delinquent | B16: 0 | C16: 0 | D16: =SUM(B16:C16) -> 0
A17: Homestead | B17: 3893.52 | C17: 1226.4 | D17: =SUM(B17:C17) -> 5119.92
A18: Homestead Delinquent | B18: 0 | C18: 0 | D18: =SUM(B18:C18) -> 0
A19: TOTAL REIMBURSEMENTS | B19: =SUM(B13:B18) -> 37796.23 | C19: =SUM(C13:C18) -> 1226.4 | D19: =SUM(B19:C19) -> 39022.63
A20: TOTAL DISTRIBUTION | B20: =B10-B19 -> 369605.62 | C20: =C10-C19 -> 90162.09 | D20: =SUM(B20:C20) -> 459767.71
A22: DEDUCTIONS
A23: Aud. And Treas. Fees | B23: 6983.51 | C23: 1576.85 | D23: =SUM(B23:C23) -> 8560.36
A24: DETAC Fee | B24: 0 | C24: 0 | D24: =SUM(B24:C24) -> 0
A25: Delinquent Advertising | B25: 0 | C25: 0 | D25: =SUM(B25:C25) -> 0
A26: Tax Collector Salary | B26: 0 | C26: 0 | D26: =SUM(B26:C26) -> 0
A27: Board of Election | B27: 0 | C27: 0 | D27: =SUM(B27:C27) -> 0
A28: TOTAL DEDUCTIONS | B28: =SUM(B23:B27) -> 6983.51 | C28: =SUM(C23:C27) -> 1576.85 | D28: =SUM(B28:C28) -> 8560.36
A30: BALANCES | B30: =B20-B28 -> 362622.11 | C30: =C20-C28 -> 88585.24 | D30: =SUM(B30:C30) -> 451207.35
A31: Less Refunds | B31: 57.98 | C31: 17.91 | D31: =SUM(B31:C31) -> 75.89
A32: Less Advances | B32: 0 | C32: 0 | D32: =SUM(B32:C32) -> 0
A33: NET DISTRIBUTION | B33: =B30-SUM(B31:B32) -> 362564.13 | C33: =C30-SUM(C31:C32) -> 88567.33 | D33: =SUM(B33:C33) -> 451131.46
A35: OTHER
A36: Inflation Cap Credit | B36: 0 | C36: 0 | D36: =SUM(B36:C36) -> 0
B37: Please sign and return to this office, revised Code, Sec 321.34
B38: It is hereby certified that the above funds for retirement of bonds | F38: JENNIFER S. HUNTER | I38: COUNTY AUDITOR
B39: have been received and paid into the bond retirement fund
I40: DEPUTY AUDITOR
B41: SIGNATURE OF OFFICER

Sheet 104902-MAD CO BD OF DEVELOPMENT
A2: SOURCE OF RECEIPTS | B2: 1976 MRDD 0.10 | C2: 1976 MRDD 0.40 | D2: 1982 MRDD 1.20 | E2: 2005 DEVELOPMENTAL DISABILITIES 1.30 | F2: 2008 DEVELOPMENTAL DISABILITIES 1.00 | G2: TOTALS
A3: REAL PROPERTY
A4: Agr/Res | B4: 9282.3 | C4: 37130.39 | D4: 181448.55 | E4: 367452.62 | F4: 310705.96 | G4: =SUM(B4:F4) -> 906019.82
A5: Com/Ind/Min | B5: 3731.24 | C5: 14924.39 | D5: 73838.67 | E5: 118611.34 | F5: 91241.33 | G5: =SUM(B5:F5) -> 302346.97
A6: Public Utility | B6: 8748.12 | C6: 34992.39 | D6: 104977.11 | E6: 113725.1 | F6: 87480.86 | G6: =SUM(B6:F6) -> 349923.58
A7: TOTAL CURRENT | B7: =SUM(B4:B6) -> 21761.66 | C7: =SUM(C4:C6) -> 87047.17 | D7: =SUM(D4:D6) -> 360264.33 | E7: =SUM(E4:E6) -> 599789.06 | F7: =SUM(F4:F6) -> 489428.15 | G7: =SUM(B7:F7) -> 1558290.4
A8: TOTAL DELINQUENT | B8: -559.49 | C8: -2237.93 | D8: -5718.17 | E8: -3846.61 | F8: -2589.64 | G8: =SUM(B8:F8) -> -14951.84
A9: LESS TIF COLLECTED | B9: 548.44 | C9: 2193.73 | D9: 10853.69 | E9: 17434.87 | F9: 13411.48 | G9: =SUM(B9:F9) -> 44442.21
A10: TOTAL COLLECTED | B10: =SUM(B7:B8) - B9 -> 20653.73 | C10: =SUM(C7:C8) - C9 -> 82615.51 | D10: =SUM(D7:D8) - D9 -> 343692.47 | E10: =SUM(E7:E8) - E9 -> 578507.58 | F10: =SUM(F7:F8) - F9 -> 473427.03 | G10: =SUM(B10:F10) -> 1498896.3
A12: REIMBURSEMENTS
A13: Non-Business Credit | B13: 1096.5 | C13: 4394 | D13: 21484.96 | E13: 43514.53 | F13: 36790.57 | G13: =SUM(B13:F13) -> 107280.56
A14: Non-Business Credit Delinquent | B14: -0.03 | C14: -0.11 | D14: -0.52 | E14: -1.06 | F14: -0.89 | G14: =SUM(B14:F14) -> -2.61
A15: Owner-Occupancy Credit | B15: 168.2 | C15: 672.66 | D15: 3284.05 | E15: 6651.75 | F15: 5623.14 | G15: =SUM(B15:F15) -> 16399.8
A16: Owner-Occupancy Credit Delinquent | B16: 0 | C16: 0 | D16: 0 | E16: 0 | F16: 0 | G16: =SUM(B16:F16) -> 0
A17: Homestead | B17: 137.73 | C17: 591.11 | D17: 2846.77 | E17: 5779.09 | F17: 4869.57 | G17: =SUM(B17:F17) -> 14224.27
A18: Homestead Delinquent | B18: 0 | C18: 0 | D18: 0 | E18: 0 | F18: 0 | G18: =SUM(B18:F18) -> 0
A19: TOTAL REIMBURSEMENTS | B19: =SUM(B13:B18) -> 1402.4 | C19: =SUM(C13:C18) -> 5657.66 | D19: =SUM(D13:D18) -> 27615.26 | E19: =SUM(E13:E18) -> 55944.31 | F19: =SUM(F13:F18) -> 47282.39 | G19: =SUM(B19:F19) -> 137902.02
A20: TOTAL DISTRIBUTION | B20: =B10-B19 -> 19251.33 | C20: =C10-C19 -> 76957.85 | D20: =D10-D19 -> 316077.21 | E20: =E10-E19 -> 522563.27 | F20: =F10-F19 -> 426144.64 | G20: =SUM(B20:F20) -> 1360994.3
A22: DEDUCTIONS
A23: Aud. And Treas. Fees | B23: 347.09 | C23: 1388.62 | D23: 5841.65 | E23: 9933.36 | F23: 8138.09 | G23: =SUM(B23:F23) -> 25648.81
A24: DETAC Fee | B24: 0 | C24: 0 | D24: 0 | E24: 0 | F24: 0 | G24: =SUM(B24:F24) -> 0
A25: Delinquent Advertising | B25: 0 | C25: 0 | D25: 0 | E25: 0 | F25: 0 | G25: =SUM(B25:F25) -> 0
A26: Tax Collector Salary | B26: 0 | C26: 0 | D26: 0 | E26: 0 | F26: 0 | G26: =SUM(B26:F26) -> 0
A27: Board of Election | B27: 0 | C27: 0 | D27: 0 | E27: 0 | F27: 0 | G27: =SUM(B27:F27) -> 0
A28: TOTAL DEDUCTIONS | B28: =SUM(B23:B27) -> 347.09 | C28: =SUM(C23:C27) -> 1388.62 | D28: =SUM(D23:D27) -> 5841.65 | E28: =SUM(E23:E27) -> 9933.36 | F28: =SUM(F23:F27) -> 8138.09 | G28: =SUM(B28:F28) -> 25648.81
A30: BALANCES | B30: =B20-B28 -> 18904.24 | C30: =C20-C28 -> 75569.23 | D30: =D20-D28 -> 310235.56 | E30: =E20-E28 -> 512629.91 | F30: =F20-F28 -> 418006.55 | G30: =SUM(B30:F30) -> 1335345.5
A31: Less Refunds | B31: 2.12 | C31: 8.7 | D31: 42.37 | E31: 85.88 | F31: 72.53 | G31: =SUM(B31:F31) -> 211.6
A32: Less Advances | B32: 0 | C32: 0 | D32: 0 | E32: 0 | F32: 0 | G32: =SUM(B32:F32) -> 0
A33: NET DISTRIBUTION | B33: =B30-SUM(B31:B32) -> 18902.12 | C33: =C30-SUM(C31:C32) -> 75560.53 | D33: =D30-SUM(D31:D32) -> 310193.19 | E33: =E30-SUM(E31:E32) -> 512544.03 | F33: =F30-SUM(F31:F32) -> 417934.02 | G33: =SUM(B33:F33) -> 1335133.9
A35: OTHER
A36: Inflation Cap Credit | B36: 0 | C36: 0 | D36: 0 | E36: 0 | F36: 0 | G36: =SUM(B36:F36) -> 0
B37: Please sign and return to this office, revised Code, Sec 321.34
B38: It is hereby certified that the above funds for retirement of bonds | F38: JENNIFER S. HUNTER | I38: COUNTY AUDITOR
B39: have been received and paid into the bond retirement fund
I40: DEPUTY AUDITOR
B41: SIGNATURE OF OFFICER

Sheet 10490-MADISON COUNTY
A2: SOURCE OF RECEIPTS | B2: GENERAL FUND 3.00 | C2: TOTALS
A3: REAL PROPERTY
A4: Agr/Res | B4: 1930424.6 | C4: =SUM(B4) -> 1930424.6
A5: Com/Ind/Min | B5: 309742.93 | C5: =SUM(B5) -> 309742.93
A6: Public Utility | B6: 262442.57 | C6: =SUM(B6) -> 262442.57
A7: TOTAL CURRENT | B7: =SUM(B4:B6) -> 2502610.1 | C7: =SUM(B7) -> 2502610.1
A8: TOTAL DELINQUENT | B8: 5482.22 | C8: =SUM(B8) -> 5482.22
A9: LESS TIF COLLECTED | B9: 45529.44 | C9: =SUM(B9) -> 45529.44
A10: TOTAL COLLECTED | B10: =SUM(B7:B8) - B9 -> 2462562.9 | C10: =SUM(B10) -> 2462562.9
A12: REIMBURSEMENTS
A13: Non-Business Credit | B13: 228623.91 | C13: =SUM(B13) -> 228623.91
A14: Non-Business Credit Delinquent | B14: -5.56 | C14: =SUM(B14) -> -5.56
A15: Owner-Occupancy Credit | B15: 34940.28 | C15: =SUM(B15) -> 34940.28
A16: Owner-Occupancy Credit Delinquent | B16: 0 | C16: =SUM(B16) -> 0
A17: Homestead | B17: 30266.39 | C17: =SUM(B17) -> 30266.39
A18: Homestead Delinquent | B18: 0 | C18: =SUM(B18) -> 0
A19: TOTAL REIMBURSEMENTS | B19: =SUM(B13:B18) -> 293825.02 | C19: =SUM(B19) -> 293825.02
A20: TOTAL DISTRIBUTION | B20: =B10-B19 -> 2168737.9 | C20: =SUM(B20) -> 2168737.9
A22: DEDUCTIONS
A23: Aud. And Treas. Fees | B23: 42637.95 | C23: =SUM(B23) -> 42637.95
A24: DETAC Fee | B24: 0 | C24: =SUM(B24) -> 0
A25: Delinquent Advertising | B25: 0 | C25: =SUM(B25) -> 0
A26: Tax Collector Salary | B26: 0 | C26: =SUM(B26) -> 0
A27: Board of Election | B27: 0 | C27: =SUM(B27) -> 0
A28: TOTAL DEDUCTIONS | B28: =SUM(B23:B27) -> 42637.95 | C28: =SUM(B28) -> 42637.95
A30: BALANCES | B30: =B20-B28 -> 2126099.9 | C30: =SUM(B30) -> 2126099.9
A31: Less Refunds | B31: 450.97 | C31: =SUM(B31) -> 450.97
A32: Less Advances | B32: 0 | C32: =SUM(B32) -> 0
A33: NET DISTRIBUTION | B33: =B30-SUM(B31:B32) -> 2125648.9 | C33: =SUM(B33) -> 2125648.9
A35: OTHER
A36: Inflation Cap Credit | B36: 0 | C36: =SUM(B36) -> 0
B37: Please sign and return to this office, revised Code, Sec 321.34
B38: It is hereby certified that the above funds for retirement of bonds | F38: JENNIFER S. HUNTER | I38: COUNTY AUDITOR
B39: have been received and paid into the bond retirement fund
I40: DEPUTY AUDITOR
B41: SIGNATURE OF OFFICER

Sheet 104904-MENTAL HEALTH & RECOVERY
A2: SOURCE OF RECEIPTS | B2: 2004 MENTAL HEALTH & RECOVERY SVCS 0.50 | C2: TOTALS
A3: REAL PROPERTY
A4: Agr/Res | B4: 140741.64 | C4: =SUM(B4) -> 140741.64
A5: Com/Ind/Min | B5: 45620.77 | C5: =SUM(B5) -> 45620.77
A6: Public Utility | B6: 43740.37 | C6: =SUM(B6) -> 43740.37
A7: TOTAL CURRENT | B7: =SUM(B4:B6) -> 230102.78 | C7: =SUM(B7) -> 230102.78
A8: TOTAL DELINQUENT | B8: -1487.35 | C8: =SUM(B8) -> -1487.35
A9: LESS TIF COLLECTED | B9: 6705.79 | C9: =SUM(B9) -> 6705.79
A10: TOTAL COLLECTED | B10: =SUM(B7:B8) - B9 -> 221909.64 | C10: =SUM(B10) -> 221909.64
A12: REIMBURSEMENTS
A13: Non-Business Credit | B13: 16663.74 | C13: =SUM(B13) -> 16663.74
A14: Non-Business Credit Delinquent | B14: -0.41 | C14: =SUM(B14) -> -0.41
A15: Owner-Occupancy Credit | B15: 2547.61 | C15: =SUM(B15) -> 2547.61
A16: Owner-Occupancy Credit Delinquent | B16: 0 | C16: =SUM(B16) -> 0
A17: Homestead | B17: 2207.55 | C17: =SUM(B17) -> 2207.55
A18: Homestead Delinquent | B18: 0 | C18: =SUM(B18) -> 0
A19: TOTAL REIMBURSEMENTS | B19: =SUM(B13:B18) -> 21418.49 | C19: =SUM(B19) -> 21418.49
A20: TOTAL DISTRIBUTION | B20: =B10-B19 -> 200491.15 | C20: =SUM(B20) -> 200491.15
A22: DEDUCTIONS
A23: Aud. And Treas. Fees | B23: 3810.17 | C23: =SUM(B23) -> 3810.17
A24: DETAC Fee | B24: 0 | C24: =SUM(B24) -> 0
A25: Delinquent Advertising | B25: 0 | C25: =SUM(B25) -> 0
A26: Tax Collector Salary | B26: 0 | C26: =SUM(B26) -> 0
A27: Board of Election | B27: 0 | C27: =SUM(B27) -> 0
A28: TOTAL DEDUCTIONS | B28: =SUM(B23:B27) -> 3810.17 | C28: =SUM(B28) -> 3810.17
A30: BALANCES | B30: =B20-B28 -> 196680.98 | C30: =SUM(B30) -> 196680.98
A31: Less Refunds | B31: 32.83 | C31: =SUM(B31) -> 32.83
A32: Less Advances | B32: 0 | C32: =SUM(B32) -> 0
A33: NET DISTRIBUTION | B33: =B30-SUM(B31:B32) -> 196648.15 | C33: =SUM(B33) -> 196648.15
A35: OTHER
A36: Inflation Cap Credit | B36: 0 | C36: =SUM(B36) -> 0
B37: Please sign and return to this office, revised Code, Sec 321.34
B38: It is hereby certified that the above funds for retirement of bonds | F38: JENNIFER S. HUNTER | I38: COUNTY AUDITOR
B39: have been received and paid into the bond retirement fund
I40: DEPUTY AUDITOR
B41: SIGNATURE OF OFFICER

Sheet 104906-SENIOR CITIZENS
A2: SOURCE OF RECEIPTS | B2: 2006 SENIOR CITIZENS 0.80 | C2: TOTALS
A3: REAL PROPERTY
A4: Agr/Res | B4: 248381.75 | C4: =SUM(B4) -> 248381.75
A5: Com/Ind/Min | B5: 72991.57 | C5: =SUM(B5) -> 72991.57
A6: Public Utility | B6: 69984.59 | C6: =SUM(B6) -> 69984.59
A7: TOTAL CURRENT | B7: =SUM(B4:B6) -> 391357.91 | C7: =SUM(B7) -> 391357.91
A8: TOTAL DELINQUENT | B8: -2073.56 | C8: =SUM(B8) -> -2073.56
A9: LESS TIF COLLECTED | B9: 10729.16 | C9: =SUM(B9) -> 10729.16
A10: TOTAL COLLECTED | B10: =SUM(B7:B8) - B9 -> 378555.19 | C10: =SUM(B10) -> 378555.19
A12: REIMBURSEMENTS
A13: Non-Business Credit | B13: 29415.44 | C13: =SUM(B13) -> 29415.44
A14: Non-Business Credit Delinquent | B14: -0.71 | C14: =SUM(B14) -> -0.71
A15: Owner-Occupancy Credit | B15: 4496.33 | C15: =SUM(B15) -> 4496.33
A16: Owner-Occupancy Credit Delinquent | B16: 0 | C16: =SUM(B16) -> 0
A17: Homestead | B17: 3891.4 | C17: =SUM(B17) -> 3891.4
A18: Homestead Delinquent | B18: 0 | C18: =SUM(B18) -> 0
A19: TOTAL REIMBURSEMENTS | B19: =SUM(B13:B18) -> 37802.46 | C19: =SUM(B19) -> 37802.46
A20: TOTAL DISTRIBUTION | B20: =B10-B19 -> 340752.73 | C20: =SUM(B20) -> 340752.73
A22: DEDUCTIONS
A23: Aud. And Treas. Fees | B23: 6507.27 | C23: =SUM(B23) -> 6507.27
A24: DETAC Fee | B24: 0 | C24: =SUM(B24) -> 0
A25: Delinquent Advertising | B25: 0 | C25: =SUM(B25) -> 0
A26: Tax Collector Salary | B26: 0 | C26: =SUM(B26) -> 0
A27: Board of Election | B27: 0 | C27: =SUM(B27) -> 0
A28: TOTAL DEDUCTIONS | B28: =SUM(B23:B27) -> 6507.27 | C28: =SUM(B28) -> 6507.27
A30: BALANCES | B30: =B20-B28 -> 334245.46 | C30: =SUM(B30) -> 334245.46
A31: Less Refunds | B31: 57.99 | C31: =SUM(B31) -> 57.99
A32: Less Advances | B32: 0 | C32: =SUM(B32) -> 0
A33: NET DISTRIBUTION | B33: =B30-SUM(B31:B32) -> 334187.47 | C33: =SUM(B33) -> 334187.47
A35: OTHER
A36: Inflation Cap Credit | B36: 0 | C36: =SUM(B36) -> 0
B37: Please sign and return to this office, revised Code, Sec 321.34
B38: It is hereby certified that the above funds for retirement of bonds | F38: JENNIFER S. HUNTER | I38: COUNTY AUDITOR
B39: have been received and paid into the bond retirement fund
I40: DEPUTY AUDITOR
B41: SIGNATURE OF OFFICER

Sheet 104901-VETERANS RELIEF
A2: SOURCE OF RECEIPTS | B2: VETERANS RELIEF 0.50 | C2: TOTALS
A3: REAL PROPERTY
A4: Agr/Res | B4: 321750.35 | C4: =SUM(B4) -> 321750.35
A5: Com/Ind/Min | B5: 51624.57 | C5: =SUM(B5) -> 51624.57
A6: Public Utility | B6: 43740.37 | C6: =SUM(B6) -> 43740.37
A7: TOTAL CURRENT | B7: =SUM(B4:B6) -> 417115.29 | C7: =SUM(B7) -> 417115.29
A8: TOTAL DELINQUENT | B8: 913.78 | C8: =SUM(B8) -> 913.78
A9: LESS TIF COLLECTED | B9: 7588.29 | C9: =SUM(B9) -> 7588.29
A10: TOTAL COLLECTED | B10: =SUM(B7:B8) - B9 -> 410440.78 | C10: =SUM(B10) -> 410440.78
A12: REIMBURSEMENTS
A13: Non-Business Credit | B13: 38105.35 | C13: =SUM(B13) -> 38105.35
A14: Non-Business Credit Delinquent | B14: -0.93 | C14: =SUM(B14) -> -0.93
A15: Owner-Occupancy Credit | B15: 5823.54 | C15: =SUM(B15) -> 5823.54
A16: Owner-Occupancy Credit Delinquent | B16: 0 | C16: =SUM(B16) -> 0
A17: Homestead | B17: 5044.52 | C17: =SUM(B17) -> 5044.52
A18: Homestead Delinquent | B18: 0 | C18: =SUM(B18) -> 0
A19: TOTAL REIMBURSEMENTS | B19: =SUM(B13:B18) -> 48972.48 | C19: =SUM(B19) -> 48972.48
A20: TOTAL DISTRIBUTION | B20: =B10-B19 -> 361468.3 | C20: =SUM(B20) -> 361468.3
A22: DEDUCTIONS
A23: Aud. And Treas. Fees | B23: 7106.55 | C23: =SUM(B23) -> 7106.55
A24: DETAC Fee | B24: 0 | C24: =SUM(B24) -> 0
A25: Delinquent Advertising | B25: 0 | C25: =SUM(B25) -> 0
A26: Tax Collector Salary | B26: 0 | C26: =SUM(B26) -> 0
A27: Board of Election | B27: 0 | C27: =SUM(B27) -> 0
A28: TOTAL DEDUCTIONS | B28: =SUM(B23:B27) -> 7106.55 | C28: =SUM(B28) -> 7106.55
A30: BALANCES | B30: =B20-B28 -> 354361.75 | C30: =SUM(B30) -> 354361.75
A31: Less Refunds | B31: 75.18 | C31: =SUM(B31) -> 75.18
A32: Less Advances | B32: 0 | C32: =SUM(B32) -> 0
A33: NET DISTRIBUTION | B33: =B30-SUM(B31:B32) -> 354286.57 | C33: =SUM(B33) -> 354286.57
A35: OTHER
A36: Inflation Cap Credit | B36: 0 | C36: =SUM(B36) -> 0
B37: Please sign and return to this office, revised Code, Sec 321.34
B38: It is hereby certified that the above funds for retirement of bonds | F38: JENNIFER S. HUNTER | I38: COUNTY AUDITOR
B39: have been received and paid into the bond retirement fund
I40: DEPUTY AUDITOR
B41: SIGNATURE OF OFFICER

Sheet 21700-FAIRBANKS LSD
A2: SOURCE OF RECEIPTS | B2: GENERAL FUND 4.90 | C2: 1976 CURRENT EXPENSE 19.30 | D2: 1985 CURRENT EXPENSE 8.00 | E2: 2006 BOND ($11,460,066) 1.25 | F2: 2009 SUBSTITUTE RC 5705.199 4.10 | G2: TOTALS
A3: REAL PROPERTY
A4: Agr/Res | B4: 65599.68 | C4: 83311.43 | D4: 35535.11 | E4: 16734.7 | F4: 54889.6 | G4: =SUM(B4:F4) -> 256070.52
A5: Com/Ind/Min | B5: 27.25 | C5: 54.94 | D5: 29.03 | E5: 6.95 | F5: 22.81 | G5: =SUM(B5:F5) -> 140.98
A6: Public Utility | B6: 2638.85 | C6: 10393.99 | D6: 4308.35 | E6: 673.18 | F6: 2208.01 | G6: =SUM(B6:F6) -> 20222.38
A7: TOTAL CURRENT | B7: =SUM(B4:B6) -> 68265.78 | C7: =SUM(C4:C6) -> 93760.36 | D7: =SUM(D4:D6) -> 39872.49 | E7: =SUM(E4:E6) -> 17414.83 | F7: =SUM(F4:F6) -> 57120.42 | G7: =SUM(B7:F7) -> 276433.88
A8: TOTAL DELINQUENT | B8: 478 | C8: 644.71 | D8: 285.32 | E8: 121.93 | F8: 399.95 | G8: =SUM(B8:F8) -> 1929.91
A9: LESS TIF COLLECTED | B9: 0 | C9: 0 | D9: 0 | E9: 0 | F9: 0 | G9: =SUM(B9:F9) -> 0
A10: TOTAL COLLECTED | B10: =SUM(B7:B8) - B9 -> 68743.78 | C10: =SUM(C7:C8) - C9 -> 94405.07 | D10: =SUM(D7:D8) - D9 -> 40157.81 | E10: =SUM(E7:E8) - E9 -> 17536.76 | F10: =SUM(F7:F8) - F9 -> 57520.37 | G10: =SUM(B10:F10) -> 278363.79
A12: REIMBURSEMENTS
A13: Non-Business Credit | B13: 8497.82 | C13: 18357.19 | D13: 7830.02 | E13: 2167.92 | F13: 7110.36 | G13: =SUM(B13:F13) -> 43963.31
A14: Non-Business Credit Delinquent | B14: 0 | C14: 0 | D14: 0 | E14: 0 | F14: 0 | G14: =SUM(B14:F14) -> 0
A15: Owner-Occupancy Credit | B15: 640.41 | C15: 1383.62 | D15: 590.13 | E15: 163.38 | F15: 535.89 | G15: =SUM(B15:F15) -> 3313.43
A16: Owner-Occupancy Credit Delinquent | B16: 0 | C16: 0 | D16: 0 | E16: 0 | F16: 0 | G16: =SUM(B16:F16) -> 0
A17: Homestead | B17: 500.48 | C17: 1081 | D17: 461.15 | E17: 127.65 | F17: 418.83 | G17: =SUM(B17:F17) -> 2589.11
A18: Homestead Delinquent | B18: 0 | C18: 0 | D18: 0 | E18: 0 | F18: 0 | G18: =SUM(B18:F18) -> 0
A19: TOTAL REIMBURSEMENTS | B19: =SUM(B13:B18) -> 9638.71 | C19: =SUM(C13:C18) -> 20821.81 | D19: =SUM(D13:D18) -> 8881.3 | E19: =SUM(E13:E18) -> 2458.95 | F19: =SUM(F13:F18) -> 8065.08 | G19: =SUM(B19:F19) -> 49865.85
A20: TOTAL DISTRIBUTION | B20: =B10-B19 -> 59105.07 | C20: =C10-C19 -> 73583.26 | D20: =D10-D19 -> 31276.51 | E20: =E10-E19 -> 15077.81 | F20: =F10-F19 -> 49455.29 | G20: =SUM(B20:F20) -> 228497.94
A22: DEDUCTIONS
A23: Aud. And Treas. Fees | B23: 1201.98 | C23: 1650.63 | D23: 702.16 | E23: 306.61 | F23: 1005.71 | G23: =SUM(B23:F23) -> 4867.09
A24: DETAC Fee | B24: 0 | C24: 0 | D24: 0 | E24: 0 | F24: 0 | G24: =SUM(B24:F24) -> 0
A25: Delinquent Advertising | B25: 0 | C25: 0 | D25: 0 | E25: 0 | F25: 0 | G25: =SUM(B25:F25) -> 0
A26: Tax Collector Salary | B26: 0 | C26: 0 | D26: 0 | E26: 0 | F26: 0 | G26: =SUM(B26:F26) -> 0
A27: Board of Election | B27: 0 | C27: 0 | D27: 0 | E27: 0 | F27: 0 | G27: =SUM(B27:F27) -> 0
A28: TOTAL DEDUCTIONS | B28: =SUM(B23:B27) -> 1201.98 | C28: =SUM(C23:C27) -> 1650.63 | D28: =SUM(D23:D27) -> 702.16 | E28: =SUM(E23:E27) -> 306.61 | F28: =SUM(F23:F27) -> 1005.71 | G28: =SUM(B28:F28) -> 4867.09
A30: BALANCES | B30: =B20-B28 -> 57903.09 | C30: =C20-C28 -> 71932.63 | D30: =D20-D28 -> 30574.35 | E30: =E20-E28 -> 14771.2 | F30: =F20-F28 -> 48449.58 | G30: =SUM(B30:F30) -> 223630.85
A31: Less Refunds | B31: 0 | C31: 21693.15 | D31: 9252.85 | E31: 0 | F31: 0 | G31: =SUM(B31:F31) -> 30946
A32: Less Advances | B32: 0 | C32: 0 | D32: 0 | E32: 0 | F32: 0 | G32: =SUM(B32:F32) -> 0
A33: NET DISTRIBUTION | B33: =B30-SUM(B31:B32) -> 57903.09 | C33: =C30-SUM(C31:C32) -> 50239.48 | D33: =D30-SUM(D31:D32) -> 21321.5 | E33: =E30-SUM(E31:E32) -> 14771.2 | F33: =F30-SUM(F31:F32) -> 48449.58 | G33: =SUM(B33:F33) -> 192684.85
A35: OTHER
A36: Inflation Cap Credit | B36: 0 | C36: 81576.44 | D36: 34795.04 | E36: 0 | F36: 0 | G36: =SUM(B36:F36) -> 116371.48
B37: Please sign and return to this office, revised Code, Sec 321.34
B38: It is hereby certified that the above funds for retirement of bonds | F38: JENNIFER S. HUNTER | I38: COUNTY AUDITOR
B39: have been received and paid into the bond retirement fund
I40: DEPUTY AUDITOR
B41: SIGNATURE OF OFFICER

Sheet 22540-JEFFERSON LSD (MADISON CO
A2: SOURCE OF RECEIPTS | B2: GENERAL FUND 5.00 | C2: 1976 CURRENT EXPENSE 17.80 | D2: 2003 BOND ($16,900,000) 0.75 | E2: 2003 PERMANENT IMP-ONGOING 0.50 | F2: 2011 SUBSTITUTE (RC 5705.199) 4.67 | G2: 2019 EMERGENCY ($769,711) 2.55 | H2: TOTALS
A3: REAL PROPERTY
A4: Agr/Res | B4: 510487.05 | C4: 1125513.7 | D4: 76573.66 | E4: 24024.08 | F4: 476788.46 | G4: 254879.11 | H4: =SUM(B4:G4) -> 2468266
A5: Com/Ind/Min | B5: 231223.89 | C5: 700755 | D5: 34683.59 | E5: 19303.82 | F5: 215962.69 | G5: 117923.91 | H5: =SUM(B5:G5) -> 1319852.9
A6: Public Utility | B6: 64152.92 | C6: 228384.46 | D6: 9622.93 | E6: 6415.3 | F6: 59918.81 | G6: 32718 | H6: =SUM(B6:G6) -> 401212.42
A7: TOTAL CURRENT | B7: =SUM(B4:B6) -> 805863.86 | C7: =SUM(C4:C6) -> 2054653.1 | D7: =SUM(D4:D6) -> 120880.18 | E7: =SUM(E4:E6) -> 49743.2 | F7: =SUM(F4:F6) -> 752669.96 | G7: =SUM(G4:G6) -> 405521.02 | H7: =SUM(B7:G7) -> 4189331.4
A8: TOTAL DELINQUENT | B8: -4740.19 | C8: -20099.64 | D8: -711.06 | E8: -739.59 | F8: -4427.31 | G8: -2098.51 | H8: =SUM(B8:G8) -> -32816.3
A9: LESS TIF COLLECTED | B9: 63362.55 | C9: 192028.91 | D9: 9504.37 | E9: 5289.82 | F9: 59180.6 | G9: 32314.89 | H9: =SUM(B9:G9) -> 361681.14
A10: TOTAL COLLECTED | B10: =SUM(B7:B8) - B9 -> 737761.12 | C10: =SUM(C7:C8) - C9 -> 1842524.6 | D10: =SUM(D7:D8) - D9 -> 110664.75 | E10: =SUM(E7:E8) - E9 -> 43713.79 | F10: =SUM(F7:F8) - F9 -> 689062.05 | G10: =SUM(G7:G8) - G9 -> 371107.62 | H10: =SUM(B10:G10) -> 3794833.9
A12: REIMBURSEMENTS
A13: Non-Business Credit | B13: 59113.97 | C13: 177333.66 | D13: 8866.47 | E13: 2781.35 | F13: 55208.37 | G13: 0 | H13: =SUM(B13:G13) -> 303303.82
A14: Non-Business Credit Delinquent | B14: 0 | C14: 0 | D14: 0 | E14: 0 | F14: 0 | G14: 0 | H14: =SUM(B14:G14) -> 0
A15: Owner-Occupancy Credit | B15: 10790.06 | C15: 32368.37 | D15: 1618.41 | E15: 507.73 | F15: 10076.94 | G15: 0 | H15: =SUM(B15:G15) -> 55361.51
A16: Owner-Occupancy Credit Delinquent | B16: 0 | C16: 0 | D16: 0 | E16: 0 | F16: 0 | G16: 0 | H16: =SUM(B16:G16) -> 0
A17: Homestead | B17: 10347.89 | C17: 31048.63 | D17: 1552.16 | E17: 485.82 | F17: 9667.21 | G17: 6030.04 | H17: =SUM(B17:G17) -> 59131.75
A18: Homestead Delinquent | B18: 0 | C18: 0 | D18: 0 | E18: 0 | F18: 0 | G18: 0 | H18: =SUM(B18:G18) -> 0
A19: TOTAL REIMBURSEMENTS | B19: =SUM(B13:B18) -> 80251.92 | C19: =SUM(C13:C18) -> 240750.66 | D19: =SUM(D13:D18) -> 12037.04 | E19: =SUM(E13:E18) -> 3774.9 | F19: =SUM(F13:F18) -> 74952.52 | G19: =SUM(G13:G18) -> 6030.04 | H19: =SUM(B19:G19) -> 417797.08
A20: TOTAL DISTRIBUTION | B20: =B10-B19 -> 657509.2 | C20: =C10-C19 -> 1601773.9 | D20: =D10-D19 -> 98627.71 | E20: =E10-E19 -> 39938.89 | F20: =F10-F19 -> 614109.53 | G20: =G10-G19 -> 365077.58 | H20: =SUM(B20:G20) -> 3377036.8
A22: DEDUCTIONS
A23: Aud. And Treas. Fees | B23: 12899.51 | C23: 32215.88 | D23: 1934.93 | E23: 764.36 | F23: 12047.98 | G23: 6488.7 | H23: =SUM(B23:G23) -> 66351.36
A24: DETAC Fee | B24: 0 | C24: 0 | D24: 0 | E24: 0 | F24: 0 | G24: 0 | H24: =SUM(B24:G24) -> 0
A25: Delinquent Advertising | B25: 0 | C25: 0 | D25: 0 | E25: 0 | F25: 0 | G25: 0 | H25: =SUM(B25:G25) -> 0
A26: Tax Collector Salary | B26: 0 | C26: 0 | D26: 0 | E26: 0 | F26: 0 | G26: 0 | H26: =SUM(B26:G26) -> 0
A27: Board of Election | B27: 0 | C27: 0 | D27: 0 | E27: 0 | F27: 0 | G27: 0 | H27: =SUM(B27:G27) -> 0
A28: TOTAL DEDUCTIONS | B28: =SUM(B23:B27) -> 12899.51 | C28: =SUM(C23:C27) -> 32215.88 | D28: =SUM(D23:D27) -> 1934.93 | E28: =SUM(E23:E27) -> 764.36 | F28: =SUM(F23:F27) -> 12047.98 | G28: =SUM(G23:G27) -> 6488.7 | H28: =SUM(B28:G28) -> 66351.36
A30: BALANCES | B30: =B20-B28 -> 644609.69 | C30: =C20-C28 -> 1569558.1 | D30: =D20-D28 -> 96692.78 | E30: =E20-E28 -> 39174.53 | F30: =F20-F28 -> 602061.55 | G30: =G20-G28 -> 358588.88 | H30: =SUM(B30:G30) -> 3310685.5
A31: Less Refunds | B31: 44.4 | C31: 72138.68 | D31: 6.66 | E31: 2.08 | F31: 41.48 | G31: 25.88 | H31: =SUM(B31:G31) -> 72259.18
A32: Less Advances | B32: 0 | C32: 0 | D32: 0 | E32: 0 | F32: 0 | G32: 0 | H32: =SUM(B32:G32) -> 0
A33: NET DISTRIBUTION | B33: =B30-SUM(B31:B32) -> 644565.29 | C33: =C30-SUM(C31:C32) -> 1497419.4 | D33: =D30-SUM(D31:D32) -> 96686.12 | E33: =E30-SUM(E31:E32) -> 39172.45 | F33: =F30-SUM(F31:F32) -> 602020.07 | G33: =G30-SUM(G31:G32) -> 358563 | H33: =SUM(B33:G33) -> 3238426.3
A35: OTHER
A36: Inflation Cap Credit | B36: 0 | C36: 491165.76 | D36: 0 | E36: 0 | F36: 0 | G36: 0 | H36: =SUM(B36:G36) -> 491165.76
B37: Please sign and return to this office, revised Code, Sec 321.34
B38: It is hereby certified that the above funds for retirement of bonds | F38: JENNIFER S. HUNTER | I38: COUNTY AUDITOR
B39: have been received and paid into the bond retirement fund
I40: DEPUTY AUDITOR
B41: SIGNATURE OF OFFICER

Sheet 22590-JONATHAN ALDER LSD
A2: SOURCE OF RECEIPTS | B2: GENERAL FUND 5.00 | C2: 1976 CURRENT EXPENSE 21.00 | D2: 1979 CURRENT EXPENSE 3.20 | E2: 1994 PERMANENT IMPROVEMENT 2.40 | F2: 2002 BOND ($25,000,000) 1.00 | G2: 2025 BOND ($70,625,000) 5.12 | H2: TOTALS
A3: REAL PROPERTY
A4: Agr/Res | B4: 860785.34 | C4: 1636787.2 | D4: 252774.58 | E4: 102877.87 | F4: 172163.72 | G4: 864262.57 | H4: =SUM(B4:G4) -> 3889651.3
A5: Com/Ind/Min | B5: 47828.36 | C5: 124064.61 | D5: 19430.11 | E5: 6955.02 | F5: 9565.99 | G5: 48975.85 | H5: =SUM(B5:G5) -> 256819.94
A6: Public Utility | B6: 22904.02 | C6: 96197 | D6: 14658.52 | E6: 10993.86 | F6: 4580.8 | G6: 23453.69 | H6: =SUM(B6:G6) -> 172787.89
A7: TOTAL CURRENT | B7: =SUM(B4:B6) -> 931517.72 | C7: =SUM(C4:C6) -> 1857048.8 | D7: =SUM(D4:D6) -> 286863.21 | E7: =SUM(E4:E6) -> 120826.75 | F7: =SUM(F4:F6) -> 186310.51 | G7: =SUM(G4:G6) -> 936692.11 | H7: =SUM(B7:G7) -> 4319259.1
A8: TOTAL DELINQUENT | B8: -2750.47 | C8: -15094.66 | D8: -2288.39 | E8: -2117.77 | F8: -550.09 | G8: -2499.95 | H8: =SUM(B8:G8) -> -25301.33
A9: LESS TIF COLLECTED | B9: 0 | C9: 0 | D9: 0 | E9: 0 | F9: 0 | G9: 0 | H9: =SUM(B9:G9) -> 0
A10: TOTAL COLLECTED | B10: =SUM(B7:B8) - B9 -> 928767.25 | C10: =SUM(C7:C8) - C9 -> 1841954.2 | D10: =SUM(D7:D8) - D9 -> 284574.82 | E10: =SUM(E7:E8) - E9 -> 118708.98 | F10: =SUM(F7:F8) - F9 -> 185760.42 | G10: =SUM(G7:G8) - G9 -> 934192.16 | H10: =SUM(B10:G10) -> 4293957.8
A12: REIMBURSEMENTS
A13: Non-Business Credit | B13: 99282.49 | C13: 257988.48 | D13: 39841.72 | E13: 11865.54 | F13: 19856.57 | G13: 0 | H13: =SUM(B13:G13) -> 428834.8
A14: Non-Business Credit Delinquent | B14: 0 | C14: 0 | D14: 0 | E14: 0 | F14: 0 | G14: 0 | H14: =SUM(B14:G14) -> 0
A15: Owner-Occupancy Credit | B15: 16292.21 | C15: 42336.72 | D15: 6538.46 | E15: 1947.56 | F15: 3258.48 | G15: 0 | H15: =SUM(B15:G15) -> 70373.43
A16: Owner-Occupancy Credit Delinquent | B16: 0 | C16: 0 | D16: 0 | E16: 0 | F16: 0 | G16: 0 | H16: =SUM(B16:G16) -> 0
A17: Homestead | B17: 8724.71 | C17: 22676.1 | D17: 3501.63 | E17: 1041.56 | F17: 1744.92 | G17: 10210.25 | H17: =SUM(B17:G17) -> 47899.17
A18: Homestead Delinquent | B18: 0 | C18: 0 | D18: 0 | E18: 0 | F18: 0 | G18: 0 | H18: =SUM(B18:G18) -> 0
A19: TOTAL REIMBURSEMENTS | B19: =SUM(B13:B18) -> 124299.41 | C19: =SUM(C13:C18) -> 323001.3 | D19: =SUM(D13:D18) -> 49881.81 | E19: =SUM(E13:E18) -> 14854.66 | F19: =SUM(F13:F18) -> 24859.97 | G19: =SUM(G13:G18) -> 10210.25 | H19: =SUM(B19:G19) -> 547107.4
A20: TOTAL DISTRIBUTION | B20: =B10-B19 -> 804467.84 | C20: =C10-C19 -> 1518952.9 | D20: =D10-D19 -> 234693.01 | E20: =E10-E19 -> 103854.32 | F20: =F10-F19 -> 160900.45 | G20: =G10-G19 -> 923981.91 | H20: =SUM(B20:G20) -> 3746850.4
A22: DEDUCTIONS
A23: Aud. And Treas. Fees | B23: 16239.14 | C23: 32205.85 | D23: 4975.71 | E23: 2075.64 | F23: 3247.96 | G23: 16334.04 | H23: =SUM(B23:G23) -> 75078.34
A24: DETAC Fee | B24: 0 | C24: 0 | D24: 0 | E24: 0 | F24: 0 | G24: 0 | H24: =SUM(B24:G24) -> 0
A25: Delinquent Advertising | B25: 0 | C25: 0 | D25: 0 | E25: 0 | F25: 0 | G25: 0 | H25: =SUM(B25:G25) -> 0
A26: Tax Collector Salary | B26: 0 | C26: 0 | D26: 0 | E26: 0 | F26: 0 | G26: 0 | H26: =SUM(B26:G26) -> 0
A27: Board of Election | B27: 0 | C27: 0 | D27: 0 | E27: 0 | F27: 0 | G27: 0 | H27: =SUM(B27:G27) -> 0
A28: TOTAL DEDUCTIONS | B28: =SUM(B23:B27) -> 16239.14 | C28: =SUM(C23:C27) -> 32205.85 | D28: =SUM(D23:D27) -> 4975.71 | E28: =SUM(E23:E27) -> 2075.64 | F28: =SUM(F23:F27) -> 3247.96 | G28: =SUM(G23:G27) -> 16334.04 | H28: =SUM(B28:G28) -> 75078.34
A30: BALANCES | B30: =B20-B28 -> 788228.7 | C30: =C20-C28 -> 1486747 | D30: =D20-D28 -> 229717.3 | E30: =E20-E28 -> 101778.68 | F30: =F20-F28 -> 157652.49 | G30: =G20-G28 -> 907647.87 | H30: =SUM(B30:G30) -> 3671772.1
A31: Less Refunds | B31: 88.8 | C31: 115794.83 | D31: 17882.71 | E31: 10.6 | F31: 17.76 | G31: 104.3 | H31: =SUM(B31:G31) -> 133899
A32: Less Advances | B32: 597699.13 | C32: 997535.66 | D32: 154194.5 | E32: 72414.15 | F32: 119544.9 | G32: 689462.86 | H32: =SUM(B32:G32) -> 2630851.2
A33: NET DISTRIBUTION | B33: =B30-SUM(B31:B32) -> 190440.77 | C33: =C30-SUM(C31:C32) -> 373416.53 | D33: =D30-SUM(D31:D32) -> 57640.09 | E33: =E30-SUM(E31:E32) -> 29353.93 | F33: =F30-SUM(F31:F32) -> 38089.83 | G33: =G30-SUM(G31:G32) -> 218080.71 | H33: =SUM(B33:G33) -> 907021.86
A35: OTHER
A36: Inflation Cap Credit | B36: 0 | C36: 732035.62 | D36: 113050.08 | E36: 0 | F36: 0 | G36: 0 | H36: =SUM(B36:G36) -> 845085.7
B37: Please sign and return to this office, revised Code, Sec 321.34
B38: It is hereby certified that the above funds for retirement of bonds | F38: JENNIFER S. HUNTER | I38: COUNTY AUDITOR
B39: have been received and paid into the bond retirement fund
I40: DEPUTY AUDITOR
B41: SIGNATURE OF OFFICER

Sheet 22960-LONDON CSD
A2: SOURCE OF RECEIPTS | B2: GENERAL FUND 4.20 | C2: 1976 CURRENT EXPENSE 20.20 | D2: 1996 CURRENT EXPENSE 12.90 | E2: 2001 BOND ($30,000,000) 0.50 | F2: TOTALS
A3: REAL PROPERTY
A4: Agr/Res | B4: 824595.52 | C4: 1346852.6 | D4: 991410.04 | E4: 98172.37 | F4: =SUM(B4:E4) -> 3261030.5
A5: Com/Ind/Min | B5: 176082.45 | C5: 444942.4 | D5: 371390.97 | E5: 20962.58 | F5: =SUM(B5:E5) -> 1013378.4
A6: Public Utility | B6: 63820.75 | C6: 306947.36 | D6: 196020.83 | E6: 7597.7 | F6: =SUM(B6:E6) -> 574386.64
A7: TOTAL CURRENT | B7: =SUM(B4:B6) -> 1064498.7 | C7: =SUM(C4:C6) -> 2098742.3 | D7: =SUM(D4:D6) -> 1558821.8 | E7: =SUM(E4:E6) -> 126732.65 | F7: =SUM(B7:E7) -> 4848795.5
A8: TOTAL DELINQUENT | B8: -4566.65 | C8: -40814.07 | D8: -24557.38 | E8: -543.67 | F8: =SUM(B8:E8) -> -70481.77
A9: LESS TIF COLLECTED | B9: 10516.62 | C9: 26574.46 | D9: 22181.58 | E9: 1252.01 | F9: =SUM(B9:E9) -> 60524.67
A10: TOTAL COLLECTED | B10: =SUM(B7:B8) - B9 -> 1049415.4 | C10: =SUM(C7:C8) - C9 -> 2031353.8 | D10: =SUM(D7:D8) - D9 -> 1512082.9 | E10: =SUM(E7:E8) - E9 -> 124936.97 | F10: =SUM(B10:E10) -> 4717789.1
A12: REIMBURSEMENTS
A13: Non-Business Credit | B13: 93789.66 | C13: 203226.9 | D13: 149598.71 | E13: 11165.76 | F13: =SUM(B13:E13) -> 457781.03
A14: Non-Business Credit Delinquent | B14: 0 | C14: 0 | D14: 0 | E14: 0 | F14: =SUM(B14:E14) -> 0
A15: Owner-Occupancy Credit | B15: 16337.29 | C15: 35400.75 | D15: 26058.98 | E15: 1945.2 | F15: =SUM(B15:E15) -> 79742.22
A16: Owner-Occupancy Credit Delinquent | B16: 0 | C16: 0 | D16: 0 | E16: 0 | F16: =SUM(B16:E16) -> 0
A17: Homestead | B17: 16229.87 | C17: 35166.78 | D17: 25889.67 | E17: 1932.05 | F17: =SUM(B17:E17) -> 79218.37
A18: Homestead Delinquent | B18: 0 | C18: 0 | D18: 0 | E18: 0 | F18: =SUM(B18:E18) -> 0
A19: TOTAL REIMBURSEMENTS | B19: =SUM(B13:B18) -> 126356.82 | C19: =SUM(C13:C18) -> 273794.43 | D19: =SUM(D13:D18) -> 201547.36 | E19: =SUM(E13:E18) -> 15043.01 | F19: =SUM(B19:E19) -> 616741.62
A20: TOTAL DISTRIBUTION | B20: =B10-B19 -> 923058.63 | C20: =C10-C19 -> 1757559.4 | D20: =D10-D19 -> 1310535.5 | E20: =E10-E19 -> 109893.96 | F20: =SUM(B20:E20) -> 4101047.5
A22: DEDUCTIONS
A23: Aud. And Treas. Fees | B23: 18348.67 | C23: 35517.33 | D23: 26438.22 | E23: 2184.48 | F23: =SUM(B23:E23) -> 82488.7
A24: DETAC Fee | B24: 0 | C24: 0 | D24: 0 | E24: 0 | F24: =SUM(B24:E24) -> 0
A25: Delinquent Advertising | B25: 0 | C25: 0 | D25: 0 | E25: 0 | F25: =SUM(B25:E25) -> 0
A26: Tax Collector Salary | B26: 0 | C26: 0 | D26: 0 | E26: 0 | F26: =SUM(B26:E26) -> 0
A27: Board of Election | B27: 0 | C27: 0 | D27: 0 | E27: 0 | F27: =SUM(B27:E27) -> 0
A28: TOTAL DEDUCTIONS | B28: =SUM(B23:B27) -> 18348.67 | C28: =SUM(C23:C27) -> 35517.33 | D28: =SUM(D23:D27) -> 26438.22 | E28: =SUM(E23:E27) -> 2184.48 | F28: =SUM(B28:E28) -> 82488.7
A30: BALANCES | B30: =B20-B28 -> 904709.96 | C30: =C20-C28 -> 1722042 | D30: =D20-D28 -> 1284097.3 | E30: =E20-E28 -> 107709.48 | F30: =SUM(B30:E30) -> 4018558.8
A31: Less Refunds | B31: 116.94 | C31: 72284.62 | D31: 53210.26 | E31: 13.92 | F31: =SUM(B31:E31) -> 125625.74
A32: Less Advances | B32: 0 | C32: 0 | D32: 0 | E32: 0 | F32: =SUM(B32:E32) -> 0
A33: NET DISTRIBUTION | B33: =B30-SUM(B31:B32) -> 904593.02 | C33: =C30-SUM(C31:C32) -> 1649757.4 | D33: =D30-SUM(D31:D32) -> 1230887 | E33: =E30-SUM(E31:E32) -> 107695.56 | F33: =SUM(B33:E33) -> 3892933
A35: OTHER
A36: Inflation Cap Credit | B36: 0 | C36: 529339.34 | D36: 389656.3 | E36: 0 | F36: =SUM(B36:E36) -> 918995.64
B37: Please sign and return to this office, revised Code, Sec 321.34
B38: It is hereby certified that the above funds for retirement of bonds | F38: JENNIFER S. HUNTER | I38: COUNTY AUDITOR
B39: have been received and paid into the bond retirement fund
I40: DEPUTY AUDITOR
B41: SIGNATURE OF OFFICER

Sheet 23130-MADISON PLAINS LSD
A2: SOURCE OF RECEIPTS | B2: GENERAL FUND 5.10 | C2: 1976 CURRENT EXPENSE 16.00 | D2: 1994 CURRENT EXPENSE 6.00 | E2: 1995 CURRENT EXPENSE 5.85 | F2: 1998 PERMANENT IMPROVEMENT 2.50 | G2: 2003 CURRENT EXPENSE 5.00 | H2: 2005 CURRENT EXPENSE 8.00 | I2: TOTALS
A3: REAL PROPERTY
A4: Agr/Res | B4: 792794.16 | C4: 634770.23 | D4: 280096.63 | E4: 273232.22 | F4: 111603.18 | G4: 305019.19 | H4: 489522.49 | I4: =SUM(B4:H4) -> 2887038.1
A5: Com/Ind/Min | B5: 28084.56 | C5: 80714.54 | D5: 31089.86 | E5: 30312.67 | F5: 12954.3 | G5: 25908.63 | H5: 41453.16 | I5: =SUM(B5:H5) -> 250517.72
A6: Public Utility | B6: 276658.52 | C6: 867948.08 | D6: 325480.61 | E6: 317343.49 | F6: 135616.87 | G6: 271233.9 | H6: 433974.05 | I6: =SUM(B6:H6) -> 2628255.5
A7: TOTAL CURRENT | B7: =SUM(B4:B6) -> 1097537.2 | C7: =SUM(C4:C6) -> 1583432.9 | D7: =SUM(D4:D6) -> 636667.1 | E7: =SUM(E4:E6) -> 620888.38 | F7: =SUM(F4:F6) -> 260174.35 | G7: =SUM(G4:G6) -> 602161.72 | H7: =SUM(H4:H6) -> 964949.7 | I7: =SUM(B7:H7) -> 5765811.3
A8: TOTAL DELINQUENT | B8: 21860.09 | C8: 9720.5 | D8: 5305.98 | E8: 5178.76 | F8: 1373.32 | G8: 7243.7 | H8: 11649.07 | I8: =SUM(B8:H8) -> 62331.42
A9: LESS TIF COLLECTED | B9: 0 | C9: 0 | D9: 0 | E9: 0 | F9: 0 | G9: 0 | H9: 0 | I9: =SUM(B9:H9) -> 0
A10: TOTAL COLLECTED | B10: =SUM(B7:B8) - B9 -> 1119397.3 | C10: =SUM(C7:C8) - C9 -> 1593153.4 | D10: =SUM(D7:D8) - D9 -> 641973.08 | E10: =SUM(E7:E8) - E9 -> 626067.14 | F10: =SUM(F7:F8) - F9 -> 261547.67 | G10: =SUM(G7:G8) - G9 -> 609405.42 | H10: =SUM(H7:H8) - H9 -> 976598.77 | I10: =SUM(B10:H10) -> 5828142.8
A12: REIMBURSEMENTS
A13: Non-Business Credit | B13: 102060.49 | C13: 95503.54 | D13: 42144.81 | E13: 41111.79 | F13: 14362 | G13: 45898.24 | H13: 73664.07 | I13: =SUM(B13:H13) -> 414744.94
A14: Non-Business Credit Delinquent | B14: -9.44 | C14: -8.84 | D14: -3.9 | E14: -3.81 | F14: -1.33 | G14: -4.25 | H14: -6.82 | I14: =SUM(B14:H14) -> -38.39
A15: Owner-Occupancy Credit | B15: 11087.47 | C15: 10382.32 | D15: 4580.9 | E15: 4468.98 | F15: 1561.3 | G15: 4987.86 | H15: 8005.31 | I15: =SUM(B15:H15) -> 45074.14
A16: Owner-Occupancy Credit Delinquent | B16: 0 | C16: 0 | D16: 0 | E16: 0 | F16: 0 | G16: 0 | H16: 0 | I16: =SUM(B16:H16) -> 0
A17: Homestead | B17: 11526.26 | C17: 10881.35 | D17: 4793.24 | E17: 4675.53 | F17: 1639.32 | G17: 5204.72 | H17: 8358.2 | I17: =SUM(B17:H17) -> 47078.62
A18: Homestead Delinquent | B18: 0 | C18: 0 | D18: 0 | E18: 0 | F18: 0 | G18: 0 | H18: 0 | I18: =SUM(B18:H18) -> 0
A19: TOTAL REIMBURSEMENTS | B19: =SUM(B13:B18) -> 124664.78 | C19: =SUM(C13:C18) -> 116758.37 | D19: =SUM(D13:D18) -> 51515.05 | E19: =SUM(E13:E18) -> 50252.49 | F19: =SUM(F13:F18) -> 17561.29 | G19: =SUM(G13:G18) -> 56086.57 | H19: =SUM(H13:H18) -> 90020.76 | I19: =SUM(B19:H19) -> 506859.31
A20: TOTAL DISTRIBUTION | B20: =B10-B19 -> 994732.55 | C20: =C10-C19 -> 1476395 | D20: =D10-D19 -> 590458.03 | E20: =E10-E19 -> 575814.65 | F20: =F10-F19 -> 243986.38 | G20: =G10-G19 -> 553318.85 | H20: =H10-H19 -> 886578.01 | I20: =SUM(B20:H20) -> 5321283.4
A22: DEDUCTIONS
A23: Aud. And Treas. Fees | B23: 18859.72 | C23: 25620.38 | D23: 10386.44 | E23: 10129.22 | F23: 4223.8 | G23: 9956.68 | H23: 15957.82 | I23: =SUM(B23:H23) -> 95134.06
A24: DETAC Fee | B24: 0 | C24: 0 | D24: 0 | E24: 0 | F24: 0 | G24: 0 | H24: 0 | I24: =SUM(B24:H24) -> 0
A25: Delinquent Advertising | B25: 0 | C25: 0 | D25: 0 | E25: 0 | F25: 0 | G25: 0 | H25: 0 | I25: =SUM(B25:H25) -> 0
A26: Tax Collector Salary | B26: 0 | C26: 0 | D26: 0 | E26: 0 | F26: 0 | G26: 0 | H26: 0 | I26: =SUM(B26:H26) -> 0
A27: Board of Election | B27: 0 | C27: 0 | D27: 0 | E27: 0 | F27: 0 | G27: 0 | H27: 0 | I27: =SUM(B27:H27) -> 0
A28: TOTAL DEDUCTIONS | B28: =SUM(B23:B27) -> 18859.72 | C28: =SUM(C23:C27) -> 25620.38 | D28: =SUM(D23:D27) -> 10386.44 | E28: =SUM(E23:E27) -> 10129.22 | F28: =SUM(F23:F27) -> 4223.8 | G28: =SUM(G23:G27) -> 9956.68 | H28: =SUM(H23:H27) -> 15957.82 | I28: =SUM(B28:H28) -> 95134.06
A30: BALANCES | B30: =B20-B28 -> 975872.83 | C30: =C20-C28 -> 1450774.6 | D30: =D20-D28 -> 580071.59 | E30: =E20-E28 -> 565685.43 | F30: =F20-F28 -> 239762.58 | G30: =G20-G28 -> 543362.17 | H30: =H20-H28 -> 870620.19 | I30: =SUM(B30:H30) -> 5226149.4
A31: Less Refunds | B31: 488.79 | C31: 37625.43 | D31: 16603.65 | E31: 16196.94 | F31: 68.75 | G31: 18082.24 | H31: 29021.19 | I31: =SUM(B31:H31) -> 118086.99
A32: Less Advances | B32: 0 | C32: 0 | D32: 0 | E32: 0 | F32: 0 | G32: 0 | H32: 0 | I32: =SUM(B32:H32) -> 0
A33: NET DISTRIBUTION | B33: =B30-SUM(B31:B32) -> 975384.04 | C33: =C30-SUM(C31:C32) -> 1413149.2 | D33: =D30-SUM(D31:D32) -> 563467.94 | E33: =E30-SUM(E31:E32) -> 549488.49 | F33: =F30-SUM(F31:F32) -> 239693.83 | G33: =G30-SUM(G31:G32) -> 525279.93 | H33: =H30-SUM(H31:H32) -> 841599 | I33: =SUM(B33:H33) -> 5108062.4
A35: OTHER
A36: Inflation Cap Credit | B36: 0 | C36: 149273.52 | D36: 65872.98 | E36: 64259.2 | F36: 0 | G36: 71739.68 | H36: 115137.64 | I36: =SUM(B36:H36) -> 466283.02
B37: Please sign and return to this office, revised Code, Sec 321.34
B38: It is hereby certified that the above funds for retirement of bonds | F38: JENNIFER S. HUNTER | I38: COUNTY AUDITOR
B39: have been received and paid into the bond retirement fund
I40: DEPUTY AUDITOR
B41: SIGNATURE OF OFFICER

Sheet 23320-MECHANICSBURG EVSD
A2: SOURCE OF RECEIPTS | B2: GENERAL FUND 4.50 | C2: 1976 CURRENT EXPENSE 21.80 | D2: 1983 PERMANENT IMPROVEMENT 5.00 | E2: 2003 BOND ($3,130,400) 1.60 | F2: 2003 BOND ($4,645,000) 2.00 | G2: 2003 CLASSROOM FACILITIES 0.50 | H2: 2009 EMERGENCY ($189,000) 1.40 | I2: TOTALS
A3: REAL PROPERTY
A4: Agr/Res | B4: 12185.16 | C4: 24444.84 | D4: 2682.33 | E4: 4332.47 | F4: 5415.59 | G4: 514.26 | H4: 3790.97 | I4: =SUM(B4:H4) -> 53365.62
A5: Com/Ind/Min | B5: 0 | C5: 0 | D5: 0 | E5: 0 | F5: 0 | G5: 0 | H5: 0 | I5: =SUM(B5:H5) -> 0
A6: Public Utility | B6: 397.69 | C6: 1926.61 | D6: 441.89 | E6: 141.4 | F6: 176.76 | G6: 44.18 | H6: 123.73 | I6: =SUM(B6:H6) -> 3252.26
A7: TOTAL CURRENT | B7: =SUM(B4:B6) -> 12582.85 | C7: =SUM(C4:C6) -> 26371.45 | D7: =SUM(D4:D6) -> 3124.22 | E7: =SUM(E4:E6) -> 4473.87 | F7: =SUM(F4:F6) -> 5592.35 | G7: =SUM(G4:G6) -> 558.44 | H7: =SUM(H4:H6) -> 3914.7 | I7: =SUM(B7:H7) -> 56617.88
A8: TOTAL DELINQUENT | B8: 131.32 | C8: 450.4 | D8: 27.71 | E8: 46.69 | F8: 58.37 | G8: 5.45 | H8: 40.86 | I8: =SUM(B8:H8) -> 760.8
A9: LESS TIF COLLECTED | B9: 0 | C9: 0 | D9: 0 | E9: 0 | F9: 0 | G9: 0 | H9: 0 | I9: =SUM(B9:H9) -> 0
A10: TOTAL COLLECTED | B10: =SUM(B7:B8) - B9 -> 12714.17 | C10: =SUM(C7:C8) - C9 -> 26821.85 | D10: =SUM(D7:D8) - D9 -> 3151.93 | E10: =SUM(E7:E8) - E9 -> 4520.56 | F10: =SUM(F7:F8) - F9 -> 5650.72 | G10: =SUM(G7:G8) - G9 -> 563.89 | H10: =SUM(H7:H8) - H9 -> 3955.56 | I10: =SUM(B10:H10) -> 57378.68
A12: REIMBURSEMENTS
A13: Non-Business Credit | B13: 1432.02 | C13: 4932.6 | D13: 315.2 | E13: 509.23 | F13: 636.52 | G13: 60.42 | H13: 445.52 | I13: =SUM(B13:H13) -> 8331.51
A14: Non-Business Credit Delinquent | B14: 0 | C14: 0 | D14: 0 | E14: 0 | F14: 0 | G14: 0 | H14: 0 | I14: =SUM(B14:H14) -> 0
A15: Owner-Occupancy Credit | B15: 85.13 | C15: 293.2 | D15: 18.75 | E15: 30.27 | F15: 37.83 | G15: 3.58 | H15: 26.49 | I15: =SUM(B15:H15) -> 495.25
A16: Owner-Occupancy Credit Delinquent | B16: 0 | C16: 0 | D16: 0 | E16: 0 | F16: 0 | G16: 0 | H16: 0 | I16: =SUM(B16:H16) -> 0
A17: Homestead | B17: 139.86 | C17: 481.81 | D17: 30.8 | E17: 49.77 | F17: 62.16 | G17: 5.88 | H17: 43.54 | I17: =SUM(B17:H17) -> 813.82
A18: Homestead Delinquent | B18: 0 | C18: 0 | D18: 0 | E18: 0 | F18: 0 | G18: 0 | H18: 0 | I18: =SUM(B18:H18) -> 0
A19: TOTAL REIMBURSEMENTS | B19: =SUM(B13:B18) -> 1657.01 | C19: =SUM(C13:C18) -> 5707.61 | D19: =SUM(D13:D18) -> 364.75 | E19: =SUM(E13:E18) -> 589.27 | F19: =SUM(F13:F18) -> 736.51 | G19: =SUM(G13:G18) -> 69.88 | H19: =SUM(H13:H18) -> 515.55 | I19: =SUM(B19:H19) -> 9640.58
A20: TOTAL DISTRIBUTION | B20: =B10-B19 -> 11057.16 | C20: =C10-C19 -> 21114.24 | D20: =D10-D19 -> 2787.18 | E20: =E10-E19 -> 3931.29 | F20: =F10-F19 -> 4914.21 | G20: =G10-G19 -> 494.01 | H20: =H10-H19 -> 3440.01 | I20: =SUM(B20:H20) -> 47738.1
A22: DEDUCTIONS
A23: Aud. And Treas. Fees | B23: 222.31 | C23: 468.98 | D23: 55.12 | E23: 79.04 | F23: 98.81 | G23: 9.86 | H23: 69.18 | I23: =SUM(B23:H23) -> 1003.3
A24: DETAC Fee | B24: 0 | C24: 0 | D24: 0 | E24: 0 | F24: 0 | G24: 0 | H24: 0 | I24: =SUM(B24:H24) -> 0
A25: Delinquent Advertising | B25: 0 | C25: 0 | D25: 0 | E25: 0 | F25: 0 | G25: 0 | H25: 0 | I25: =SUM(B25:H25) -> 0
A26: Tax Collector Salary | B26: 0 | C26: 0 | D26: 0 | E26: 0 | F26: 0 | G26: 0 | H26: 0 | I26: =SUM(B26:H26) -> 0
A27: Board of Election | B27: 0 | C27: 0 | D27: 0 | E27: 0 | F27: 0 | G27: 0 | H27: 0 | I27: =SUM(B27:H27) -> 0
A28: TOTAL DEDUCTIONS | B28: =SUM(B23:B27) -> 222.31 | C28: =SUM(C23:C27) -> 468.98 | D28: =SUM(D23:D27) -> 55.12 | E28: =SUM(E23:E27) -> 79.04 | F28: =SUM(F23:F27) -> 98.81 | G28: =SUM(G23:G27) -> 9.86 | H28: =SUM(H23:H27) -> 69.18 | I28: =SUM(B28:H28) -> 1003.3
A30: BALANCES | B30: =B20-B28 -> 10834.85 | C30: =C20-C28 -> 20645.26 | D30: =D20-D28 -> 2732.06 | E30: =E20-E28 -> 3852.25 | F30: =F20-F28 -> 4815.4 | G30: =G20-G28 -> 484.15 | H30: =H20-H28 -> 3370.83 | I30: =SUM(B30:H30) -> 46734.8
A31: Less Refunds | B31: 0 | C31: 3584.66 | D31: 0 | E31: 0 | F31: 0 | G31: 0 | H31: 0 | I31: =SUM(B31:H31) -> 3584.66
A32: Less Advances | B32: 0 | C32: 0 | D32: 0 | E32: 0 | F32: 0 | G32: 0 | H32: 0 | I32: =SUM(B32:H32) -> 0
A33: NET DISTRIBUTION | B33: =B30-SUM(B31:B32) -> 10834.85 | C33: =C30-SUM(C31:C32) -> 17060.6 | D33: =D30-SUM(D31:D32) -> 2732.06 | E33: =E30-SUM(E31:E32) -> 3852.25 | F33: =F30-SUM(F31:F32) -> 4815.4 | G33: =G30-SUM(G31:G32) -> 484.15 | H33: =H30-SUM(H31:H32) -> 3370.83 | I33: =SUM(B33:H33) -> 43150.14
A35: OTHER
A36: Inflation Cap Credit | B36: 0 | C36: 21422.46 | D36: 0 | E36: 0 | F36: 0 | G36: 0 | H36: 0 | I36: =SUM(B36:H36) -> 21422.46
B37: Please sign and return to this office, revised Code, Sec 321.34
B38: It is hereby certified that the above funds for retirement of bonds | F38: JENNIFER S. HUNTER | I38: COUNTY AUDITOR
B39: have been received and paid into the bond retirement fund
I40: DEPUTY AUDITOR
B41: SIGNATURE OF OFFICER

Sheet 23380-MIAMI TRACE LSD
A2: SOURCE OF RECEIPTS | B2: GENERAL FUND 3.20 | C2: PERMANENT IMPROVEMENT 1.00 | D2: 1976 CURRENT EXPENSE 18.90 | E2: 2005 BOND ($14,057,481) 1.34 | F2: 2005 BOND ($3,000,000) 0.25 | G2: 2005 CLASSROOM FACILITIES 0.50 | H2: 2008 BOND ($2,500,000) 0.25 | I2: 2008 BOND ($9,426,402) 0.78 | J2: 2008 CLASSROOM FACILITIES 0.50 | K2: 2012 EMERGENCY ($1,900,000) 3.20 | L2: 2015 BOND ($31,004,877) 2.35 | M2: 2015 CLASSROOM FACILITIES 0.50 | N2: TOTALS
A3: REAL PROPERTY
A4: Agr/Res | B4: 3417.79 | C4: 1068.14 | D4: 17959.66 | E4: 1431.21 | F4: 267.01 | G4: 195.87 | H4: 267.01 | I4: 833.07 | J4: 216.1 | K4: 3417.79 | L4: 2509.07 | M4: 277 | N4: =SUM(B4:M4) -> 31859.72
A5: Com/Ind/Min | B5: 0 | C5: 0 | D5: 0 | E5: 0 | F5: 0 | G5: 0 | H5: 0 | I5: 0 | J5: 0 | K5: 0 | L5: 0 | M5: 0 | N5: =SUM(B5:M5) -> 0
A6: Public Utility | B6: 0 | C6: 0 | D6: 0 | E6: 0 | F6: 0 | G6: 0 | H6: 0 | I6: 0 | J6: 0 | K6: 0 | L6: 0 | M6: 0 | N6: =SUM(B6:M6) -> 0
A7: TOTAL CURRENT | B7: =SUM(B4:B6) -> 3417.79 | C7: =SUM(C4:C6) -> 1068.14 | D7: =SUM(D4:D6) -> 17959.66 | E7: =SUM(E4:E6) -> 1431.21 | F7: =SUM(F4:F6) -> 267.01 | G7: =SUM(G4:G6) -> 195.87 | H7: =SUM(H4:H6) -> 267.01 | I7: =SUM(I4:I6) -> 833.07 | ... M7: =SUM(M4:M6) -> 277 | N7: =SUM(B7:M7) -> 31859.72
A8: TOTAL DELINQUENT | B8: 0 | C8: 0 | D8: 0 | E8: 0 | F8: 0 | G8: 0 | H8: 0 | I8: 0 | J8: 0 | K8: 0 | L8: 0 | M8: 0 | N8: =SUM(B8:M8) -> 0
A9: LESS TIF COLLECTED | B9: 0 | C9: 0 | D9: 0 | E9: 0 | F9: 0 | G9: 0 | H9: 0 | I9: 0 | J9: 0 | K9: 0 | L9: 0 | M9: 0 | N9: =SUM(B9:M9) -> 0
A10: TOTAL COLLECTED | B10: =SUM(B7:B8) - B9 -> 3417.79 | C10: =SUM(C7:C8) - C9 -> 1068.14 | D10: =SUM(D7:D8) - D9 -> 17959.66 | E10: =SUM(E7:E8) - E9 -> 1431.21 | F10: =SUM(F7:F8) - F9 -> 267.01 | G10: =SUM(G7:G8) - G9 -> 195.87 | H10: =SUM(H7:H8) - H9 -> 267.01 | I10: =SUM(I7:I8) - I9 -> 833.07 | ... M10: =SUM(M7:M8) - M9 -> 277 | N10: =SUM(B10:M10) -> 31859.72
A12: REIMBURSEMENTS
A13: Non-Business Credit | B13: 342.89 | C13: 107.2 | D13: 1801.71 | E13: 143.55 | F13: 26.79 | G13: 19.64 | H13: 26.79 | I13: 83.58 | J13: 21.68 | K13: 342.89 | L13: 0 | M13: 0 | N13: =SUM(B13:M13) -> 2916.72
A14: Non-Business Credit Delinquent | B14: 0 | C14: 0 | D14: 0 | E14: 0 | F14: 0 | G14: 0 | H14: 0 | I14: 0 | J14: 0 | K14: 0 | L14: 0 | M14: 0 | N14: =SUM(B14:M14) -> 0
A15: Owner-Occupancy Credit | B15: 42.12 | C15: 13.15 | D15: 221.24 | E15: 17.63 | F15: 3.27 | G15: 2.4 | H15: 3.27 | I15: 10.27 | J15: 2.68 | K15: 42.12 | L15: 0 | M15: 0 | N15: =SUM(B15:M15) -> 358.15
A16: Owner-Occupancy Credit Delinquent | B16: 0 | C16: 0 | D16: 0 | E16: 0 | F16: 0 | G16: 0 | H16: 0 | I16: 0 | J16: 0 | K16: 0 | L16: 0 | M16: 0 | N16: =SUM(B16:M16) -> 0
A17: Homestead | B17: 56.84 | C17: 17.76 | D17: 298.68 | E17: 23.8 | F17: 4.44 | G17: 3.24 | H17: 4.44 | I17: 13.84 | J17: 3.6 | K17: 56.84 | L17: 47.72 | M17: 5.28 | N17: =SUM(B17:M17) -> 536.48
A18: Homestead Delinquent | B18: 0 | C18: 0 | D18: 0 | E18: 0 | F18: 0 | G18: 0 | H18: 0 | I18: 0 | J18: 0 | K18: 0 | L18: 0 | M18: 0 | N18: =SUM(B18:M18) -> 0
A19: TOTAL REIMBURSEMENTS | B19: =SUM(B13:B18) -> 441.85 | C19: =SUM(C13:C18) -> 138.11 | D19: =SUM(D13:D18) -> 2321.63 | E19: =SUM(E13:E18) -> 184.98 | F19: =SUM(F13:F18) -> 34.5 | G19: =SUM(G13:G18) -> 25.28 | H19: =SUM(H13:H18) -> 34.5 | I19: =SUM(I13:I18) -> 107.69 | ... M19: =SUM(M13:M18) -> 5.28 | N19: =SUM(B19:M19) -> 3811.35
A20: TOTAL DISTRIBUTION | B20: =B10-B19 -> 2975.94 | C20: =C10-C19 -> 930.03 | D20: =D10-D19 -> 15638.03 | E20: =E10-E19 -> 1246.23 | F20: =F10-F19 -> 232.51 | G20: =G10-G19 -> 170.59 | H20: =H10-H19 -> 232.51 | I20: =I10-I19 -> 725.38 | ... M20: =M10-M19 -> 271.72 | N20: =SUM(B20:M20) -> 28048.37
A22: DEDUCTIONS
A23: Aud. And Treas. Fees | B23: 59.77 | C23: 18.68 | D23: 314.02 | E23: 25.02 | F23: 4.69 | G23: 3.42 | H23: 4.69 | I23: 14.55 | J23: 3.79 | K23: 59.77 | L23: 43.86 | M23: 4.84 | N23: =SUM(B23:M23) -> 557.1
A24: DETAC Fee | B24: 0 | C24: 0 | D24: 0 | E24: 0 | F24: 0 | G24: 0 | H24: 0 | I24: 0 | J24: 0 | K24: 0 | L24: 0 | M24: 0 | N24: =SUM(B24:M24) -> 0
A25: Delinquent Advertising | B25: 0 | C25: 0 | D25: 0 | E25: 0 | F25: 0 | G25: 0 | H25: 0 | I25: 0 | J25: 0 | K25: 0 | L25: 0 | M25: 0 | N25: =SUM(B25:M25) -> 0
A26: Tax Collector Salary | B26: 0 | C26: 0 | D26: 0 | E26: 0 | F26: 0 | G26: 0 | H26: 0 | I26: 0 | J26: 0 | K26: 0 | L26: 0 | M26: 0 | N26: =SUM(B26:M26) -> 0
A27: Board of Election | B27: 0 | C27: 0 | D27: 0 | E27: 0 | F27: 0 | G27: 0 | H27: 0 | I27: 0 | J27: 0 | K27: 0 | L27: 0 | M27: 0 | N27: =SUM(B27:M27) -> 0
A28: TOTAL DEDUCTIONS | B28: =SUM(B23:B27) -> 59.77 | C28: =SUM(C23:C27) -> 18.68 | D28: =SUM(D23:D27) -> 314.02 | E28: =SUM(E23:E27) -> 25.02 | F28: =SUM(F23:F27) -> 4.69 | G28: =SUM(G23:G27) -> 3.42 | H28: =SUM(H23:H27) -> 4.69 | I28: =SUM(I23:I27) -> 14.55 | ... M28: =SUM(M23:M27) -> 4.84 | N28: =SUM(B28:M28) -> 557.1
A30: BALANCES | B30: =B20-B28 -> 2916.17 | C30: =C20-C28 -> 911.35 | D30: =D20-D28 -> 15324.01 | E30: =E20-E28 -> 1221.21 | F30: =F20-F28 -> 227.82 | G30: =G20-G28 -> 167.17 | H30: =H20-H28 -> 227.82 | I30: =I20-I28 -> 710.83 | ... M30: =M20-M28 -> 266.88 | N30: =SUM(B30:M30) -> 27491.27
A31: Less Refunds | B31: 0 | C31: 0 | D31: 0 | E31: 0 | F31: 0 | G31: 0 | H31: 0 | I31: 0 | J31: 0 | K31: 0 | L31: 0 | M31: 0 | N31: =SUM(B31:M31) -> 0
A32: Less Advances | B32: 0 | C32: 0 | D32: 0 | E32: 0 | F32: 0 | G32: 0 | H32: 0 | I32: 0 | J32: 0 | K32: 0 | L32: 0 | M32: 0 | N32: =SUM(B32:M32) -> 0
A33: NET DISTRIBUTION | B33: =B30-SUM(B31:B32) -> 2916.17 | C33: =C30-SUM(C31:C32) -> 911.35 | D33: =D30-SUM(D31:D32) -> 15324.01 | E33: =E30-SUM(E31:E32) -> 1221.21 | F33: =F30-SUM(F31:F32) -> 227.82 | G33: =G30-SUM(G31:G32) -> 167.17 | H33: =H30-SUM(H31:H32) -> 227.82 | I33: =I30-SUM(I31:I32) -> 710.83 | ... M33: =M30-SUM(M31:M32) -> 266.88 | N33: =SUM(B33:M33) -> 27491.27
A35: OTHER
A36: Inflation Cap Credit | B36: 0 | C36: 0 | D36: 0 | E36: 0 | F36: 0 | G36: 0 | H36: 0 | I36: 0 | J36: 0 | K36: 0 | L36: 0 | M36: 0 | N36: =SUM(B36:M36) -> 0
B37: Please sign and return to this office, revised Code, Sec 321.34
B38: It is hereby certified that the above funds for retirement of bonds | F38: JENNIFER S. HUNTER | I38: COUNTY AUDITOR
B39: have been received and paid into the bond retirement fund
I40: DEPUTY AUDITOR
B41: SIGNATURE OF OFFICER

Sheet 25940-WESTFALL LSD
A2: SOURCE OF RECEIPTS | B2: GENERAL FUND 3.00 | C2: 1976 CURRENT EXPENSE 15.30 | D2: 1977 CURRENT EXPENSE 3.00 | E2: 1989 CURRENT EXPENSE 6.00 | F2: 2003 PERMANENT IMP-ONGOING 3.75 | G2: 2020 BOND ($15,000,000) 1.50 | H2: TOTALS
A3: REAL PROPERTY
A4: Agr/Res | B4: 797.52 | C4: 2535.42 | D4: 497.18 | E4: 997.06 | F4: 400.56 | G4: 398.76 | H4: =SUM(B4:G4) -> 5626.5
A5: Com/Ind/Min | B5: 0 | C5: 0 | D5: 0 | E5: 0 | F5: 0 | G5: 0 | H5: =SUM(B5:G5) -> 0
A6: Public Utility | B6: 1.1 | C6: 5.53 | D6: 1.1 | E6: 2.19 | F6: 1.37 | G6: 0.55 | H6: =SUM(B6:G6) -> 11.84
A7: TOTAL CURRENT | B7: =SUM(B4:B6) -> 798.62 | C7: =SUM(C4:C6) -> 2540.95 | D7: =SUM(D4:D6) -> 498.28 | E7: =SUM(E4:E6) -> 999.25 | F7: =SUM(F4:F6) -> 401.93 | G7: =SUM(G4:G6) -> 399.31 | H7: =SUM(B7:G7) -> 5638.34
A8: TOTAL DELINQUENT | B8: -0.59 | C8: -3.03 | D8: -0.59 | E8: -1.18 | F8: -0.74 | G8: -0.29 | H8: =SUM(B8:G8) -> -6.42
A9: LESS TIF COLLECTED | B9: 0 | C9: 0 | D9: 0 | E9: 0 | F9: 0 | G9: 0 | H9: =SUM(B9:G9) -> 0
A10: TOTAL COLLECTED | B10: =SUM(B7:B8) - B9 -> 798.03 | C10: =SUM(C7:C8) - C9 -> 2537.92 | D10: =SUM(D7:D8) - D9 -> 497.69 | E10: =SUM(E7:E8) - E9 -> 998.07 | F10: =SUM(F7:F8) - F9 -> 401.19 | G10: =SUM(G7:G8) - G9 -> 399.02 | H10: =SUM(B10:G10) -> 5631.92
A12: REIMBURSEMENTS
A13: Non-Business Credit | B13: 79.75 | C13: 284.35 | D13: 55.75 | E13: 111.82 | F13: 40.04 | G13: 0 | H13: =SUM(B13:G13) -> 571.71
A14: Non-Business Credit Delinquent | B14: 0 | C14: 0 | D14: 0 | E14: 0 | F14: 0 | G14: 0 | H14: =SUM(B14:G14) -> 0
A15: Owner-Occupancy Credit | B15: 11.51 | C15: 41.03 | D15: 8.05 | E15: 16.13 | F15: 5.78 | G15: 0 | H15: =SUM(B15:G15) -> 82.5
A16: Owner-Occupancy Credit Delinquent | B16: 0 | C16: 0 | D16: 0 | E16: 0 | F16: 0 | G16: 0 | H16: =SUM(B16:G16) -> 0
A17: Homestead | B17: 0 | C17: 0 | D17: 0 | E17: 0 | F17: 0 | G17: 0 | H17: =SUM(B17:G17) -> 0
A18: Homestead Delinquent | B18: 0 | C18: 0 | D18: 0 | E18: 0 | F18: 0 | G18: 0 | H18: =SUM(B18:G18) -> 0
A19: TOTAL REIMBURSEMENTS | B19: =SUM(B13:B18) -> 91.26 | C19: =SUM(C13:C18) -> 325.38 | D19: =SUM(D13:D18) -> 63.8 | E19: =SUM(E13:E18) -> 127.95 | F19: =SUM(F13:F18) -> 45.82 | G19: =SUM(G13:G18) -> 0 | H19: =SUM(B19:G19) -> 654.21
A20: TOTAL DISTRIBUTION | B20: =B10-B19 -> 706.77 | C20: =C10-C19 -> 2212.54 | D20: =D10-D19 -> 433.89 | E20: =E10-E19 -> 870.12 | F20: =F10-F19 -> 355.37 | G20: =G10-G19 -> 399.02 | H20: =SUM(B20:G20) -> 4977.71
A22: DEDUCTIONS
A23: Aud. And Treas. Fees | B23: 13.95 | C23: 44.38 | D23: 8.7 | E23: 17.45 | F23: 7.02 | G23: 6.99 | H23: =SUM(B23:G23) -> 98.49
A24: DETAC Fee | B24: 0 | C24: 0 | D24: 0 | E24: 0 | F24: 0 | G24: 0 | H24: =SUM(B24:G24) -> 0
A25: Delinquent Advertising | B25: 0 | C25: 0 | D25: 0 | E25: 0 | F25: 0 | G25: 0 | H25: =SUM(B25:G25) -> 0
A26: Tax Collector Salary | B26: 0 | C26: 0 | D26: 0 | E26: 0 | F26: 0 | G26: 0 | H26: =SUM(B26:G26) -> 0
A27: Board of Election | B27: 0 | C27: 0 | D27: 0 | E27: 0 | F27: 0 | G27: 0 | H27: =SUM(B27:G27) -> 0
A28: TOTAL DEDUCTIONS | B28: =SUM(B23:B27) -> 13.95 | C28: =SUM(C23:C27) -> 44.38 | D28: =SUM(D23:D27) -> 8.7 | E28: =SUM(E23:E27) -> 17.45 | F28: =SUM(F23:F27) -> 7.02 | G28: =SUM(G23:G27) -> 6.99 | H28: =SUM(B28:G28) -> 98.49
A30: BALANCES | B30: =B20-B28 -> 692.82 | C30: =C20-C28 -> 2168.16 | D30: =D20-D28 -> 425.19 | E30: =E20-E28 -> 852.67 | F30: =F20-F28 -> 348.35 | G30: =G20-G28 -> 392.03 | H30: =SUM(B30:G30) -> 4879.22
A31: Less Refunds | B31: 0 | C31: 0 | D31: 0 | E31: 0 | F31: 0 | G31: 0 | H31: =SUM(B31:G31) -> 0
A32: Less Advances | B32: 0 | C32: 0 | D32: 0 | E32: 0 | F32: 0 | G32: 0 | H32: =SUM(B32:G32) -> 0
A33: NET DISTRIBUTION | B33: =B30-SUM(B31:B32) -> 692.82 | C33: =C30-SUM(C31:C32) -> 2168.16 | D33: =D30-SUM(D31:D32) -> 425.19 | E33: =E30-SUM(E31:E32) -> 852.67 | F33: =F30-SUM(F31:F32) -> 348.35 | G33: =G30-SUM(G31:G32) -> 392.03 | H33: =SUM(B33:G33) -> 4879.22
A35: OTHER
A36: Inflation Cap Credit | B36: 0 | C36: 308.04 | D36: 60.38 | E36: 121.14 | F36: 0 | G36: 0 | H36: =SUM(B36:G36) -> 489.56
B37: Please sign and return to this office, revised Code, Sec 321.34
B38: It is hereby certified that the above funds for retirement of bonds | F38: JENNIFER S. HUNTER | I38: COUNTY AUDITOR
B39: have been received and paid into the bond retirement fund
I40: DEPUTY AUDITOR
B41: SIGNATURE OF OFFICER

Sheet 30160-GREAT OAKS JVSD
A2: SOURCE OF RECEIPTS | B2: 1999 CURRENT EXPENSE 2.70 | C2: TOTALS
A3: REAL PROPERTY
A4: Agr/Res | B4: 1490.26 | C4: =SUM(B4) -> 1490.26
A5: Com/Ind/Min | B5: 0 | C5: =SUM(B5) -> 0
A6: Public Utility | B6: 0 | C6: =SUM(B6) -> 0
A7: TOTAL CURRENT | B7: =SUM(B4:B6) -> 1490.26 | C7: =SUM(B7) -> 1490.26
A8: TOTAL DELINQUENT | B8: 0 | C8: =SUM(B8) -> 0
A9: LESS TIF COLLECTED | B9: 0 | C9: =SUM(B9) -> 0
A10: TOTAL COLLECTED | B10: =SUM(B7:B8) - B9 -> 1490.26 | C10: =SUM(B10) -> 1490.26
A12: REIMBURSEMENTS
A13: Non-Business Credit | B13: 214.32 | C13: =SUM(B13) -> 214.32
A14: Non-Business Credit Delinquent | B14: 0 | C14: =SUM(B14) -> 0
A15: Owner-Occupancy Credit | B15: 26.33 | C15: =SUM(B15) -> 26.33
A16: Owner-Occupancy Credit Delinquent | B16: 0 | C16: =SUM(B16) -> 0
A17: Homestead | B17: 35.52 | C17: =SUM(B17) -> 35.52
A18: Homestead Delinquent | B18: 0 | C18: =SUM(B18) -> 0
A19: TOTAL REIMBURSEMENTS | B19: =SUM(B13:B18) -> 276.17 | C19: =SUM(B19) -> 276.17
A20: TOTAL DISTRIBUTION | B20: =B10-B19 -> 1214.09 | C20: =SUM(B20) -> 1214.09
A22: DEDUCTIONS
A23: Aud. And Treas. Fees | B23: 26.06 | C23: =SUM(B23) -> 26.06
A24: DETAC Fee | B24: 0 | C24: =SUM(B24) -> 0
A25: Delinquent Advertising | B25: 0 | C25: =SUM(B25) -> 0
A26: Tax Collector Salary | B26: 0 | C26: =SUM(B26) -> 0
A27: Board of Election | B27: 0 | C27: =SUM(B27) -> 0
A28: TOTAL DEDUCTIONS | B28: =SUM(B23:B27) -> 26.06 | C28: =SUM(B28) -> 26.06
A30: BALANCES | B30: =B20-B28 -> 1188.03 | C30: =SUM(B30) -> 1188.03
A31: Less Refunds | B31: 83.8 | C31: =SUM(B31) -> 83.8
A32: Less Advances | B32: 0 | C32: =SUM(B32) -> 0
A33: NET DISTRIBUTION | B33: =B30-SUM(B31:B32) -> 1104.23 | C33: =SUM(B33) -> 1104.23
A35: OTHER
A36: Inflation Cap Credit | B36: 729.7 | C36: =SUM(B36) -> 729.7
B37: Please sign and return to this office, revised Code, Sec 321.34
B38: It is hereby certified that the above funds for retirement of bonds | F38: JENNIFER S. HUNTER | I38: COUNTY AUDITOR
B39: have been received and paid into the bond retirement fund
I40: DEPUTY AUDITOR
B41: SIGNATURE OF OFFICER

Sheet 30290-OHIO HI-POINT JVSD
A2: SOURCE OF RECEIPTS | B2: 1978 CURRENT EXPENSE 2.00 | C2: 2018 PERMANENT IMPROVEMENT 0.60 | D2: TOTALS
A3: REAL PROPERTY
A4: Agr/Res | B4: 3154.89 | C4: 938.01 | D4: =SUM(B4:C4) -> 4092.9
A5: Com/Ind/Min | B5: 0 | C5: 0 | D5: =SUM(B5:C5) -> 0
A6: Public Utility | B6: 176.76 | C6: 53.02 | D6: =SUM(B6:C6) -> 229.78
A7: TOTAL CURRENT | B7: =SUM(B4:B6) -> 3331.65 | C7: =SUM(C4:C6) -> 991.03 | D7: =SUM(B7:C7) -> 4322.68
A8: TOTAL DELINQUENT | B8: 58.37 | C8: 11.41 | D8: =SUM(B8:C8) -> 69.78
A9: LESS TIF COLLECTED | B9: 0 | C9: 0 | D9: =SUM(B9:C9) -> 0
A10: TOTAL COLLECTED | B10: =SUM(B7:B8) - B9 -> 3390.02 | C10: =SUM(C7:C8) - C9 -> 1002.44 | D10: =SUM(B10:C10) -> 4392.46
A12: REIMBURSEMENTS
A13: Non-Business Credit | B13: 636.52 | C13: 0 | D13: =SUM(B13:C13) -> 636.52
A14: Non-Business Credit Delinquent | B14: 0 | C14: 0 | D14: =SUM(B14:C14) -> 0
A15: Owner-Occupancy Credit | B15: 37.83 | C15: 0 | D15: =SUM(B15:C15) -> 37.83
A16: Owner-Occupancy Credit Delinquent | B16: 0 | C16: 0 | D16: =SUM(B16:C16) -> 0
A17: Homestead | B17: 62.16 | C17: 12.6 | D17: =SUM(B17:C17) -> 74.76
A18: Homestead Delinquent | B18: 0 | C18: 0 | D18: =SUM(B18:C18) -> 0
A19: TOTAL REIMBURSEMENTS | B19: =SUM(B13:B18) -> 736.51 | C19: =SUM(C13:C18) -> 12.6 | D19: =SUM(B19:C19) -> 749.11
A20: TOTAL DISTRIBUTION | B20: =B10-B19 -> 2653.51 | C20: =C10-C19 -> 989.84 | D20: =SUM(B20:C20) -> 3643.35
A22: DEDUCTIONS
A23: Aud. And Treas. Fees | B23: 59.27 | C23: 17.53 | D23: =SUM(B23:C23) -> 76.8
A24: DETAC Fee | B24: 0 | C24: 0 | D24: =SUM(B24:C24) -> 0
A25: Delinquent Advertising | B25: 0 | C25: 0 | D25: =SUM(B25:C25) -> 0
A26: Tax Collector Salary | B26: 0 | C26: 0 | D26: =SUM(B26:C26) -> 0
A27: Board of Election | B27: 0 | C27: 0 | D27: =SUM(B27:C27) -> 0
A28: TOTAL DEDUCTIONS | B28: =SUM(B23:B27) -> 59.27 | C28: =SUM(C23:C27) -> 17.53 | D28: =SUM(B28:C28) -> 76.8
A30: BALANCES | B30: =B20-B28 -> 2594.24 | C30: =C20-C28 -> 972.31 | D30: =SUM(B30:C30) -> 3566.55
A31: Less Refunds | B31: 462.36 | C31: 0 | D31: =SUM(B31:C31) -> 462.36
A32: Less Advances | B32: 0 | C32: 0 | D32: =SUM(B32:C32) -> 0
A33: NET DISTRIBUTION | B33: =B30-SUM(B31:B32) -> 2131.88 | C33: =C30-SUM(C31:C32) -> 972.31 | D33: =SUM(B33:C33) -> 3104.19
A35: OTHER
A36: Inflation Cap Credit | B36: 2763.26 | C36: 0 | D36: =SUM(B36:C36) -> 2763.26
B37: Please sign and return to this office, revised Code, Sec 321.34
B38: It is hereby certified that the above funds for retirement of bonds | F38: JENNIFER S. HUNTER | I38: COUNTY AUDITOR
B39: have been received and paid into the bond retirement fund
I40: DEPUTY AUDITOR
B41: SIGNATURE OF OFFICER

Sheet 30310-PICKAWAY-ROSS COUNTY JVSD
A2: SOURCE OF RECEIPTS | B2: 1976 CURRENT EXPENSE 1.70 | C2: 1981 CURRENT EXPENSE 1.50 | D2: 2006 CURRENT EXPENSE 1.00 | E2: TOTALS
A3: REAL PROPERTY
A4: Agr/Res | B4: 146.57 | C4: 139.52 | D4: 117.61 | E4: =SUM(B4:D4) -> 403.7
A5: Com/Ind/Min | B5: 0 | C5: 0 | D5: 0 | E5: =SUM(B5:D5) -> 0
A6: Public Utility | B6: 0.63 | C6: 0.55 | D6: 0.36 | E6: =SUM(B6:D6) -> 1.54
A7: TOTAL CURRENT | B7: =SUM(B4:B6) -> 147.2 | C7: =SUM(C4:C6) -> 140.07 | D7: =SUM(D4:D6) -> 117.97 | E7: =SUM(B7:D7) -> 405.24
A8: TOTAL DELINQUENT | B8: -0.33 | C8: -0.29 | D8: -0.2 | E8: =SUM(B8:D8) -> -0.82
A9: LESS TIF COLLECTED | B9: 0 | C9: 0 | D9: 0 | E9: =SUM(B9:D9) -> 0
A10: TOTAL COLLECTED | B10: =SUM(B7:B8) - B9 -> 146.87 | C10: =SUM(C7:C8) - C9 -> 139.78 | D10: =SUM(D7:D8) - D9 -> 117.77 | E10: =SUM(B10:D10) -> 404.42
A12: REIMBURSEMENTS
A13: Non-Business Credit | B13: 19.3 | C13: 18.38 | D13: 15.5 | E13: =SUM(B13:D13) -> 53.18
A14: Non-Business Credit Delinquent | B14: 0 | C14: 0 | D14: 0 | E14: =SUM(B14:D14) -> 0
A15: Owner-Occupancy Credit | B15: 2.78 | C15: 2.65 | D15: 2.23 | E15: =SUM(B15:D15) -> 7.66
A16: Owner-Occupancy Credit Delinquent | B16: 0 | C16: 0 | D16: 0 | E16: =SUM(B16:D16) -> 0
A17: Homestead | B17: 0 | C17: 0 | D17: 0 | E17: =SUM(B17:D17) -> 0
A18: Homestead Delinquent | B18: 0 | C18: 0 | D18: 0 | E18: =SUM(B18:D18) -> 0
A19: TOTAL REIMBURSEMENTS | B19: =SUM(B13:B18) -> 22.08 | C19: =SUM(C13:C18) -> 21.03 | D19: =SUM(D13:D18) -> 17.73 | E19: =SUM(B19:D19) -> 60.84
A20: TOTAL DISTRIBUTION | B20: =B10-B19 -> 124.79 | C20: =C10-C19 -> 118.75 | D20: =D10-D19 -> 100.04 | E20: =SUM(B20:D20) -> 343.58
A22: DEDUCTIONS
A23: Aud. And Treas. Fees | B23: 2.56 | C23: 2.44 | D23: 2.06 | E23: =SUM(B23:D23) -> 7.06
A24: DETAC Fee | B24: 0 | C24: 0 | D24: 0 | E24: =SUM(B24:D24) -> 0
A25: Delinquent Advertising | B25: 0 | C25: 0 | D25: 0 | E25: =SUM(B25:D25) -> 0
A26: Tax Collector Salary | B26: 0 | C26: 0 | D26: 0 | E26: =SUM(B26:D26) -> 0
A27: Board of Election | B27: 0 | C27: 0 | D27: 0 | E27: =SUM(B27:D27) -> 0
A28: TOTAL DEDUCTIONS | B28: =SUM(B23:B27) -> 2.56 | C28: =SUM(C23:C27) -> 2.44 | D28: =SUM(D23:D27) -> 2.06 | E28: =SUM(B28:D28) -> 7.06
A30: BALANCES | B30: =B20-B28 -> 122.23 | C30: =C20-C28 -> 116.31 | D30: =D20-D28 -> 97.98 | E30: =SUM(B30:D30) -> 336.52
A31: Less Refunds | B31: 0 | C31: 0 | D31: 0 | E31: =SUM(B31:D31) -> 0
A32: Less Advances | B32: 0 | C32: 0 | D32: 0 | E32: =SUM(B32:D32) -> 0
A33: NET DISTRIBUTION | B33: =B30-SUM(B31:B32) -> 122.23 | C33: =C30-SUM(C31:C32) -> 116.31 | D33: =D30-SUM(D31:D32) -> 97.98 | E33: =SUM(B33:D33) -> 336.52
A35: OTHER
A36: Inflation Cap Credit | B36: 46.48 | C36: 44.22 | D36: 37.28 | E36: =SUM(B36:D36) -> 127.98
B37: Please sign and return to this office, revised Code, Sec 321.34
B38: It is hereby certified that the above funds for retirement of bonds | F38: JENNIFER S. HUNTER | I38: COUNTY AUDITOR
B39: have been received and paid into the bond retirement fund
I40: DEPUTY AUDITOR
B41: SIGNATURE OF OFFICER

Sheet 30070-TOLLES CAREER & TECHNICAL
A2: SOURCE OF RECEIPTS | B2: 1976 CURRENT EXPENSE 1.80 | C2: TOTALS
A3: REAL PROPERTY
A4: Agr/Res | B4: 812014.51 | C4: =SUM(B4) -> 812014.51
A5: Com/Ind/Min | B5: 185845.05 | C5: =SUM(B5) -> 185845.05
A6: Public Utility | B6: 157305.85 | C6: =SUM(B6) -> 157305.85
A7: TOTAL CURRENT | B7: =SUM(B4:B6) -> 1155165.4 | C7: =SUM(B7) -> 1155165.4
A8: TOTAL DELINQUENT | B8: 3237.17 | C8: =SUM(B8) -> 3237.17
A9: LESS TIF COLLECTED | B9: 27317.67 | C9: =SUM(B9) -> 27317.67
A10: TOTAL COLLECTED | B10: =SUM(B7:B8) - B9 -> 1131084.9 | C10: =SUM(B10) -> 1131084.9
A12: REIMBURSEMENTS
A13: Non-Business Credit | B13: 136358.91 | C13: =SUM(B13) -> 136358.91
A14: Non-Business Credit Delinquent | B14: -3.33 | C14: =SUM(B14) -> -3.33
A15: Owner-Occupancy Credit | B15: 20898.68 | C15: =SUM(B15) -> 20898.68
A16: Owner-Occupancy Credit Delinquent | B16: 0 | C16: =SUM(B16) -> 0
A17: Homestead | B17: 18068.32 | C17: =SUM(B17) -> 18068.32
A18: Homestead Delinquent | B18: 0 | C18: =SUM(B18) -> 0
A19: TOTAL REIMBURSEMENTS | B19: =SUM(B13:B18) -> 175322.58 | C19: =SUM(B19) -> 175322.58
A20: TOTAL DISTRIBUTION | B20: =B10-B19 -> 955762.33 | C20: =SUM(B20) -> 955762.33
A22: DEDUCTIONS
A23: Aud. And Treas. Fees | B23: 19525.05 | C23: =SUM(B23) -> 19525.05
A24: DETAC Fee | B24: 0 | C24: =SUM(B24) -> 0
A25: Delinquent Advertising | B25: 0 | C25: =SUM(B25) -> 0
A26: Tax Collector Salary | B26: 0 | C26: =SUM(B26) -> 0
A27: Board of Election | B27: 0 | C27: =SUM(B27) -> 0
A28: TOTAL DEDUCTIONS | B28: =SUM(B23:B27) -> 19525.05 | C28: =SUM(B28) -> 19525.05
A30: BALANCES | B30: =B20-B28 -> 936237.28 | C30: =SUM(B30) -> 936237.28
A31: Less Refunds | B31: 75579.75 | C31: =SUM(B31) -> 75579.75
A32: Less Advances | B32: 184198.89 | C32: =SUM(B32) -> 184198.89
A33: NET DISTRIBUTION | B33: =B30-SUM(B31:B32) -> 676458.64 | C33: =SUM(B33) -> 676458.64
A35: OTHER
A36: Inflation Cap Credit | B36: 426468.96 | C36: =SUM(B36) -> 426468.96
B37: Please sign and return to this office, revised Code, Sec 321.34
B38: It is hereby certified that the above funds for retirement of bonds | F38: JENNIFER S. HUNTER | I38: COUNTY AUDITOR
B39: have been received and paid into the bond retirement fund
I40: DEPUTY AUDITOR
B41: SIGNATURE OF OFFICER

Sheet 40891-CANAAN TWP
A2: SOURCE OF RECEIPTS | B2: GENERAL FUND 1.50 | C2: TOTALS
A3: REAL PROPERTY
A4: Agr/Res | B4: 69735.54 | C4: =SUM(B4) -> 69735.54
A5: Com/Ind/Min | B5: 1001.23 | C5: =SUM(B5) -> 1001.23
A6: Public Utility | B6: 2497.17 | C6: =SUM(B6) -> 2497.17
A7: TOTAL CURRENT | B7: =SUM(B4:B6) -> 73233.94 | C7: =SUM(B7) -> 73233.94
A8: TOTAL DELINQUENT | B8: -76.44 | C8: =SUM(B8) -> -76.44
A9: LESS TIF COLLECTED | B9: 0 | C9: =SUM(B9) -> 0
A10: TOTAL COLLECTED | B10: =SUM(B7:B8) - B9 -> 73157.5 | C10: =SUM(B10) -> 73157.5
A12: REIMBURSEMENTS
A13: Non-Business Credit | B13: 8682.69 | C13: =SUM(B13) -> 8682.69
A14: Non-Business Credit Delinquent | B14: 0 | C14: =SUM(B14) -> 0
A15: Owner-Occupancy Credit | B15: 1331.16 | C15: =SUM(B15) -> 1331.16
A16: Owner-Occupancy Credit Delinquent | B16: 0 | C16: =SUM(B16) -> 0
A17: Homestead | B17: 779.22 | C17: =SUM(B17) -> 779.22
A18: Homestead Delinquent | B18: 0 | C18: =SUM(B18) -> 0
A19: TOTAL REIMBURSEMENTS | B19: =SUM(B13:B18) -> 10793.07 | C19: =SUM(B19) -> 10793.07
A20: TOTAL DISTRIBUTION | B20: =B10-B19 -> 62364.43 | C20: =SUM(B20) -> 62364.43
A22: DEDUCTIONS
A23: Aud. And Treas. Fees | B23: 1279.14 | C23: =SUM(B23) -> 1279.14
A24: DETAC Fee | B24: 0 | C24: =SUM(B24) -> 0
A25: Delinquent Advertising | B25: 0 | C25: =SUM(B25) -> 0
A26: Tax Collector Salary | B26: 0 | C26: =SUM(B26) -> 0
A27: Board of Election | B27: 0 | C27: =SUM(B27) -> 0
A28: TOTAL DEDUCTIONS | B28: =SUM(B23:B27) -> 1279.14 | C28: =SUM(B28) -> 1279.14
A30: BALANCES | B30: =B20-B28 -> 61085.29 | C30: =SUM(B30) -> 61085.29
A31: Less Refunds | B31: 0 | C31: =SUM(B31) -> 0
A32: Less Advances | B32: 0 | C32: =SUM(B32) -> 0
A33: NET DISTRIBUTION | B33: =B30-SUM(B31:B32) -> 61085.29 | C33: =SUM(B33) -> 61085.29
A35: OTHER
A36: Inflation Cap Credit | B36: 0 | C36: =SUM(B36) -> 0
B37: Please sign and return to this office, revised Code, Sec 321.34
B38: It is hereby certified that the above funds for retirement of bonds | F38: JENNIFER S. HUNTER | I38: COUNTY AUDITOR
B39: have been received and paid into the bond retirement fund
I40: DEPUTY AUDITOR
B41: SIGNATURE OF OFFICER

Sheet 41410-DARBY TWP
A2: SOURCE OF RECEIPTS | B2: GENERAL FUND 0.50 | C2: ROAD AND BRIDGE 0.30 | D2: 2014 CEMETERY 1.00 | E2: 2014 CURRENT EXPENSE 0.60 | F2: 2016 CEMETERY 0.70 | G2: TOTALS
A3: REAL PROPERTY
A4: Agr/Res | B4: 48715.04 | C4: 5157.57 | D4: 52266.98 | E4: 31357.68 | F4: 41098.39 | G4: =SUM(B4:F4) -> 178595.66
A5: Com/Ind/Min | B5: 4294.77 | C5: 383.11 | D5: 7541.2 | E5: 4524.57 | F5: 5278.65 | G5: =SUM(B5:F5) -> 22022.3
A6: Public Utility | B6: 995.99 | C6: 234.15 | D6: 1992.04 | E6: 1195.23 | F6: 1394.43 | G6: =SUM(B6:F6) -> 5811.84
A7: TOTAL CURRENT | B7: =SUM(B4:B6) -> 54005.8 | C7: =SUM(C4:C6) -> 5774.83 | D7: =SUM(D4:D6) -> 61800.22 | E7: =SUM(E4:E6) -> 37077.48 | F7: =SUM(F4:F6) -> 47771.47 | G7: =SUM(B7:F7) -> 206429.8
A8: TOTAL DELINQUENT | B8: -289.05 | C8: 15.33 | D8: -672.7 | E8: -403.6 | F8: -457.54 | G8: =SUM(B8:F8) -> -1807.56
A9: LESS TIF COLLECTED | B9: 0 | C9: 0 | D9: 0 | E9: 0 | F9: 0 | G9: =SUM(B9:F9) -> 0
A10: TOTAL COLLECTED | B10: =SUM(B7:B8) - B9 -> 53716.75 | C10: =SUM(C7:C8) - C9 -> 5790.16 | D10: =SUM(D7:D8) - D9 -> 61127.52 | E10: =SUM(E7:E8) - E9 -> 36673.88 | F10: =SUM(F7:F8) - F9 -> 47313.93 | G10: =SUM(B10:F10) -> 204622.24
A12: REIMBURSEMENTS
A13: Non-Business Credit | B13: 5387.11 | C13: 694.72 | D13: 0 | E13: 0 | F13: 0 | G13: =SUM(B13:F13) -> 6081.83
A14: Non-Business Credit Delinquent | B14: 0 | C14: 0 | D14: 0 | E14: 0 | F14: 0 | G14: =SUM(B14:F14) -> 0
A15: Owner-Occupancy Credit | B15: 969.66 | C15: 84.95 | D15: 0 | E15: 0 | F15: 0 | G15: =SUM(B15:F15) -> 1054.61
A16: Owner-Occupancy Credit Delinquent | B16: 0 | C16: 0 | D16: 0 | E16: 0 | F16: 0 | G16: =SUM(B16:F16) -> 0
A17: Homestead | B17: 475.08 | C17: 67.83 | D17: 590.64 | E17: 355.17 | F17: 464.38 | G17: =SUM(B17:F17) -> 1953.1
A18: Homestead Delinquent | B18: 0 | C18: 0 | D18: 0 | E18: 0 | F18: 0 | G18: =SUM(B18:F18) -> 0
A19: TOTAL REIMBURSEMENTS | B19: =SUM(B13:B18) -> 6831.85 | C19: =SUM(C13:C18) -> 847.5 | D19: =SUM(D13:D18) -> 590.64 | E19: =SUM(E13:E18) -> 355.17 | F19: =SUM(F13:F18) -> 464.38 | G19: =SUM(B19:F19) -> 9089.54
A20: TOTAL DISTRIBUTION | B20: =B10-B19 -> 46884.9 | C20: =C10-C19 -> 4942.66 | D20: =D10-D19 -> 60536.88 | E20: =E10-E19 -> 36318.71 | F20: =F10-F19 -> 46849.55 | G20: =SUM(B20:F20) -> 195532.7
A22: DEDUCTIONS
A23: Aud. And Treas. Fees | B23: 939.24 | C23: 101.23 | D23: 1068.76 | E23: 641.25 | F23: 827.26 | G23: =SUM(B23:F23) -> 3577.74
A24: DETAC Fee | B24: 0 | C24: 0 | D24: 0 | E24: 0 | F24: 0 | G24: =SUM(B24:F24) -> 0
A25: Delinquent Advertising | B25: 0 | C25: 0 | D25: 0 | E25: 0 | F25: 0 | G25: =SUM(B25:F25) -> 0
A26: Tax Collector Salary | B26: 0 | C26: 0 | D26: 0 | E26: 0 | F26: 0 | G26: =SUM(B26:F26) -> 0
A27: Board of Election | B27: 0 | C27: 0 | D27: 0 | E27: 0 | F27: 0 | G27: =SUM(B27:F27) -> 0
A28: TOTAL DEDUCTIONS | B28: =SUM(B23:B27) -> 939.24 | C28: =SUM(C23:C27) -> 101.23 | D28: =SUM(D23:D27) -> 1068.76 | E28: =SUM(E23:E27) -> 641.25 | F28: =SUM(F23:F27) -> 827.26 | G28: =SUM(B28:F28) -> 3577.74
A30: BALANCES | B30: =B20-B28 -> 45945.66 | C30: =C20-C28 -> 4841.43 | D30: =D20-D28 -> 59468.12 | E30: =E20-E28 -> 35677.46 | F30: =F20-F28 -> 46022.29 | G30: =SUM(B30:F30) -> 191954.96
A31: Less Refunds | B31: 8.88 | C31: 5.32 | D31: 11.04 | E31: 6.64 | F31: 8.68 | G31: =SUM(B31:F31) -> 40.56
A32: Less Advances | B32: 0 | C32: 0 | D32: 0 | E32: 0 | F32: 0 | G32: =SUM(B32:F32) -> 0
A33: NET DISTRIBUTION | B33: =B30-SUM(B31:B32) -> 45936.78 | C33: =C30-SUM(C31:C32) -> 4836.11 | D33: =D30-SUM(D31:D32) -> 59457.08 | E33: =E30-SUM(E31:E32) -> 35670.82 | F33: =F30-SUM(F31:F32) -> 46013.61 | G33: =SUM(B33:F33) -> 191914.4
A35: OTHER
A36: Inflation Cap Credit | B36: 0 | C36: 0 | D36: 0 | E36: 0 | F36: 0 | G36: =SUM(B36:F36) -> 0
B37: Please sign and return to this office, revised Code, Sec 321.34
B38: It is hereby certified that the above funds for retirement of bonds | F38: JENNIFER S. HUNTER | I38: COUNTY AUDITOR
B39: have been received and paid into the bond retirement fund
I40: DEPUTY AUDITOR
B41: SIGNATURE OF OFFICER

Sheet 41430-DEER CREEK TWP
A2: SOURCE OF RECEIPTS | B2: GENERAL FUND 1.40 | C2: TOTALS
A3: REAL PROPERTY
A4: Agr/Res | B4: 25768.91 | C4: =SUM(B4) -> 25768.91
A5: Com/Ind/Min | B5: 5405.25 | C5: =SUM(B5) -> 5405.25
A6: Public Utility | B6: 2847.1 | C6: =SUM(B6) -> 2847.1
A7: TOTAL CURRENT | B7: =SUM(B4:B6) -> 34021.26 | C7: =SUM(B7) -> 34021.26
A8: TOTAL DELINQUENT | B8: -169.93 | C8: =SUM(B8) -> -169.93
A9: LESS TIF COLLECTED | B9: 358.85 | C9: =SUM(B9) -> 358.85
A10: TOTAL COLLECTED | B10: =SUM(B7:B8) - B9 -> 33492.48 | C10: =SUM(B10) -> 33492.48
A12: REIMBURSEMENTS
A13: Non-Business Credit | B13: 3106.34 | C13: =SUM(B13) -> 3106.34
A14: Non-Business Credit Delinquent | B14: 0 | C14: =SUM(B14) -> 0
A15: Owner-Occupancy Credit | B15: 355.12 | C15: =SUM(B15) -> 355.12
A16: Owner-Occupancy Credit Delinquent | B16: 0 | C16: =SUM(B16) -> 0
A17: Homestead | B17: 465.64 | C17: =SUM(B17) -> 465.64
A18: Homestead Delinquent | B18: 0 | C18: =SUM(B18) -> 0
A19: TOTAL REIMBURSEMENTS | B19: =SUM(B13:B18) -> 3927.1 | C19: =SUM(B19) -> 3927.1
A20: TOTAL DISTRIBUTION | B20: =B10-B19 -> 29565.38 | C20: =SUM(B20) -> 29565.38
A22: DEDUCTIONS
A23: Aud. And Treas. Fees | B23: 585.58 | C23: =SUM(B23) -> 585.58
A24: DETAC Fee | B24: 0 | C24: =SUM(B24) -> 0
A25: Delinquent Advertising | B25: 0 | C25: =SUM(B25) -> 0
A26: Tax Collector Salary | B26: 0 | C26: =SUM(B26) -> 0
A27: Board of Election | B27: 0 | C27: =SUM(B27) -> 0
A28: TOTAL DEDUCTIONS | B28: =SUM(B23:B27) -> 585.58 | C28: =SUM(B28) -> 585.58
A30: BALANCES | B30: =B20-B28 -> 28979.8 | C30: =SUM(B30) -> 28979.8
A31: Less Refunds | B31: 12.44 | C31: =SUM(B31) -> 12.44
A32: Less Advances | B32: 0 | C32: =SUM(B32) -> 0
A33: NET DISTRIBUTION | B33: =B30-SUM(B31:B32) -> 28967.36 | C33: =SUM(B33) -> 28967.36
A35: OTHER
A36: Inflation Cap Credit | B36: 0 | C36: =SUM(B36) -> 0
B37: Please sign and return to this office, revised Code, Sec 321.34
B38: It is hereby certified that the above funds for retirement of bonds | F38: JENNIFER S. HUNTER | I38: COUNTY AUDITOR
B39: have been received and paid into the bond retirement fund
I40: DEPUTY AUDITOR
B41: SIGNATURE OF OFFICER

Sheet 41734-FAIRFIELD TWP
A2: SOURCE OF RECEIPTS | B2: GENERAL FUND 1.40 | C2: 2005 FIRE & E.M.S. 4.50 | D2: 2020 FIRE & E.M.S 0.25 | E2: 2025 FIRE & E.M.S. 1.50 | F2: TOTALS
A3: REAL PROPERTY
A4: Agr/Res | B4: 37768.2 | C4: 50630.4 | D4: 4632.35 | E4: 38755.81 | F4: =SUM(B4:E4) -> 131786.76
A5: Com/Ind/Min | B5: 159.34 | C5: 324.25 | D5: 18.02 | E5: 170.71 | F5: =SUM(B5:E5) -> 672.32
A6: Public Utility | B6: 1482.18 | C6: 4764.19 | D6: 264.67 | E6: 1588.07 | F6: =SUM(B6:E6) -> 8099.11
A7: TOTAL CURRENT | B7: =SUM(B4:B6) -> 39409.72 | C7: =SUM(C4:C6) -> 55718.84 | D7: =SUM(D4:D6) -> 4915.04 | E7: =SUM(E4:E6) -> 40514.59 | F7: =SUM(B7:E7) -> 140558.19
A8: TOTAL DELINQUENT | B8: 245.87 | C8: 86.77 | D8: 31.82 | E8: 320.89 | F8: =SUM(B8:E8) -> 685.35
A9: LESS TIF COLLECTED | B9: 0 | C9: 0 | D9: 0 | E9: 0 | F9: =SUM(B9:E9) -> 0
A10: TOTAL COLLECTED | B10: =SUM(B7:B8) - B9 -> 39655.59 | C10: =SUM(C7:C8) - C9 -> 55805.61 | D10: =SUM(D7:D8) - D9 -> 4946.86 | E10: =SUM(E7:E8) - E9 -> 40835.48 | F10: =SUM(B10:E10) -> 141243.54
A12: REIMBURSEMENTS
A13: Non-Business Credit | B13: 5071.35 | C13: 6798.08 | D13: 0 | E13: 0 | F13: =SUM(B13:E13) -> 11869.43
A14: Non-Business Credit Delinquent | B14: 0 | C14: 0 | D14: 0 | E14: 0 | F14: =SUM(B14:E14) -> 0
A15: Owner-Occupancy Credit | B15: 711.28 | C15: 953.62 | D15: 0 | E15: 0 | F15: =SUM(B15:E15) -> 1664.9
A16: Owner-Occupancy Credit Delinquent | B16: 0 | C16: 0 | D16: 0 | E16: 0 | F16: =SUM(B16:E16) -> 0
A17: Homestead | B17: 620.41 | C17: 830.96 | D17: 90.77 | E17: 759.08 | F17: =SUM(B17:E17) -> 2301.22
A18: Homestead Delinquent | B18: 0 | C18: 0 | D18: 0 | E18: 0 | F18: =SUM(B18:E18) -> 0
A19: TOTAL REIMBURSEMENTS | B19: =SUM(B13:B18) -> 6403.04 | C19: =SUM(C13:C18) -> 8582.66 | D19: =SUM(D13:D18) -> 90.77 | E19: =SUM(E13:E18) -> 759.08 | F19: =SUM(B19:E19) -> 15835.55
A20: TOTAL DISTRIBUTION | B20: =B10-B19 -> 33252.55 | C20: =C10-C19 -> 47222.95 | D20: =D10-D19 -> 4856.09 | E20: =E10-E19 -> 40076.4 | F20: =SUM(B20:E20) -> 125407.99
A22: DEDUCTIONS
A23: Aud. And Treas. Fees | B23: 1128.89 | C23: 2375.65 | D23: 164.25 | E23: 1180.64 | F23: =SUM(B23:E23) -> 4849.43
A24: DETAC Fee | B24: 0 | C24: 0 | D24: 0 | E24: 0 | F24: =SUM(B24:E24) -> 0
A25: Delinquent Advertising | B25: 0 | C25: 0 | D25: 0 | E25: 0 | F25: =SUM(B25:E25) -> 0
A26: Tax Collector Salary | B26: 0 | C26: 0 | D26: 0 | E26: 0 | F26: =SUM(B26:E26) -> 0
A27: Board of Election | B27: 0 | C27: 0 | D27: 0 | E27: 0 | F27: =SUM(B27:E27) -> 0
A28: TOTAL DEDUCTIONS | B28: =SUM(B23:B27) -> 1128.89 | C28: =SUM(C23:C27) -> 2375.65 | D28: =SUM(D23:D27) -> 164.25 | E28: =SUM(E23:E27) -> 1180.64 | F28: =SUM(B28:E28) -> 4849.43
A30: BALANCES | B30: =B20-B28 -> 32123.66 | C30: =C20-C28 -> 44847.3 | D30: =D20-D28 -> 4691.84 | E30: =E20-E28 -> 38895.76 | F30: =SUM(B30:E30) -> 120558.56
A31: Less Refunds | B31: 24.71 | C31: 33.13 | D31: 3.52 | E31: 29.41 | F31: =SUM(B31:E31) -> 90.77
A32: Less Advances | B32: 0 | C32: 0 | D32: 0 | E32: 0 | F32: =SUM(B32:E32) -> 0
A33: NET DISTRIBUTION | B33: =B30-SUM(B31:B32) -> 32098.95 | C33: =C30-SUM(C31:C32) -> 44814.17 | D33: =D30-SUM(D31:D32) -> 4688.32 | E33: =E30-SUM(E31:E32) -> 38866.35 | F33: =SUM(B33:E33) -> 120467.79
A35: OTHER
A36: Inflation Cap Credit | B36: 0 | C36: 0 | D36: 0 | E36: 0 | F36: =SUM(B36:E36) -> 0
B37: Please sign and return to this office, revised Code, Sec 321.34
B38: It is hereby certified that the above funds for retirement of bonds | F38: JENNIFER S. HUNTER | I38: COUNTY AUDITOR
B39: have been received and paid into the bond retirement fund
I40: DEPUTY AUDITOR
B41: SIGNATURE OF OFFICER

Sheet 47058-JEFFERSON TWP
A2: SOURCE OF RECEIPTS | B2: GENERAL FUND 0.50 | C2: ROAD AND BRIDGE 1.00 | D2: 2010 FIRE & E.M.S. 11.00 | E2: 2023 FIRE & E.M.S. 3.50 | F2: TOTALS
A3: REAL PROPERTY
A4: Agr/Res | B4: 52301.88 | C4: 62681.41 | D4: 653875.09 | E4: 265331.48 | F4: =SUM(B4:E4) -> 1034189.9
A5: Com/Ind/Min | B5: 23122.64 | C5: 6563.91 | D5: 424632.29 | E5: 143935.64 | F5: =SUM(B5:E5) -> 598254.48
A6: Public Utility | B6: 6442.66 | C6: 6284.24 | D6: 141738.66 | E6: 45098.64 | F6: =SUM(B6:E6) -> 199564.2
A7: TOTAL CURRENT | B7: =SUM(B4:B6) -> 81867.18 | C7: =SUM(C4:C6) -> 75529.56 | D7: =SUM(D4:D6) -> 1220246 | E7: =SUM(E4:E6) -> 454365.76 | F7: =SUM(B7:E7) -> 1832008.5
A8: TOTAL DELINQUENT | B8: -463.11 | C8: 75.89 | D8: -15154.23 | E8: -3866.6 | F8: =SUM(B8:E8) -> -19408.05
A9: LESS TIF COLLECTED | B9: 6336.28 | C9: 0 | D9: 116362.55 | E9: 39442.86 | F9: =SUM(B9:E9) -> 162141.69
A10: TOTAL COLLECTED | B10: =SUM(B7:B8) - B9 -> 75067.79 | C10: =SUM(C7:C8) - C9 -> 75605.45 | D10: =SUM(D7:D8) - D9 -> 1088729.3 | E10: =SUM(E7:E8) - E9 -> 411056.3 | F10: =SUM(B10:E10) -> 1650458.8
A12: REIMBURSEMENTS
A13: Non-Business Credit | B13: 6082.21 | C13: 7416.8 | D13: 76035.19 | E13: 0 | F13: =SUM(B13:E13) -> 89534.2
A14: Non-Business Credit Delinquent | B14: 0 | C14: 0 | D14: 0 | E14: 0 | F14: =SUM(B14:E14) -> 0
A15: Owner-Occupancy Credit | B15: 1100.29 | C15: 1341.46 | D15: 13757.07 | E15: 0 | F15: =SUM(B15:E15) -> 16198.82
A16: Owner-Occupancy Credit Delinquent | B16: 0 | C16: 0 | D16: 0 | E16: 0 | F16: =SUM(B16:E16) -> 0
A17: Homestead | B17: 1052.53 | C17: 816.96 | D17: 13175.92 | E17: 6240.33 | F17: =SUM(B17:E17) -> 21285.74
A18: Homestead Delinquent | B18: 0 | C18: 0 | D18: 0 | E18: 0 | F18: =SUM(B18:E18) -> 0
A19: TOTAL REIMBURSEMENTS | B19: =SUM(B13:B18) -> 8235.03 | C19: =SUM(C13:C18) -> 9575.22 | D19: =SUM(D13:D18) -> 102968.18 | E19: =SUM(E13:E18) -> 6240.33 | F19: =SUM(B19:E19) -> 127018.76
A20: TOTAL DISTRIBUTION | B20: =B10-B19 -> 66832.76 | C20: =C10-C19 -> 66030.23 | D20: =D10-D19 -> 985761.08 | E20: =E10-E19 -> 404815.97 | F20: =SUM(B20:E20) -> 1523440
A22: DEDUCTIONS
A23: Aud. And Treas. Fees | B23: 1312.53 | C23: 1321.93 | D23: 19036.02 | E23: 7187.19 | F23: =SUM(B23:E23) -> 28857.67
A24: DETAC Fee | B24: 0 | C24: 0 | D24: 0 | E24: 0 | F24: =SUM(B24:E24) -> 0
A25: Delinquent Advertising | B25: 0 | C25: 0 | D25: 0 | E25: 0 | F25: =SUM(B25:E25) -> 0
A26: Tax Collector Salary | B26: 0 | C26: 0 | D26: 0 | E26: 0 | F26: =SUM(B26:E26) -> 0
A27: Board of Election | B27: 0 | C27: 0 | D27: 0 | E27: 0 | F27: =SUM(B27:E27) -> 0
A28: TOTAL DEDUCTIONS | B28: =SUM(B23:B27) -> 1312.53 | C28: =SUM(C23:C27) -> 1321.93 | D28: =SUM(D23:D27) -> 19036.02 | E28: =SUM(E23:E27) -> 7187.19 | F28: =SUM(B28:E28) -> 28857.67
A30: BALANCES | B30: =B20-B28 -> 65520.23 | C30: =C20-C28 -> 64708.3 | D30: =D20-D28 -> 966725.06 | E30: =E20-E28 -> 397628.78 | F30: =SUM(B30:E30) -> 1494582.4
A31: Less Refunds | B31: 4.44 | C31: 0 | D31: 55.52 | E31: 26.32 | F31: =SUM(B31:E31) -> 86.28
A32: Less Advances | B32: 0 | C32: 0 | D32: 0 | E32: 0 | F32: =SUM(B32:E32) -> 0
A33: NET DISTRIBUTION | B33: =B30-SUM(B31:B32) -> 65515.79 | C33: =C30-SUM(C31:C32) -> 64708.3 | D33: =D30-SUM(D31:D32) -> 966669.54 | E33: =E30-SUM(E31:E32) -> 397602.46 | F33: =SUM(B33:E33) -> 1494496.1
A35: OTHER
A36: Inflation Cap Credit | B36: 0 | C36: 0 | D36: 0 | E36: 0 | F36: =SUM(B36:E36) -> 0
B37: Please sign and return to this office, revised Code, Sec 321.34
B38: It is hereby certified that the above funds for retirement of bonds | F38: JENNIFER S. HUNTER | I38: COUNTY AUDITOR
B39: have been received and paid into the bond retirement fund
I40: DEPUTY AUDITOR
B41: SIGNATURE OF OFFICER

Sheet 47101-MONROE TWP
A2: SOURCE OF RECEIPTS | B2: GENERAL FUND 1.50 | C2: TOTALS
A3: REAL PROPERTY
A4: Agr/Res | B4: 34036.52 | C4: =SUM(B4) -> 34036.52
A5: Com/Ind/Min | B5: 463.5 | C5: =SUM(B5) -> 463.5
A6: Public Utility | B6: 1061.07 | C6: =SUM(B6) -> 1061.07
A7: TOTAL CURRENT | B7: =SUM(B4:B6) -> 35561.09 | C7: =SUM(B7) -> 35561.09
A8: TOTAL DELINQUENT | B8: 106.73 | C8: =SUM(B8) -> 106.73
A9: LESS TIF COLLECTED | B9: 0 | C9: =SUM(B9) -> 0
A10: TOTAL COLLECTED | B10: =SUM(B7:B8) - B9 -> 35667.82 | C10: =SUM(B10) -> 35667.82
A12: REIMBURSEMENTS
A13: Non-Business Credit | B13: 3988.06 | C13: =SUM(B13) -> 3988.06
A14: Non-Business Credit Delinquent | B14: 0 | C14: =SUM(B14) -> 0
A15: Owner-Occupancy Credit | B15: 584.43 | C15: =SUM(B15) -> 584.43
A16: Owner-Occupancy Credit Delinquent | B16: 0 | C16: =SUM(B16) -> 0
A17: Homestead | B17: 352.98 | C17: =SUM(B17) -> 352.98
A18: Homestead Delinquent | B18: 0 | C18: =SUM(B18) -> 0
A19: TOTAL REIMBURSEMENTS | B19: =SUM(B13:B18) -> 4925.47 | C19: =SUM(B19) -> 4925.47
A20: TOTAL DISTRIBUTION | B20: =B10-B19 -> 30742.35 | C20: =SUM(B20) -> 30742.35
A22: DEDUCTIONS
A23: Aud. And Treas. Fees | B23: 623.62 | C23: =SUM(B23) -> 623.62
A24: DETAC Fee | B24: 0 | C24: =SUM(B24) -> 0
A25: Delinquent Advertising | B25: 0 | C25: =SUM(B25) -> 0
A26: Tax Collector Salary | B26: 0 | C26: =SUM(B26) -> 0
A27: Board of Election | B27: 0 | C27: =SUM(B27) -> 0
A28: TOTAL DEDUCTIONS | B28: =SUM(B23:B27) -> 623.62 | C28: =SUM(B28) -> 623.62
A30: BALANCES | B30: =B20-B28 -> 30118.73 | C30: =SUM(B30) -> 30118.73
A31: Less Refunds | B31: 0 | C31: =SUM(B31) -> 0
A32: Less Advances | B32: 0 | C32: =SUM(B32) -> 0
A33: NET DISTRIBUTION | B33: =B30-SUM(B31:B32) -> 30118.73 | C33: =SUM(B33) -> 30118.73
A35: OTHER
A36: Inflation Cap Credit | B36: 0 | C36: =SUM(B36) -> 0
B37: Please sign and return to this office, revised Code, Sec 321.34
B38: It is hereby certified that the above funds for retirement of bonds | F38: JENNIFER S. HUNTER | I38: COUNTY AUDITOR
B39: have been received and paid into the bond retirement fund
I40: DEPUTY AUDITOR
B41: SIGNATURE OF OFFICER

Sheet 43900-OAK RUN TWP
A2: SOURCE OF RECEIPTS | B2: GENERAL FUND 1.40 | C2: TOTALS
A3: REAL PROPERTY
A4: Agr/Res | B4: 20596.49 | C4: =SUM(B4) -> 20596.49
A5: Com/Ind/Min | B5: 103.14 | C5: =SUM(B5) -> 103.14
A6: Public Utility | B6: 29503.08 | C6: =SUM(B6) -> 29503.08
A7: TOTAL CURRENT | B7: =SUM(B4:B6) -> 50202.71 | C7: =SUM(B7) -> 50202.71
A8: TOTAL DELINQUENT | B8: 152.86 | C8: =SUM(B8) -> 152.86
A9: LESS TIF COLLECTED | B9: 0 | C9: =SUM(B9) -> 0
A10: TOTAL COLLECTED | B10: =SUM(B7:B8) - B9 -> 50355.57 | C10: =SUM(B10) -> 50355.57
A12: REIMBURSEMENTS
A13: Non-Business Credit | B13: 2655.41 | C13: =SUM(B13) -> 2655.41
A14: Non-Business Credit Delinquent | B14: -2.59 | C14: =SUM(B14) -> -2.59
A15: Owner-Occupancy Credit | B15: 290.07 | C15: =SUM(B15) -> 290.07
A16: Owner-Occupancy Credit Delinquent | B16: 0 | C16: =SUM(B16) -> 0
A17: Homestead | B17: 211.92 | C17: =SUM(B17) -> 211.92
A18: Homestead Delinquent | B18: 0 | C18: =SUM(B18) -> 0
A19: TOTAL REIMBURSEMENTS | B19: =SUM(B13:B18) -> 3154.81 | C19: =SUM(B19) -> 3154.81
A20: TOTAL DISTRIBUTION | B20: =B10-B19 -> 47200.76 | C20: =SUM(B20) -> 47200.76
A22: DEDUCTIONS
A23: Aud. And Treas. Fees | B23: 468.63 | C23: =SUM(B23) -> 468.63
A24: DETAC Fee | B24: 0 | C24: =SUM(B24) -> 0
A25: Delinquent Advertising | B25: 0 | C25: =SUM(B25) -> 0
A26: Tax Collector Salary | B26: 0 | C26: =SUM(B26) -> 0
A27: Board of Election | B27: 0 | C27: =SUM(B27) -> 0
A28: TOTAL DEDUCTIONS | B28: =SUM(B23:B27) -> 468.63 | C28: =SUM(B28) -> 468.63
A30: BALANCES | B30: =B20-B28 -> 46732.13 | C30: =SUM(B30) -> 46732.13
A31: Less Refunds | B31: 47.19 | C31: =SUM(B31) -> 47.19
A32: Less Advances | B32: 0 | C32: =SUM(B32) -> 0
A33: NET DISTRIBUTION | B33: =B30-SUM(B31:B32) -> 46684.94 | C33: =SUM(B33) -> 46684.94
A35: OTHER
A36: Inflation Cap Credit | B36: 0 | C36: =SUM(B36) -> 0
B37: Please sign and return to this office, revised Code, Sec 321.34
B38: It is hereby certified that the above funds for retirement of bonds | F38: JENNIFER S. HUNTER | I38: COUNTY AUDITOR
B39: have been received and paid into the bond retirement fund
I40: DEPUTY AUDITOR
B41: SIGNATURE OF OFFICER

Sheet 44013-PAINT TWP
A2: SOURCE OF RECEIPTS | B2: GENERAL FUND 1.40 | C2: 2006 CURRENT EXPENSE 1.50 | D2: 2009 CEMETERY 0.40 | E2: 2015 CEMETERY 1.10 | F2: TOTALS
A3: REAL PROPERTY
A4: Agr/Res | B4: 21796.66 | C4: 7545.78 | D4: 2706.88 | E4: 10734.58 | F4: =SUM(B4:E4) -> 42783.9
A5: Com/Ind/Min | B5: 182.99 | C5: 110.86 | D5: 29.56 | E5: 81.3 | F5: =SUM(B5:E5) -> 404.71
A6: Public Utility | B6: 2537.62 | C6: 2718.85 | D6: 725.05 | E6: 1993.84 | F6: =SUM(B6:E6) -> 7975.36
A7: TOTAL CURRENT | B7: =SUM(B4:B6) -> 24517.27 | C7: =SUM(C4:C6) -> 10375.49 | D7: =SUM(D4:D6) -> 3461.49 | E7: =SUM(E4:E6) -> 12809.72 | F7: =SUM(B7:E7) -> 51163.97
A8: TOTAL DELINQUENT | B8: 12.55 | C8: -90.98 | D8: -19.69 | E8: -18.64 | F8: =SUM(B8:E8) -> -116.76
A9: LESS TIF COLLECTED | B9: 0 | C9: 0 | D9: 0 | E9: 0 | F9: =SUM(B9:E9) -> 0
A10: TOTAL COLLECTED | B10: =SUM(B7:B8) - B9 -> 24529.82 | C10: =SUM(C7:C8) - C9 -> 10284.51 | D10: =SUM(D7:D8) - D9 -> 3441.8 | E10: =SUM(E7:E8) - E9 -> 12791.08 | F10: =SUM(B10:E10) -> 51047.21
A12: REIMBURSEMENTS
A13: Non-Business Credit | B13: 3051.16 | C13: 1056.25 | D13: 378.85 | E13: 0 | F13: =SUM(B13:E13) -> 4486.26
A14: Non-Business Credit Delinquent | B14: 0 | C14: 0 | D14: 0 | E14: 0 | F14: =SUM(B14:E14) -> 0
A15: Owner-Occupancy Credit | B15: 209.26 | C15: 72.44 | D15: 25.95 | E15: 0 | F15: =SUM(B15:E15) -> 307.65
A16: Owner-Occupancy Credit Delinquent | B16: 0 | C16: 0 | D16: 0 | E16: 0 | F16: =SUM(B16:E16) -> 0
A17: Homestead | B17: 223.92 | C17: 77.4 | D17: 27.72 | E17: 132.12 | F17: =SUM(B17:E17) -> 461.16
A18: Homestead Delinquent | B18: 0 | C18: 0 | D18: 0 | E18: 0 | F18: =SUM(B18:E18) -> 0
A19: TOTAL REIMBURSEMENTS | B19: =SUM(B13:B18) -> 3484.34 | C19: =SUM(C13:C18) -> 1206.09 | D19: =SUM(D13:D18) -> 432.52 | E19: =SUM(E13:E18) -> 132.12 | F19: =SUM(B19:E19) -> 5255.07
A20: TOTAL DISTRIBUTION | B20: =B10-B19 -> 21045.48 | C20: =C10-C19 -> 9078.42 | D20: =D10-D19 -> 3009.28 | E20: =E10-E19 -> 12658.96 | F20: =SUM(B20:E20) -> 45792.14
A22: DEDUCTIONS
A23: Aud. And Treas. Fees | B23: 428.9 | C23: 179.82 | D23: 60.16 | E23: 223.64 | F23: =SUM(B23:E23) -> 892.52
A24: DETAC Fee | B24: 0 | C24: 0 | D24: 0 | E24: 0 | F24: =SUM(B24:E24) -> 0
A25: Delinquent Advertising | B25: 0 | C25: 0 | D25: 0 | E25: 0 | F25: =SUM(B25:E25) -> 0
A26: Tax Collector Salary | B26: 0 | C26: 0 | D26: 0 | E26: 0 | F26: =SUM(B26:E26) -> 0
A27: Board of Election | B27: 0 | C27: 0 | D27: 0 | E27: 0 | F27: =SUM(B27:E27) -> 0
A28: TOTAL DEDUCTIONS | B28: =SUM(B23:B27) -> 428.9 | C28: =SUM(C23:C27) -> 179.82 | D28: =SUM(D23:D27) -> 60.16 | E28: =SUM(E23:E27) -> 223.64 | F28: =SUM(B28:E28) -> 892.52
A30: BALANCES | B30: =B20-B28 -> 20616.58 | C30: =C20-C28 -> 8898.6 | D30: =D20-D28 -> 2949.12 | E30: =E20-E28 -> 12435.32 | F30: =SUM(B30:E30) -> 44899.62
A31: Less Refunds | B31: 0 | C31: 0 | D31: 0 | E31: 0 | F31: =SUM(B31:E31) -> 0
A32: Less Advances | B32: 0 | C32: 0 | D32: 0 | E32: 0 | F32: =SUM(B32:E32) -> 0
A33: NET DISTRIBUTION | B33: =B30-SUM(B31:B32) -> 20616.58 | C33: =C30-SUM(C31:C32) -> 8898.6 | D33: =D30-SUM(D31:D32) -> 2949.12 | E33: =E30-SUM(E31:E32) -> 12435.32 | F33: =SUM(B33:E33) -> 44899.62
A35: OTHER
A36: Inflation Cap Credit | B36: 0 | C36: 0 | D36: 0 | E36: 0 | F36: =SUM(B36:E36) -> 0
B37: Please sign and return to this office, revised Code, Sec 321.34
B38: It is hereby certified that the above funds for retirement of bonds | F38: JENNIFER S. HUNTER | I38: COUNTY AUDITOR
B39: have been received and paid into the bond retirement fund
I40: DEPUTY AUDITOR
B41: SIGNATURE OF OFFICER

Sheet 44215-PIKE TWP
A2: SOURCE OF RECEIPTS | B2: GENERAL FUND 1.60 | C2: 2008 FIRE & E.M.S. 2.88 | D2: 2018 FIRE & E.M.S. 0.24 | E2: TOTALS
A3: REAL PROPERTY
A4: Agr/Res | B4: 19540.68 | C4: 10391.45 | D4: 1874.7 | E4: =SUM(B4:D4) -> 31806.83
A5: Com/Ind/Min | B5: 8.9 | C5: 12.71 | D5: 1.26 | E5: =SUM(B5:D5) -> 22.87
A6: Public Utility | B6: 820.61 | C6: 1477.06 | D6: 123.1 | E6: =SUM(B6:D6) -> 2420.77
A7: TOTAL CURRENT | B7: =SUM(B4:B6) -> 20370.19 | C7: =SUM(C4:C6) -> 11881.22 | D7: =SUM(D4:D6) -> 1999.06 | E7: =SUM(B7:D7) -> 34250.47
A8: TOTAL DELINQUENT | B8: 161.34 | C8: 2.14 | D8: 15.84 | E8: =SUM(B8:D8) -> 179.32
A9: LESS TIF COLLECTED | B9: 0 | C9: 0 | D9: 0 | E9: =SUM(B9:D9) -> 0
A10: TOTAL COLLECTED | B10: =SUM(B7:B8) - B9 -> 20531.53 | C10: =SUM(C7:C8) - C9 -> 11883.36 | D10: =SUM(D7:D8) - D9 -> 2014.9 | E10: =SUM(B10:D10) -> 34429.79
A12: REIMBURSEMENTS
A13: Non-Business Credit | B13: 2483 | C13: 1320.19 | D13: 0 | E13: =SUM(B13:D13) -> 3803.19
A14: Non-Business Credit Delinquent | B14: 0 | C14: 0 | D14: 0 | E14: =SUM(B14:D14) -> 0
A15: Owner-Occupancy Credit | B15: 180.35 | C15: 95.92 | D15: 0 | E15: =SUM(B15:D15) -> 276.27
A16: Owner-Occupancy Credit Delinquent | B16: 0 | C16: 0 | D16: 0 | E16: =SUM(B16:D16) -> 0
A17: Homestead | B17: 135.09 | C17: 71.82 | D17: 15.2 | E17: =SUM(B17:D17) -> 222.11
A18: Homestead Delinquent | B18: 0 | C18: 0 | D18: 0 | E18: =SUM(B18:D18) -> 0
A19: TOTAL REIMBURSEMENTS | B19: =SUM(B13:B18) -> 2798.44 | C19: =SUM(C13:C18) -> 1487.93 | D19: =SUM(D13:D18) -> 15.2 | E19: =SUM(B19:D19) -> 4301.57
A20: TOTAL DISTRIBUTION | B20: =B10-B19 -> 17733.09 | C20: =C10-C19 -> 10395.43 | D20: =D10-D19 -> 1999.7 | E20: =SUM(B20:D20) -> 30128.22
A22: DEDUCTIONS
A23: Aud. And Treas. Fees | B23: 358.98 | C23: 207.78 | D23: 35.22 | E23: =SUM(B23:D23) -> 601.98
A24: DETAC Fee | B24: 0 | C24: 0 | D24: 0 | E24: =SUM(B24:D24) -> 0
A25: Delinquent Advertising | B25: 0 | C25: 0 | D25: 0 | E25: =SUM(B25:D25) -> 0
A26: Tax Collector Salary | B26: 0 | C26: 0 | D26: 0 | E26: =SUM(B26:D26) -> 0
A27: Board of Election | B27: 0 | C27: 0 | D27: 0 | E27: =SUM(B27:D27) -> 0
A28: TOTAL DEDUCTIONS | B28: =SUM(B23:B27) -> 358.98 | C28: =SUM(C23:C27) -> 207.78 | D28: =SUM(D23:D27) -> 35.22 | E28: =SUM(B28:D28) -> 601.98
A30: BALANCES | B30: =B20-B28 -> 17374.11 | C30: =C20-C28 -> 10187.65 | D30: =D20-D28 -> 1964.48 | E30: =SUM(B30:D30) -> 29526.24
A31: Less Refunds | B31: 0 | C31: 0 | D31: 0 | E31: =SUM(B31:D31) -> 0
A32: Less Advances | B32: 0 | C32: 0 | D32: 0 | E32: =SUM(B32:D32) -> 0
A33: NET DISTRIBUTION | B33: =B30-SUM(B31:B32) -> 17374.11 | C33: =C30-SUM(C31:C32) -> 10187.65 | D33: =D30-SUM(D31:D32) -> 1964.48 | E33: =SUM(B33:D33) -> 29526.24
A35: OTHER
A36: Inflation Cap Credit | B36: 0 | C36: 0 | D36: 0 | E36: =SUM(B36:D36) -> 0
B37: Please sign and return to this office, revised Code, Sec 321.34
B38: It is hereby certified that the above funds for retirement of bonds | F38: JENNIFER S. HUNTER | I38: COUNTY AUDITOR
B39: have been received and paid into the bond retirement fund
I40: DEPUTY AUDITOR
B41: SIGNATURE OF OFFICER

Sheet 44259-PLEASANT TWP
A2: SOURCE OF RECEIPTS | B2: GENERAL FUND 0.40 | C2: ROAD AND BRIDGE 0.10 | D2: 2017 CURRENT EXPENSE LIBRARY 0.40 | E2: 2022 CURRENT EXPENSE LIBRARY 0.10 | F2: TOTALS
A3: REAL PROPERTY
A4: Agr/Res | B4: 15986.17 | C4: 2267.9 | D4: 10634.56 | E4: 2852.71 | F4: =SUM(B4:E4) -> 31741.34
A5: Com/Ind/Min | B5: 1784.47 | C5: 45.84 | D5: 1656.42 | E5: 414.17 | F5: =SUM(B5:E5) -> 3900.9
A6: Public Utility | B6: 3395.52 | C6: 736.04 | D6: 3395.52 | E6: 848.9 | F6: =SUM(B6:E6) -> 8375.98
A7: TOTAL CURRENT | B7: =SUM(B4:B6) -> 21166.16 | C7: =SUM(C4:C6) -> 3049.78 | D7: =SUM(D4:D6) -> 15686.5 | E7: =SUM(E4:E6) -> 4115.78 | F7: =SUM(B7:E7) -> 44018.22
A8: TOTAL DELINQUENT | B8: 189.02 | C8: 57.81 | D8: 102.39 | E8: 31.1 | F8: =SUM(B8:E8) -> 380.32
A9: LESS TIF COLLECTED | B9: 0 | C9: 0 | D9: 0 | E9: 0 | F9: =SUM(B9:E9) -> 0
A10: TOTAL COLLECTED | B10: =SUM(B7:B8) - B9 -> 21355.18 | C10: =SUM(C7:C8) - C9 -> 3107.59 | D10: =SUM(D7:D8) - D9 -> 15788.89 | E10: =SUM(E7:E8) - E9 -> 4146.88 | F10: =SUM(B10:E10) -> 44398.54
A12: REIMBURSEMENTS
A13: Non-Business Credit | B13: 1922.3 | C13: 285.21 | D13: 0 | E13: 0 | F13: =SUM(B13:E13) -> 2207.51
A14: Non-Business Credit Delinquent | B14: 0 | C14: 0 | D14: 0 | E14: 0 | F14: =SUM(B14:E14) -> 0
A15: Owner-Occupancy Credit | B15: 274.94 | C15: 36.55 | D15: 0 | E15: 0 | F15: =SUM(B15:E15) -> 311.49
A16: Owner-Occupancy Credit Delinquent | B16: 0 | C16: 0 | D16: 0 | E16: 0 | F16: =SUM(B16:E16) -> 0
A17: Homestead | B17: 283.94 | C17: 32.62 | D17: 222.36 | E17: 59.18 | F17: =SUM(B17:E17) -> 598.1
A18: Homestead Delinquent | B18: 0 | C18: 0 | D18: 0 | E18: 0 | F18: =SUM(B18:E18) -> 0
A19: TOTAL REIMBURSEMENTS | B19: =SUM(B13:B18) -> 2481.18 | C19: =SUM(C13:C18) -> 354.38 | D19: =SUM(D13:D18) -> 222.36 | E19: =SUM(E13:E18) -> 59.18 | F19: =SUM(B19:E19) -> 3117.1
A20: TOTAL DISTRIBUTION | B20: =B10-B19 -> 18874 | C20: =C10-C19 -> 2753.21 | D20: =D10-D19 -> 15566.53 | E20: =E10-E19 -> 4087.7 | F20: =SUM(B20:E20) -> 41281.44
A22: DEDUCTIONS
A23: Aud. And Treas. Fees | B23: 353.46 | C23: 49.38 | D23: 256.17 | E23: 67.52 | F23: =SUM(B23:E23) -> 726.53
A24: DETAC Fee | B24: 0 | C24: 0 | D24: 0 | E24: 0 | F24: =SUM(B24:E24) -> 0
A25: Delinquent Advertising | B25: 0 | C25: 0 | D25: 0 | E25: 0 | F25: =SUM(B25:E25) -> 0
A26: Tax Collector Salary | B26: 0 | C26: 0 | D26: 0 | E26: 0 | F26: =SUM(B26:E26) -> 0
A27: Board of Election | B27: 0 | C27: 0 | D27: 0 | E27: 0 | F27: =SUM(B27:E27) -> 0
A28: TOTAL DEDUCTIONS | B28: =SUM(B23:B27) -> 353.46 | C28: =SUM(C23:C27) -> 49.38 | D28: =SUM(D23:D27) -> 256.17 | E28: =SUM(E23:E27) -> 67.52 | F28: =SUM(B28:E28) -> 726.53
A30: BALANCES | B30: =B20-B28 -> 18520.54 | C30: =C20-C28 -> 2703.83 | D30: =D20-D28 -> 15310.36 | E30: =E20-E28 -> 4020.18 | F30: =SUM(B30:E30) -> 40554.91
A31: Less Refunds | B31: 3.56 | C31: 0 | D31: 2.78 | E31: 0.74 | F31: =SUM(B31:E31) -> 7.08
A32: Less Advances | B32: 0 | C32: 0 | D32: 0 | E32: 0 | F32: =SUM(B32:E32) -> 0
A33: NET DISTRIBUTION | B33: =B30-SUM(B31:B32) -> 18516.98 | C33: =C30-SUM(C31:C32) -> 2703.83 | D33: =D30-SUM(D31:D32) -> 15307.58 | E33: =E30-SUM(E31:E32) -> 4019.44 | F33: =SUM(B33:E33) -> 40547.83
A35: OTHER
A36: Inflation Cap Credit | B36: 0 | C36: 0 | D36: 0 | E36: 0 | F36: =SUM(B36:E36) -> 0
B37: Please sign and return to this office, revised Code, Sec 321.34
B38: It is hereby certified that the above funds for retirement of bonds | F38: JENNIFER S. HUNTER | I38: COUNTY AUDITOR
B39: have been received and paid into the bond retirement fund
I40: DEPUTY AUDITOR
B41: SIGNATURE OF OFFICER

Sheet 44410-RANGE TWP
A2: SOURCE OF RECEIPTS | B2: GENERAL FUND 0.90 | C2: ROAD AND BRIDGE 0.50 | D2: 1992 FIRE 1.70 | E2: 1999 CEMETERY 1.20 | F2: 2006 BOND ($435,000) 0.50 | G2: 2014 CURRENT EXPENSE 0.30 | H2: 2016 CEMETERY 0.70 | I2: 2019 CURRENT EXPENSE 0.50 | J2: 2024 FIRE 0.60 | K2: TOTALS
A3: REAL PROPERTY
A4: Agr/Res | B4: 22103.82 | C4: 11184.54 | D4: 8420.01 | E4: 7338.83 | F4: 12280.37 | G4: 3905.21 | H4: 11207.71 | I4: 8006.19 | J4: 14256.04 | K4: =SUM(B4:J4) -> 98702.72
A5: Com/Ind/Min | B5: 416.91 | C5: 157.8 | D5: 580.55 | E5: 409.79 | F5: 231.62 | G5: 132.23 | H5: 308.54 | I5: 220.39 | J5: 277.94 | K5: =SUM(B5:J5) -> 2735.77
A6: Public Utility | B6: 11692.8 | C6: 6468.56 | D6: 22086.37 | E6: 15590.4 | F6: 6495.97 | G6: 3897.58 | H6: 9094.38 | I6: 6495.97 | J6: 7795.19 | K6: =SUM(B6:J6) -> 89617.22
A7: TOTAL CURRENT | B7: =SUM(B4:B6) -> 34213.53 | C7: =SUM(C4:C6) -> 17810.9 | D7: =SUM(D4:D6) -> 31086.93 | E7: =SUM(E4:E6) -> 23339.02 | F7: =SUM(F4:F6) -> 19007.96 | G7: =SUM(G4:G6) -> 7935.02 | H7: =SUM(H4:H6) -> 20610.63 | I7: =SUM(I4:I6) -> 14722.55 | J7: =SUM(J4:J6) -> 22329.17 | K7: =SUM(B7:J7) -> 191055.71
A8: TOTAL DELINQUENT | B8: 97.24 | C8: 30.41 | D8: -55.3 | E8: -29.02 | F8: 54.06 | G8: 11.76 | H8: 44.66 | I8: 31.92 | J8: 76.57 | K8: =SUM(B8:J8) -> 262.3
A9: LESS TIF COLLECTED | B9: 0 | C9: 0 | D9: 0 | E9: 0 | F9: 0 | G9: 0 | H9: 0 | I9: 0 | J9: 0 | K9: =SUM(B9:J9) -> 0
A10: TOTAL COLLECTED | B10: =SUM(B7:B8) - B9 -> 34310.77 | C10: =SUM(C7:C8) - C9 -> 17841.31 | D10: =SUM(D7:D8) - D9 -> 31031.63 | E10: =SUM(E7:E8) - E9 -> 23310 | F10: =SUM(F7:F8) - F9 -> 19062.02 | G10: =SUM(G7:G8) - G9 -> 7946.78 | H10: =SUM(H7:H8) - H9 -> 20655.29 | I10: =SUM(I7:I8) - I9 -> 14754.47 | J10: =SUM(J7:J8) - J9 -> 22405.74 | K10: =SUM(B10:J10) -> 191318.01
A12: REIMBURSEMENTS
A13: Non-Business Credit | B13: 2819.93 | C13: 1438.95 | D13: 1074.07 | E13: 936.15 | F13: 1566.56 | G13: 0 | H13: 0 | I13: 0 | J13: 0 | K13: =SUM(B13:J13) -> 7835.66
A14: Non-Business Credit Delinquent | B14: 0 | C14: 0 | D14: 0 | E14: 0 | F14: 0 | G14: 0 | H14: 0 | I14: 0 | J14: 0 | K14: =SUM(B14:J14) -> 0
A15: Owner-Occupancy Credit | B15: 214.68 | C15: 100.42 | D15: 81.7 | E15: 71.34 | F15: 119.22 | G15: 0 | H15: 0 | I15: 0 | J15: 0 | K15: =SUM(B15:J15) -> 587.36
A16: Owner-Occupancy Credit Delinquent | B16: 0 | C16: 0 | D16: 0 | E16: 0 | F16: 0 | G16: 0 | H16: 0 | I16: 0 | J16: 0 | K16: =SUM(B16:J16) -> 0
A17: Homestead | B17: 244.61 | C17: 93.24 | D17: 92.98 | E17: 81.3 | F17: 135.78 | G17: 50.8 | H17: 146.22 | I17: 104.59 | J17: 186.5 | K17: =SUM(B17:J17) -> 1136.02
A18: Homestead Delinquent | B18: 0 | C18: 0 | D18: 0 | E18: 0 | F18: 0 | G18: 0 | H18: 0 | I18: 0 | J18: 0 | K18: =SUM(B18:J18) -> 0
A19: TOTAL REIMBURSEMENTS | B19: =SUM(B13:B18) -> 3279.22 | C19: =SUM(C13:C18) -> 1632.61 | D19: =SUM(D13:D18) -> 1248.75 | E19: =SUM(E13:E18) -> 1088.79 | F19: =SUM(F13:F18) -> 1821.56 | G19: =SUM(G13:G18) -> 50.8 | H19: =SUM(H13:H18) -> 146.22 | I19: =SUM(I13:I18) -> 104.59 | J19: =SUM(J13:J18) -> 186.5 | K19: =SUM(B19:J19) -> 9559.04
A20: TOTAL DISTRIBUTION | B20: =B10-B19 -> 31031.55 | C20: =C10-C19 -> 16208.7 | D20: =D10-D19 -> 29782.88 | E20: =E10-E19 -> 22221.21 | F20: =F10-F19 -> 17240.46 | G20: =G10-G19 -> 7895.98 | H20: =H10-H19 -> 20509.07 | I20: =I10-I19 -> 14649.88 | J20: =J10-J19 -> 22219.24 | K20: =SUM(B20:J20) -> 181758.97
A22: DEDUCTIONS
A23: Aud. And Treas. Fees | B23: 503.69 | C23: 258.48 | D23: 360.79 | E23: 279.24 | F23: 279.82 | G23: 106.87 | H23: 286.29 | I23: 204.51 | J23: 327.57 | K23: =SUM(B23:J23) -> 2607.26
A24: DETAC Fee | B24: 0 | C24: 0 | D24: 0 | E24: 0 | F24: 0 | G24: 0 | H24: 0 | I24: 0 | J24: 0 | K24: =SUM(B24:J24) -> 0
A25: Delinquent Advertising | B25: 0 | C25: 0 | D25: 0 | E25: 0 | F25: 0 | G25: 0 | H25: 0 | I25: 0 | J25: 0 | K25: =SUM(B25:J25) -> 0
A26: Tax Collector Salary | B26: 0 | C26: 0 | D26: 0 | E26: 0 | F26: 0 | G26: 0 | H26: 0 | I26: 0 | J26: 0 | K26: =SUM(B26:J26) -> 0
A27: Board of Election | B27: 0 | C27: 0 | D27: 0 | E27: 0 | F27: 0 | G27: 0 | H27: 0 | I27: 0 | J27: 0 | K27: =SUM(B27:J27) -> 0
A28: TOTAL DEDUCTIONS | B28: =SUM(B23:B27) -> 503.69 | C28: =SUM(C23:C27) -> 258.48 | D28: =SUM(D23:D27) -> 360.79 | E28: =SUM(E23:E27) -> 279.24 | F28: =SUM(F23:F27) -> 279.82 | G28: =SUM(G23:G27) -> 106.87 | H28: =SUM(H23:H27) -> 286.29 | I28: =SUM(I23:I27) -> 204.51 | J28: =SUM(J23:J27) -> 327.57 | K28: =SUM(B28:J28) -> 2607.26
A30: BALANCES | B30: =B20-B28 -> 30527.86 | C30: =C20-C28 -> 15950.22 | D30: =D20-D28 -> 29422.09 | E30: =E20-E28 -> 21941.97 | F30: =F20-F28 -> 16960.64 | G30: =G20-G28 -> 7789.11 | H30: =H20-H28 -> 20222.78 | I30: =I20-I28 -> 14445.37 | J30: =J20-J28 -> 21891.67 | K30: =SUM(B30:J30) -> 179151.71
A31: Less Refunds | B31: 0 | C31: 0 | D31: 0 | E31: 0 | F31: 0 | G31: 0 | H31: 0 | I31: 0 | J31: 0 | K31: =SUM(B31:J31) -> 0
A32: Less Advances | B32: 0 | C32: 0 | D32: 0 | E32: 0 | F32: 0 | G32: 0 | H32: 0 | I32: 0 | J32: 0 | K32: =SUM(B32:J32) -> 0
A33: NET DISTRIBUTION | B33: =B30-SUM(B31:B32) -> 30527.86 | C33: =C30-SUM(C31:C32) -> 15950.22 | D33: =D30-SUM(D31:D32) -> 29422.09 | E33: =E30-SUM(E31:E32) -> 21941.97 | F33: =F30-SUM(F31:F32) -> 16960.64 | G33: =G30-SUM(G31:G32) -> 7789.11 | H33: =H30-SUM(H31:H32) -> 20222.78 | I33: =I30-SUM(I31:I32) -> 14445.37 | J33: =J30-SUM(J31:J32) -> 21891.67 | K33: =SUM(B33:J33) -> 179151.71
A35: OTHER
A36: Inflation Cap Credit | B36: 0 | C36: 0 | D36: 0 | E36: 0 | F36: 0 | G36: 0 | H36: 0 | I36: 0 | J36: 0 | K36: =SUM(B36:J36) -> 0
B37: Please sign and return to this office, revised Code, Sec 321.34
B38: It is hereby certified that the above funds for retirement of bonds | F38: JENNIFER S. HUNTER | I38: COUNTY AUDITOR
B39: have been received and paid into the bond retirement fund
I40: DEPUTY AUDITOR
B41: SIGNATURE OF OFFICER

Sheet 44980-SOMERFORD TWP
A2: SOURCE OF RECEIPTS | B2: GENERAL FUND 1.40 | C2: TOTALS
A3: REAL PROPERTY
A4: Agr/Res | B4: 112084.59 | C4: =SUM(B4) -> 112084.59
A5: Com/Ind/Min | B5: 1091.54 | C5: =SUM(B5) -> 1091.54
A6: Public Utility | B6: 1726.38 | C6: =SUM(B6) -> 1726.38
A7: TOTAL CURRENT | B7: =SUM(B4:B6) -> 114902.51 | C7: =SUM(B7) -> 114902.51
A8: TOTAL DELINQUENT | B8: 524.81 | C8: =SUM(B8) -> 524.81
A9: LESS TIF COLLECTED | B9: 0 | C9: =SUM(B9) -> 0
A10: TOTAL COLLECTED | B10: =SUM(B7:B8) - B9 -> 115427.32 | C10: =SUM(B10) -> 115427.32
A12: REIMBURSEMENTS
A13: Non-Business Credit | B13: 12628.88 | C13: =SUM(B13) -> 12628.88
A14: Non-Business Credit Delinquent | B14: 0 | C14: =SUM(B14) -> 0
A15: Owner-Occupancy Credit | B15: 2237.76 | C15: =SUM(B15) -> 2237.76
A16: Owner-Occupancy Credit Delinquent | B16: 0 | C16: =SUM(B16) -> 0
A17: Homestead | B17: 1431.09 | C17: =SUM(B17) -> 1431.09
A18: Homestead Delinquent | B18: 0 | C18: =SUM(B18) -> 0
A19: TOTAL REIMBURSEMENTS | B19: =SUM(B13:B18) -> 16297.73 | C19: =SUM(B19) -> 16297.73
A20: TOTAL DISTRIBUTION | B20: =B10-B19 -> 99129.59 | C20: =SUM(B20) -> 99129.59
A22: DEDUCTIONS
A23: Aud. And Treas. Fees | B23: 2018.22 | C23: =SUM(B23) -> 2018.22
A24: DETAC Fee | B24: 0 | C24: =SUM(B24) -> 0
A25: Delinquent Advertising | B25: 0 | C25: =SUM(B25) -> 0
A26: Tax Collector Salary | B26: 0 | C26: =SUM(B26) -> 0
A27: Board of Election | B27: 0 | C27: =SUM(B27) -> 0
A28: TOTAL DEDUCTIONS | B28: =SUM(B23:B27) -> 2018.22 | C28: =SUM(B28) -> 2018.22
A30: BALANCES | B30: =B20-B28 -> 97111.37 | C30: =SUM(B30) -> 97111.37
A31: Less Refunds | B31: 0 | C31: =SUM(B31) -> 0
A32: Less Advances | B32: 0 | C32: =SUM(B32) -> 0
A33: NET DISTRIBUTION | B33: =B30-SUM(B31:B32) -> 97111.37 | C33: =SUM(B33) -> 97111.37
A35: OTHER
A36: Inflation Cap Credit | B36: 0 | C36: =SUM(B36) -> 0
B37: Please sign and return to this office, revised Code, Sec 321.34
B38: It is hereby certified that the above funds for retirement of bonds | F38: JENNIFER S. HUNTER | I38: COUNTY AUDITOR
B39: have been received and paid into the bond retirement fund
I40: DEPUTY AUDITOR
B41: SIGNATURE OF OFFICER

Sheet 45171-STOKES TWP
A2: SOURCE OF RECEIPTS | B2: GENERAL FUND 1.00 | C2: ROAD AND BRIDGE 0.40 | D2: 2013 FIRE 0.80 | E2: 2016 FIRE 0.40 | F2: 2019 CEMETERY 0.30 | G2: TOTALS
A3: REAL PROPERTY
A4: Agr/Res | B4: 13728.05 | C4: 4850.43 | D4: 6420.58 | E4: 3453.69 | F4: 2590.2 | G4: =SUM(B4:F4) -> 31042.95
A5: Com/Ind/Min | B5: 46.51 | C5: 0.65 | D5: 35.24 | E5: 17.8 | F5: 13.76 | G5: =SUM(B5:F5) -> 113.96
A6: Public Utility | B6: 6457.7 | C6: 2548.25 | D6: 5166.14 | E6: 2583.07 | F6: 1937.29 | G6: =SUM(B6:F6) -> 18692.45
A7: TOTAL CURRENT | B7: =SUM(B4:B6) -> 20232.26 | C7: =SUM(C4:C6) -> 7399.33 | D7: =SUM(D4:D6) -> 11621.96 | E7: =SUM(E4:E6) -> 6054.56 | F7: =SUM(F4:F6) -> 4541.25 | G7: =SUM(B7:F7) -> 49849.36
A8: TOTAL DELINQUENT | B8: 90.9 | C8: 3.32 | D8: 42.24 | E8: 27.14 | F8: 20.36 | G8: =SUM(B8:F8) -> 183.96
A9: LESS TIF COLLECTED | B9: 0 | C9: 0 | D9: 0 | E9: 0 | F9: 0 | G9: =SUM(B9:F9) -> 0
A10: TOTAL COLLECTED | B10: =SUM(B7:B8) - B9 -> 20323.16 | C10: =SUM(C7:C8) - C9 -> 7402.65 | D10: =SUM(D7:D8) - D9 -> 11664.2 | E10: =SUM(E7:E8) - E9 -> 6081.7 | F10: =SUM(F7:F8) - F9 -> 4561.61 | G10: =SUM(B10:F10) -> 50033.32
A12: REIMBURSEMENTS
A13: Non-Business Credit | B13: 1843.82 | C13: 648.05 | D13: 862.45 | E13: 0 | F13: 0 | G13: =SUM(B13:F13) -> 3354.32
A14: Non-Business Credit Delinquent | B14: 0 | C14: 0 | D14: 0 | E14: 0 | F14: 0 | G14: =SUM(B14:F14) -> 0
A15: Owner-Occupancy Credit | B15: 93.99 | C15: 25.29 | D15: 43.9 | E15: 0 | F15: 0 | G15: =SUM(B15:F15) -> 163.18
A16: Owner-Occupancy Credit Delinquent | B16: 0 | C16: 0 | D16: 0 | E16: 0 | F16: 0 | G16: =SUM(B16:F16) -> 0
A17: Homestead | B17: 169.31 | C17: 32.26 | D17: 79.29 | E17: 50.72 | F17: 38.14 | G17: =SUM(B17:F17) -> 369.72
A18: Homestead Delinquent | B18: 0 | C18: 0 | D18: 0 | E18: 0 | F18: 0 | G18: =SUM(B18:F18) -> 0
A19: TOTAL REIMBURSEMENTS | B19: =SUM(B13:B18) -> 2107.12 | C19: =SUM(C13:C18) -> 705.6 | D19: =SUM(D13:D18) -> 985.64 | E19: =SUM(E13:E18) -> 50.72 | F19: =SUM(F13:F18) -> 38.14 | G19: =SUM(B19:F19) -> 3887.22
A20: TOTAL DISTRIBUTION | B20: =B10-B19 -> 18216.04 | C20: =C10-C19 -> 6697.05 | D20: =D10-D19 -> 10678.56 | E20: =E10-E19 -> 6030.98 | F20: =F10-F19 -> 4523.47 | G20: =SUM(B20:F20) -> 46146.1
A22: DEDUCTIONS
A23: Aud. And Treas. Fees | B23: 355.36 | C23: 129.42 | D23: 203.95 | E23: 106.33 | F23: 79.73 | G23: =SUM(B23:F23) -> 874.79
A24: DETAC Fee | B24: 0 | C24: 0 | D24: 0 | E24: 0 | F24: 0 | G24: =SUM(B24:F24) -> 0
A25: Delinquent Advertising | B25: 0 | C25: 0 | D25: 0 | E25: 0 | F25: 0 | G25: =SUM(B25:F25) -> 0
A26: Tax Collector Salary | B26: 0 | C26: 0 | D26: 0 | E26: 0 | F26: 0 | G26: =SUM(B26:F26) -> 0
A27: Board of Election | B27: 0 | C27: 0 | D27: 0 | E27: 0 | F27: 0 | G27: =SUM(B27:F27) -> 0
A28: TOTAL DEDUCTIONS | B28: =SUM(B23:B27) -> 355.36 | C28: =SUM(C23:C27) -> 129.42 | D28: =SUM(D23:D27) -> 203.95 | E28: =SUM(E23:E27) -> 106.33 | F28: =SUM(F23:F27) -> 79.73 | G28: =SUM(B28:F28) -> 874.79
A30: BALANCES | B30: =B20-B28 -> 17860.68 | C30: =C20-C28 -> 6567.63 | D30: =D20-D28 -> 10474.61 | E30: =E20-E28 -> 5924.65 | F30: =F20-F28 -> 4443.74 | G30: =SUM(B30:F30) -> 45271.31
A31: Less Refunds | B31: 0 | C31: 0 | D31: 0 | E31: 0 | F31: 0 | G31: =SUM(B31:F31) -> 0
A32: Less Advances | B32: 0 | C32: 0 | D32: 0 | E32: 0 | F32: 0 | G32: =SUM(B32:F32) -> 0
A33: NET DISTRIBUTION | B33: =B30-SUM(B31:B32) -> 17860.68 | C33: =C30-SUM(C31:C32) -> 6567.63 | D33: =D30-SUM(D31:D32) -> 10474.61 | E33: =E30-SUM(E31:E32) -> 5924.65 | F33: =F30-SUM(F31:F32) -> 4443.74 | G33: =SUM(B33:F33) -> 45271.31
A35: OTHER
A36: Inflation Cap Credit | B36: 0 | C36: 0 | D36: 0 | E36: 0 | F36: 0 | G36: =SUM(B36:F36) -> 0
B37: Please sign and return to this office, revised Code, Sec 321.34
B38: It is hereby certified that the above funds for retirement of bonds | F38: JENNIFER S. HUNTER | I38: COUNTY AUDITOR
B39: have been received and paid into the bond retirement fund
I40: DEPUTY AUDITOR
B41: SIGNATURE OF OFFICER

Sheet 47141-UNION TWP
A2: SOURCE OF RECEIPTS | B2: GENERAL FUND 1.40 | C2: TOTALS
A3: REAL PROPERTY
A4: Agr/Res | B4: 37622.98 | C4: =SUM(B4) -> 37622.98
A5: Com/Ind/Min | B5: 1069.22 | C5: =SUM(B5) -> 1069.22
A6: Public Utility | B6: 6710.04 | C6: =SUM(B6) -> 6710.04
A7: TOTAL CURRENT | B7: =SUM(B4:B6) -> 45402.24 | C7: =SUM(B7) -> 45402.24
A8: TOTAL DELINQUENT | B8: 4476.54 | C8: =SUM(B8) -> 4476.54
A9: LESS TIF COLLECTED | B9: 0 | C9: =SUM(B9) -> 0
A10: TOTAL COLLECTED | B10: =SUM(B7:B8) - B9 -> 49878.78 | C10: =SUM(B10) -> 49878.78
A12: REIMBURSEMENTS
A13: Non-Business Credit | B13: 4654.18 | C13: =SUM(B13) -> 4654.18
A14: Non-Business Credit Delinquent | B14: 0 | C14: =SUM(B14) -> 0
A15: Owner-Occupancy Credit | B15: 561.19 | C15: =SUM(B15) -> 561.19
A16: Owner-Occupancy Credit Delinquent | B16: 0 | C16: =SUM(B16) -> 0
A17: Homestead | B17: 648.38 | C17: =SUM(B17) -> 648.38
A18: Homestead Delinquent | B18: 0 | C18: =SUM(B18) -> 0
A19: TOTAL REIMBURSEMENTS | B19: =SUM(B13:B18) -> 5863.75 | C19: =SUM(B19) -> 5863.75
A20: TOTAL DISTRIBUTION | B20: =B10-B19 -> 44015.03 | C20: =SUM(B20) -> 44015.03
A22: DEDUCTIONS
A23: Aud. And Treas. Fees | B23: 872.14 | C23: =SUM(B23) -> 872.14
A24: DETAC Fee | B24: 0 | C24: =SUM(B24) -> 0
A25: Delinquent Advertising | B25: 0 | C25: =SUM(B25) -> 0
A26: Tax Collector Salary | B26: 0 | C26: =SUM(B26) -> 0
A27: Board of Election | B27: 0 | C27: =SUM(B27) -> 0
A28: TOTAL DEDUCTIONS | B28: =SUM(B23:B27) -> 872.14 | C28: =SUM(B28) -> 872.14
A30: BALANCES | B30: =B20-B28 -> 43142.89 | C30: =SUM(B30) -> 43142.89
A31: Less Refunds | B31: 71.39 | C31: =SUM(B31) -> 71.39
A32: Less Advances | B32: 0 | C32: =SUM(B32) -> 0
A33: NET DISTRIBUTION | B33: =B30-SUM(B31:B32) -> 43071.5 | C33: =SUM(B33) -> 43071.5
A35: OTHER
A36: Inflation Cap Credit | B36: 0 | C36: =SUM(B36) -> 0
B37: Please sign and return to this office, revised Code, Sec 321.34
B38: It is hereby certified that the above funds for retirement of bonds | F38: JENNIFER S. HUNTER | I38: COUNTY AUDITOR
B39: have been received and paid into the bond retirement fund
I40: DEPUTY AUDITOR
B41: SIGNATURE OF OFFICER

Sheet 53901-JEFFERSON CORP
A2: SOURCE OF RECEIPTS | B2: GENERAL FUND 0.90 | C2: GENERAL FUND 0.10 | D2: TOTALS
A3: REAL PROPERTY
A4: Agr/Res | B4: 37944.48 | C4: 4191.69 | D4: =SUM(B4:C4) -> 42136.17
A5: Com/Ind/Min | B5: 36340.81 | C5: 3968.13 | D5: =SUM(B5:C5) -> 40308.94
A6: Public Utility | B6: 5940.95 | C6: 660.1 | D6: =SUM(B6:C6) -> 6601.05
A7: TOTAL CURRENT | B7: =SUM(B4:B6) -> 80226.24 | C7: =SUM(C4:C6) -> 8819.92 | D7: =SUM(B7:C7) -> 89046.16
A8: TOTAL DELINQUENT | B8: -902.01 | C8: -100.2 | D8: =SUM(B8:C8) -> -1002.21
A9: LESS TIF COLLECTED | B9: 11635.93 | C9: 1267.25 | D9: =SUM(B9:C9) -> 12903.18
A10: TOTAL COLLECTED | B10: =SUM(B7:B8) - B9 -> 67688.3 | C10: =SUM(C7:C8) - C9 -> 7452.47 | D10: =SUM(B10:C10) -> 75140.77
A12: REIMBURSEMENTS
A13: Non-Business Credit | B13: 4294.83 | C13: 474.6 | D13: =SUM(B13:C13) -> 4769.43
A14: Non-Business Credit Delinquent | B14: 0 | C14: 0 | D14: =SUM(B14:C14) -> 0
A15: Owner-Occupancy Credit | B15: 773.32 | C15: 86.07 | D15: =SUM(B15:C15) -> 859.39
A16: Owner-Occupancy Credit Delinquent | B16: 0 | C16: 0 | D16: =SUM(B16:C16) -> 0
A17: Homestead | B17: 1160.39 | C17: 127.71 | D17: =SUM(B17:C17) -> 1288.1
A18: Homestead Delinquent | B18: 0 | C18: 0 | D18: =SUM(B18:C18) -> 0
A19: TOTAL REIMBURSEMENTS | B19: =SUM(B13:B18) -> 6228.54 | C19: =SUM(C13:C18) -> 688.38 | D19: =SUM(B19:C19) -> 6916.92
A20: TOTAL DISTRIBUTION | B20: =B10-B19 -> 61459.76 | C20: =C10-C19 -> 6764.09 | D20: =SUM(B20:C20) -> 68223.85
A22: DEDUCTIONS
A23: Aud. And Treas. Fees | B23: 1183.54 | C23: 130.3 | D23: =SUM(B23:C23) -> 1313.84
A24: DETAC Fee | B24: 0 | C24: 0 | D24: =SUM(B24:C24) -> 0
A25: Delinquent Advertising | B25: 0 | C25: 0 | D25: =SUM(B25:C25) -> 0
A26: Tax Collector Salary | B26: 0 | C26: 0 | D26: =SUM(B26:C26) -> 0
A27: Board of Election | B27: 0 | C27: 0 | D27: =SUM(B27:C27) -> 0
A28: TOTAL DEDUCTIONS | B28: =SUM(B23:B27) -> 1183.54 | C28: =SUM(C23:C27) -> 130.3 | D28: =SUM(B28:C28) -> 1313.84
A30: BALANCES | B30: =B20-B28 -> 60276.22 | C30: =C20-C28 -> 6633.79 | D30: =SUM(B30:C30) -> 66910.01
A31: Less Refunds | B31: 8 | C31: 0.88 | D31: =SUM(B31:C31) -> 8.88
A32: Less Advances | B32: 0 | C32: 0 | D32: =SUM(B32:C32) -> 0
A33: NET DISTRIBUTION | B33: =B30-SUM(B31:B32) -> 60268.22 | C33: =C30-SUM(C31:C32) -> 6632.91 | D33: =SUM(B33:C33) -> 66901.13
A35: OTHER
A36: Inflation Cap Credit | B36: 0 | C36: 0 | D36: =SUM(B36:C36) -> 0
B37: Please sign and return to this office, revised Code, Sec 321.34
B38: It is hereby certified that the above funds for retirement of bonds | F38: JENNIFER S. HUNTER | I38: COUNTY AUDITOR
B39: have been received and paid into the bond retirement fund
I40: DEPUTY AUDITOR
B41: SIGNATURE OF OFFICER

Sheet 54460-LONDON CITY
A2: SOURCE OF RECEIPTS | B2: FIREMAN'S PENSION 0.40 | C2: GENERAL FUND 0.60 | D2: GENERAL FUND 0.90 | E2: POLICEMEN'S PENSION 0.40 | F2: 2012 CURRENT EXPENSE 2.10 | G2: TOTALS
A3: REAL PROPERTY
A4: Agr/Res | B4: 39680.11 | C4: 59520.63 | D4: 89190.75 | E4: 39680.11 | F4: 121085.76 | G4: =SUM(B4:F4) -> 349157.36
A5: Com/Ind/Min | B5: 14695.13 | C5: 22042.8 | D5: 33064.05 | E5: 14695.13 | F5: 68988.04 | G5: =SUM(B5:F5) -> 153485.15
A6: Public Utility | B6: 3910.18 | C6: 5865.26 | D6: 8691.86 | E6: 3910.18 | F6: 20528.45 | G6: =SUM(B6:F6) -> 42905.93
A7: TOTAL CURRENT | B7: =SUM(B4:B6) -> 58285.42 | C7: =SUM(C4:C6) -> 87428.69 | D7: =SUM(D4:D6) -> 130946.66 | E7: =SUM(E4:E6) -> 58285.42 | F7: =SUM(F4:F6) -> 210602.25 | G7: =SUM(B7:F7) -> 545548.44
A8: TOTAL DELINQUENT | B8: -482.18 | C8: -723.23 | D8: -1084.88 | E8: -482.18 | F8: -3380.99 | G8: =SUM(B8:F8) -> -6153.46
A9: LESS TIF COLLECTED | B9: 899.05 | C9: 1348.59 | D9: 2022.88 | E9: 899.05 | F9: 4220.73 | G9: =SUM(B9:F9) -> 9390.3
A10: TOTAL COLLECTED | B10: =SUM(B7:B8) - B9 -> 56904.19 | C10: =SUM(C7:C8) - C9 -> 85356.87 | D10: =SUM(D7:D8) - D9 -> 127838.9 | E10: =SUM(E7:E8) - E9 -> 56904.19 | F10: =SUM(F7:F8) - F9 -> 203000.53 | G10: =SUM(B10:F10) -> 530004.68
A12: REIMBURSEMENTS
A13: Non-Business Credit | B13: 4490.48 | C13: 6735.71 | D13: 10094.23 | E13: 4490.48 | F13: 13701.84 | G13: =SUM(B13:F13) -> 39512.74
A14: Non-Business Credit Delinquent | B14: 0 | C14: 0 | D14: 0 | E14: 0 | F14: 0 | G14: =SUM(B14:F14) -> 0
A15: Owner-Occupancy Credit | B15: 791.66 | C15: 1187.21 | D15: 1781.07 | E15: 791.66 | F15: 2416.27 | G15: =SUM(B15:F15) -> 6967.87
A16: Owner-Occupancy Credit Delinquent | B16: 0 | C16: 0 | D16: 0 | E16: 0 | F16: 0 | G16: =SUM(B16:F16) -> 0
A17: Homestead | B17: 991.59 | C17: 1482.67 | D17: 2228.85 | E17: 991.59 | F17: 3019.7 | G17: =SUM(B17:F17) -> 8714.4
A18: Homestead Delinquent | B18: 0 | C18: 0 | D18: 0 | E18: 0 | F18: 0 | G18: =SUM(B18:F18) -> 0
A19: TOTAL REIMBURSEMENTS | B19: =SUM(B13:B18) -> 6273.73 | C19: =SUM(C13:C18) -> 9405.59 | D19: =SUM(D13:D18) -> 14104.15 | E19: =SUM(E13:E18) -> 6273.73 | F19: =SUM(F13:F18) -> 19137.81 | G19: =SUM(B19:F19) -> 55195.01
A20: TOTAL DISTRIBUTION | B20: =B10-B19 -> 50630.46 | C20: =C10-C19 -> 75951.28 | D20: =D10-D19 -> 113734.75 | E20: =E10-E19 -> 50630.46 | F20: =F10-F19 -> 183862.72 | G20: =SUM(B20:F20) -> 474809.67
A22: DEDUCTIONS
A23: Aud. And Treas. Fees | B23: 994.97 | C23: 1492.43 | D23: 2235.23 | E23: 994.97 | F23: 3549.4 | G23: =SUM(B23:F23) -> 9267
A24: DETAC Fee | B24: 0 | C24: 0 | D24: 0 | E24: 0 | F24: 0 | G24: =SUM(B24:F24) -> 0
A25: Delinquent Advertising | B25: 0 | C25: 0 | D25: 0 | E25: 0 | F25: 0 | G25: =SUM(B25:F25) -> 0
A26: Tax Collector Salary | B26: 0 | C26: 0 | D26: 0 | E26: 0 | F26: 0 | G26: =SUM(B26:F26) -> 0
A27: Board of Election | B27: 0 | C27: 0 | D27: 0 | E27: 0 | F27: 0 | G27: =SUM(B27:F27) -> 0
A28: TOTAL DEDUCTIONS | B28: =SUM(B23:B27) -> 994.97 | C28: =SUM(C23:C27) -> 1492.43 | D28: =SUM(D23:D27) -> 2235.23 | E28: =SUM(E23:E27) -> 994.97 | F28: =SUM(F23:F27) -> 3549.4 | G28: =SUM(B28:F28) -> 9267
A30: BALANCES | B30: =B20-B28 -> 49635.49 | C30: =C20-C28 -> 74458.85 | D30: =D20-D28 -> 111499.52 | E30: =E20-E28 -> 49635.49 | F30: =F20-F28 -> 180313.32 | G30: =SUM(B30:F30) -> 465542.67
A31: Less Refunds | B31: 1.43 | C31: 2.14 | D31: 3.21 | E31: 1.43 | F31: 4.35 | G31: =SUM(B31:F31) -> 12.56
A32: Less Advances | B32: 0 | C32: 0 | D32: 0 | E32: 0 | F32: 0 | G32: =SUM(B32:F32) -> 0
A33: NET DISTRIBUTION | B33: =B30-SUM(B31:B32) -> 49634.06 | C33: =C30-SUM(C31:C32) -> 74456.71 | D33: =D30-SUM(D31:D32) -> 111496.31 | E33: =E30-SUM(E31:E32) -> 49634.06 | F33: =F30-SUM(F31:F32) -> 180308.97 | G33: =SUM(B33:F33) -> 465530.11
A35: OTHER
A36: Inflation Cap Credit | B36: 0 | C36: 0 | D36: 0 | E36: 0 | F36: 0 | G36: =SUM(B36:F36) -> 0
B37: Please sign and return to this office, revised Code, Sec 321.34
B38: It is hereby certified that the above funds for retirement of bonds | F38: JENNIFER S. HUNTER | I38: COUNTY AUDITOR
B39: have been received and paid into the bond retirement fund
I40: DEPUTY AUDITOR
B41: SIGNATURE OF OFFICER

Sheet 55150-MIDWAY CORP
A2: SOURCE OF RECEIPTS | B2: GENERAL FUND 0.50 | C2: 2013 CURRENT EXPENSE 2.90 | D2: 2014 CURRENT EXPENSE 3.00 | E2: TOTALS
A3: REAL PROPERTY
A4: Agr/Res | B4: 1095.83 | C4: 3792.31 | D4: 3838.27 | E4: =SUM(B4:D4) -> 8726.41
A5: Com/Ind/Min | B5: 73.82 | C5: 370.78 | D5: 383.56 | E5: =SUM(B5:D5) -> 828.16
A6: Public Utility | B6: 27.39 | C6: 158.88 | D6: 164.36 | E6: =SUM(B6:D6) -> 350.63
A7: TOTAL CURRENT | B7: =SUM(B4:B6) -> 1197.04 | C7: =SUM(C4:C6) -> 4321.97 | D7: =SUM(D4:D6) -> 4386.19 | E7: =SUM(B7:D7) -> 9905.2
A8: TOTAL DELINQUENT | B8: 23.65 | C8: 81.83 | D8: 94.06 | E8: =SUM(B8:D8) -> 199.54
A9: LESS TIF COLLECTED | B9: 0 | C9: 0 | D9: 0 | E9: =SUM(B9:D9) -> 0
A10: TOTAL COLLECTED | B10: =SUM(B7:B8) - B9 -> 1220.69 | C10: =SUM(C7:C8) - C9 -> 4403.8 | D10: =SUM(D7:D8) - D9 -> 4480.25 | E10: =SUM(B10:D10) -> 10104.74
A12: REIMBURSEMENTS
A13: Non-Business Credit | B13: 127.61 | C13: 441.59 | D13: 0 | E13: =SUM(B13:D13) -> 569.2
A14: Non-Business Credit Delinquent | B14: 0 | C14: 0 | D14: 0 | E14: =SUM(B14:D14) -> 0
A15: Owner-Occupancy Credit | B15: 18.8 | C15: 65.32 | D15: 0 | E15: =SUM(B15:D15) -> 84.12
A16: Owner-Occupancy Credit Delinquent | B16: 0 | C16: 0 | D16: 0 | E16: =SUM(B16:D16) -> 0
A17: Homestead | B17: 42.54 | C17: 147.19 | D17: 174.24 | E17: =SUM(B17:D17) -> 363.97
A18: Homestead Delinquent | B18: 0 | C18: 0 | D18: 0 | E18: =SUM(B18:D18) -> 0
A19: TOTAL REIMBURSEMENTS | B19: =SUM(B13:B18) -> 188.95 | C19: =SUM(C13:C18) -> 654.1 | D19: =SUM(D13:D18) -> 174.24 | E19: =SUM(B19:D19) -> 1017.29
A20: TOTAL DISTRIBUTION | B20: =B10-B19 -> 1031.74 | C20: =C10-C19 -> 3749.7 | D20: =D10-D19 -> 4306.01 | E20: =SUM(B20:D20) -> 9087.45
A22: DEDUCTIONS
A23: Aud. And Treas. Fees | B23: 21.34 | C23: 76.99 | D23: 78.34 | E23: =SUM(B23:D23) -> 176.67
A24: DETAC Fee | B24: 0 | C24: 0 | D24: 0 | E24: =SUM(B24:D24) -> 0
A25: Delinquent Advertising | B25: 0 | C25: 0 | D25: 0 | E25: =SUM(B25:D25) -> 0
A26: Tax Collector Salary | B26: 0 | C26: 0 | D26: 0 | E26: =SUM(B26:D26) -> 0
A27: Board of Election | B27: 0 | C27: 0 | D27: 0 | E27: =SUM(B27:D27) -> 0
A28: TOTAL DEDUCTIONS | B28: =SUM(B23:B27) -> 21.34 | C28: =SUM(C23:C27) -> 76.99 | D28: =SUM(D23:D27) -> 78.34 | E28: =SUM(B28:D28) -> 176.67
A30: BALANCES | B30: =B20-B28 -> 1010.4 | C30: =C20-C28 -> 3672.71 | D30: =D20-D28 -> 4227.67 | E30: =SUM(B30:D30) -> 8910.78
A31: Less Refunds | B31: 0 | C31: 0 | D31: 0 | E31: =SUM(B31:D31) -> 0
A32: Less Advances | B32: 0 | C32: 0 | D32: 0 | E32: =SUM(B32:D32) -> 0
A33: NET DISTRIBUTION | B33: =B30-SUM(B31:B32) -> 1010.4 | C33: =C30-SUM(C31:C32) -> 3672.71 | D33: =D30-SUM(D31:D32) -> 4227.67 | E33: =SUM(B33:D33) -> 8910.78
A35: OTHER
A36: Inflation Cap Credit | B36: 0 | C36: 0 | D36: 0 | E36: =SUM(B36:D36) -> 0
B37: Please sign and return to this office, revised Code, Sec 321.34
B38: It is hereby certified that the above funds for retirement of bonds | F38: JENNIFER S. HUNTER | I38: COUNTY AUDITOR
B39: have been received and paid into the bond retirement fund
I40: DEPUTY AUDITOR
B41: SIGNATURE OF OFFICER

Sheet 55530-MT. STERLING CORP
A2: SOURCE OF RECEIPTS | B2: GENERAL FUND 1.00 | C2: TOTALS
A3: REAL PROPERTY
A4: Agr/Res | B4: 17289.58 | C4: =SUM(B4) -> 17289.58
A5: Com/Ind/Min | B5: 4003.36 | C5: =SUM(B5) -> 4003.36
A6: Public Utility | B6: 1128.47 | C6: =SUM(B6) -> 1128.47
A7: TOTAL CURRENT | B7: =SUM(B4:B6) -> 22421.41 | C7: =SUM(B7) -> 22421.41
A8: TOTAL DELINQUENT | B8: -105.6 | C8: =SUM(B8) -> -105.6
A9: LESS TIF COLLECTED | B9: 0 | C9: =SUM(B9) -> 0
A10: TOTAL COLLECTED | B10: =SUM(B7:B8) - B9 -> 22315.81 | C10: =SUM(B10) -> 22315.81
A12: REIMBURSEMENTS
A13: Non-Business Credit | B13: 1953.25 | C13: =SUM(B13) -> 1953.25
A14: Non-Business Credit Delinquent | B14: 0 | C14: =SUM(B14) -> 0
A15: Owner-Occupancy Credit | B15: 322.13 | C15: =SUM(B15) -> 322.13
A16: Owner-Occupancy Credit Delinquent | B16: 0 | C16: =SUM(B16) -> 0
A17: Homestead | B17: 379.54 | C17: =SUM(B17) -> 379.54
A18: Homestead Delinquent | B18: 0 | C18: =SUM(B18) -> 0
A19: TOTAL REIMBURSEMENTS | B19: =SUM(B13:B18) -> 2654.92 | C19: =SUM(B19) -> 2654.92
A20: TOTAL DISTRIBUTION | B20: =B10-B19 -> 19660.89 | C20: =SUM(B20) -> 19660.89
A22: DEDUCTIONS
A23: Aud. And Treas. Fees | B23: 390.21 | C23: =SUM(B23) -> 390.21
A24: DETAC Fee | B24: 0 | C24: =SUM(B24) -> 0
A25: Delinquent Advertising | B25: 0 | C25: =SUM(B25) -> 0
A26: Tax Collector Salary | B26: 0 | C26: =SUM(B26) -> 0
A27: Board of Election | B27: 0 | C27: =SUM(B27) -> 0
A28: TOTAL DEDUCTIONS | B28: =SUM(B23:B27) -> 390.21 | C28: =SUM(B28) -> 390.21
A30: BALANCES | B30: =B20-B28 -> 19270.68 | C30: =SUM(B30) -> 19270.68
A31: Less Refunds | B31: 8.88 | C31: =SUM(B31) -> 8.88
A32: Less Advances | B32: 0 | C32: =SUM(B32) -> 0
A33: NET DISTRIBUTION | B33: =B30-SUM(B31:B32) -> 19261.8 | C33: =SUM(B33) -> 19261.8
A35: OTHER
A36: Inflation Cap Credit | B36: 0 | C36: =SUM(B36) -> 0
B37: Please sign and return to this office, revised Code, Sec 321.34
B38: It is hereby certified that the above funds for retirement of bonds | F38: JENNIFER S. HUNTER | I38: COUNTY AUDITOR
B39: have been received and paid into the bond retirement fund
I40: DEPUTY AUDITOR
B41: SIGNATURE OF OFFICER

Sheet 56720-PLAIN CITY CORP
A2: SOURCE OF RECEIPTS | B2: GENERAL FUND 1.00 | C2: 2011 BOND ($2,020,000) 1.00 | D2: 2024 POLICE 5.00 | E2: TOTALS
A3: REAL PROPERTY
A4: Agr/Res | B4: 80236.41 | C4: 80236.41 | D4: 355311.13 | E4: =SUM(B4:D4) -> 515783.95
A5: Com/Ind/Min | B5: 7312.34 | C5: 7312.34 | D5: 32534.98 | E5: =SUM(B5:D5) -> 47159.66
A6: Public Utility | B6: 1211.48 | C6: 1211.48 | D6: 6057.4 | E6: =SUM(B6:D6) -> 8480.36
A7: TOTAL CURRENT | B7: =SUM(B4:B6) -> 88760.23 | C7: =SUM(C4:C6) -> 88760.23 | D7: =SUM(D4:D6) -> 393903.51 | E7: =SUM(B7:D7) -> 571423.97
A8: TOTAL DELINQUENT | B8: -629.22 | C8: -629.22 | D8: -3143.29 | E8: =SUM(B8:D8) -> -4401.73
A9: LESS TIF COLLECTED | B9: 0 | C9: 0 | D9: 0 | E9: =SUM(B9:D9) -> 0
A10: TOTAL COLLECTED | B10: =SUM(B7:B8) - B9 -> 88131.01 | C10: =SUM(C7:C8) - C9 -> 88131.01 | D10: =SUM(D7:D8) - D9 -> 390760.22 | E10: =SUM(B10:D10) -> 567022.24
A12: REIMBURSEMENTS
A13: Non-Business Credit | B13: 8457.97 | C13: 8457.97 | D13: 0 | E13: =SUM(B13:D13) -> 16915.94
A14: Non-Business Credit Delinquent | B14: 0 | C14: 0 | D14: 0 | E14: =SUM(B14:D14) -> 0
A15: Owner-Occupancy Credit | B15: 1656.74 | C15: 1656.74 | D15: 0 | E15: =SUM(B15:D15) -> 3313.48
A16: Owner-Occupancy Credit Delinquent | B16: 0 | C16: 0 | D16: 0 | E16: =SUM(B16:D16) -> 0
A17: Homestead | B17: 723.72 | C17: 723.72 | D17: 3691.95 | E17: =SUM(B17:D17) -> 5139.39
A18: Homestead Delinquent | B18: 0 | C18: 0 | D18: 0 | E18: =SUM(B18:D18) -> 0
A19: TOTAL REIMBURSEMENTS | B19: =SUM(B13:B18) -> 10838.43 | C19: =SUM(C13:C18) -> 10838.43 | D19: =SUM(D13:D18) -> 3691.95 | E19: =SUM(B19:D19) -> 25368.81
A20: TOTAL DISTRIBUTION | B20: =B10-B19 -> 77292.58 | C20: =C10-C19 -> 77292.58 | D20: =D10-D19 -> 387068.27 | E20: =SUM(B20:D20) -> 541653.43
A22: DEDUCTIONS
A23: Aud. And Treas. Fees | B23: 1540.93 | C23: 1540.93 | D23: 6832.29 | E23: =SUM(B23:D23) -> 9914.15
A24: DETAC Fee | B24: 0 | C24: 0 | D24: 0 | E24: =SUM(B24:D24) -> 0
A25: Delinquent Advertising | B25: 0 | C25: 0 | D25: 0 | E25: =SUM(B25:D25) -> 0
A26: Tax Collector Salary | B26: 0 | C26: 0 | D26: 0 | E26: =SUM(B26:D26) -> 0
A27: Board of Election | B27: 0 | C27: 0 | D27: 0 | E27: =SUM(B27:D27) -> 0
A28: TOTAL DEDUCTIONS | B28: =SUM(B23:B27) -> 1540.93 | C28: =SUM(C23:C27) -> 1540.93 | D28: =SUM(D23:D27) -> 6832.29 | E28: =SUM(B28:D28) -> 9914.15
A30: BALANCES | B30: =B20-B28 -> 75751.65 | C30: =C20-C28 -> 75751.65 | D30: =D20-D28 -> 380235.98 | E30: =SUM(B30:D30) -> 531739.28
A31: Less Refunds | B31: 0 | C31: 0 | D31: 0 | E31: =SUM(B31:D31) -> 0
A32: Less Advances | B32: 0 | C32: 0 | D32: 0 | E32: =SUM(B32:D32) -> 0
A33: NET DISTRIBUTION | B33: =B30-SUM(B31:B32) -> 75751.65 | C33: =C30-SUM(C31:C32) -> 75751.65 | D33: =D30-SUM(D31:D32) -> 380235.98 | E33: =SUM(B33:D33) -> 531739.28
A35: OTHER
A36: Inflation Cap Credit | B36: 0 | C36: 0 | D36: 0 | E36: =SUM(B36:D36) -> 0
B37: Please sign and return to this office, revised Code, Sec 321.34
B38: It is hereby certified that the above funds for retirement of bonds | F38: JENNIFER S. HUNTER | I38: COUNTY AUDITOR
B39: have been received and paid into the bond retirement fund
I40: DEPUTY AUDITOR
B41: SIGNATURE OF OFFICER

Sheet 57370-S. SOLON CORP
A2: SOURCE OF RECEIPTS | B2: GENERAL FUND 0.40 | C2: 1985 CURRENT EXPENSE 2.00 | D2: TOTALS
A3: REAL PROPERTY
A4: Agr/Res | B4: 640.6 | C4: 1034.8 | D4: =SUM(B4:C4) -> 1675.4
A5: Com/Ind/Min | B5: 17.95 | C5: 46.69 | D5: =SUM(B5:C5) -> 64.64
A6: Public Utility | B6: 34.82 | C6: 174.12 | D6: =SUM(B6:C6) -> 208.94
A7: TOTAL CURRENT | B7: =SUM(B4:B6) -> 693.37 | C7: =SUM(C4:C6) -> 1255.61 | D7: =SUM(B7:C7) -> 1948.98
A8: TOTAL DELINQUENT | B8: 33.01 | C8: 53.39 | D8: =SUM(B8:C8) -> 86.4
A9: LESS TIF COLLECTED | B9: 0 | C9: 0 | D9: =SUM(B9:C9) -> 0
A10: TOTAL COLLECTED | B10: =SUM(B7:B8) - B9 -> 726.38 | C10: =SUM(C7:C8) - C9 -> 1309 | D10: =SUM(B10:C10) -> 2035.38
A12: REIMBURSEMENTS
A13: Non-Business Credit | B13: 89.43 | C13: 144.58 | D13: =SUM(B13:C13) -> 234.01
A14: Non-Business Credit Delinquent | B14: 0 | C14: 0 | D14: =SUM(B14:C14) -> 0
A15: Owner-Occupancy Credit | B15: 12.31 | C15: 19.97 | D15: =SUM(B15:C15) -> 32.28
A16: Owner-Occupancy Credit Delinquent | B16: 0 | C16: 0 | D16: =SUM(B16:C16) -> 0
A17: Homestead | B17: 35.59 | C17: 57.4 | D17: =SUM(B17:C17) -> 92.99
A18: Homestead Delinquent | B18: 0 | C18: 0 | D18: =SUM(B18:C18) -> 0
A19: TOTAL REIMBURSEMENTS | B19: =SUM(B13:B18) -> 137.33 | C19: =SUM(C13:C18) -> 221.95 | D19: =SUM(B19:C19) -> 359.28
A20: TOTAL DISTRIBUTION | B20: =B10-B19 -> 589.05 | C20: =C10-C19 -> 1087.05 | D20: =SUM(B20:C20) -> 1676.1
A22: DEDUCTIONS
A23: Aud. And Treas. Fees | B23: 12.69 | C23: 22.88 | D23: =SUM(B23:C23) -> 35.57
A24: DETAC Fee | B24: 0 | C24: 0 | D24: =SUM(B24:C24) -> 0
A25: Delinquent Advertising | B25: 0 | C25: 0 | D25: =SUM(B25:C25) -> 0
A26: Tax Collector Salary | B26: 0 | C26: 0 | D26: =SUM(B26:C26) -> 0
A27: Board of Election | B27: 0 | C27: 0 | D27: =SUM(B27:C27) -> 0
A28: TOTAL DEDUCTIONS | B28: =SUM(B23:B27) -> 12.69 | C28: =SUM(C23:C27) -> 22.88 | D28: =SUM(B28:C28) -> 35.57
A30: BALANCES | B30: =B20-B28 -> 576.36 | C30: =C20-C28 -> 1064.17 | D30: =SUM(B30:C30) -> 1640.53
A31: Less Refunds | B31: 0 | C31: 0 | D31: =SUM(B31:C31) -> 0
A32: Less Advances | B32: 0 | C32: 0 | D32: =SUM(B32:C32) -> 0
A33: NET DISTRIBUTION | B33: =B30-SUM(B31:B32) -> 576.36 | C33: =C30-SUM(C31:C32) -> 1064.17 | D33: =SUM(B33:C33) -> 1640.53
A35: OTHER
A36: Inflation Cap Credit | B36: 0 | C36: 0 | D36: =SUM(B36:C36) -> 0
B37: Please sign and return to this office, revised Code, Sec 321.34
B38: It is hereby certified that the above funds for retirement of bonds | F38: JENNIFER S. HUNTER | I38: COUNTY AUDITOR
B39: have been received and paid into the bond retirement fund
I40: DEPUTY AUDITOR
B41: SIGNATURE OF OFFICER

Sheet 61201-CENTRAL TWP JNT FIRE DIST
A2: SOURCE OF RECEIPTS | B2: 2017 FIRE 4.75 | C2: TOTALS
A3: REAL PROPERTY
A4: Agr/Res | B4: 603754.92 | C4: =SUM(B4) -> 603754.92
A5: Com/Ind/Min | B5: 25639.11 | C5: =SUM(B5) -> 25639.11
A6: Public Utility | B6: 150352.75 | C6: =SUM(B6) -> 150352.75
A7: TOTAL CURRENT | B7: =SUM(B4:B6) -> 779746.78 | C7: =SUM(B7) -> 779746.78
A8: TOTAL DELINQUENT | B8: 13248.01 | C8: =SUM(B8) -> 13248.01
A9: LESS TIF COLLECTED | B9: 1110.55 | C9: =SUM(B9) -> 1110.55
A10: TOTAL COLLECTED | B10: =SUM(B7:B8) - B9 -> 791884.24 | C10: =SUM(B10) -> 791884.24
A12: REIMBURSEMENTS
A13: Non-Business Credit | B13: 0 | C13: =SUM(B13) -> 0
A14: Non-Business Credit Delinquent | B14: 0 | C14: =SUM(B14) -> 0
A15: Owner-Occupancy Credit | B15: 0 | C15: =SUM(B15) -> 0
A16: Owner-Occupancy Credit Delinquent | B16: 0 | C16: =SUM(B16) -> 0
A17: Homestead | B17: 9368.33 | C17: =SUM(B17) -> 9368.33
A18: Homestead Delinquent | B18: 0 | C18: =SUM(B18) -> 0
A19: TOTAL REIMBURSEMENTS | B19: =SUM(B13:B18) -> 9368.33 | C19: =SUM(B19) -> 9368.33
A20: TOTAL DISTRIBUTION | B20: =B10-B19 -> 782515.91 | C20: =SUM(B20) -> 782515.91
A22: DEDUCTIONS
A23: Aud. And Treas. Fees | B23: 12448.57 | C23: =SUM(B23) -> 12448.57
A24: DETAC Fee | B24: 0 | C24: =SUM(B24) -> 0
A25: Delinquent Advertising | B25: 0 | C25: =SUM(B25) -> 0
A26: Tax Collector Salary | B26: 0 | C26: =SUM(B26) -> 0
A27: Board of Election | B27: 0 | C27: =SUM(B27) -> 0
A28: TOTAL DEDUCTIONS | B28: =SUM(B23:B27) -> 12448.57 | C28: =SUM(B28) -> 12448.57
A30: BALANCES | B30: =B20-B28 -> 770067.34 | C30: =SUM(B30) -> 770067.34
A31: Less Refunds | B31: 361.58 | C31: =SUM(B31) -> 361.58
A32: Less Advances | B32: 0 | C32: =SUM(B32) -> 0
A33: NET DISTRIBUTION | B33: =B30-SUM(B31:B32) -> 769705.76 | C33: =SUM(B33) -> 769705.76
A35: OTHER
A36: Inflation Cap Credit | B36: 0 | C36: =SUM(B36) -> 0
B37: Please sign and return to this office, revised Code, Sec 321.34
B38: It is hereby certified that the above funds for retirement of bonds | F38: JENNIFER S. HUNTER | I38: COUNTY AUDITOR
B39: have been received and paid into the bond retirement fund
I40: DEPUTY AUDITOR
B41: SIGNATURE OF OFFICER

Sheet 61225-HURT-BATT MEM LIBRARY OF 
A2: SOURCE OF RECEIPTS | B2: 2009 CURRENT EXPENSE (ORC.5705.23) 1.50 | C2: TOTALS
A3: REAL PROPERTY
A4: Agr/Res | B4: 87339.63 | C4: =SUM(B4) -> 87339.63
A5: Com/Ind/Min | B5: 57911.05 | C5: =SUM(B5) -> 57911.05
A6: Public Utility | B6: 19245.87 | C6: =SUM(B6) -> 19245.87
A7: TOTAL CURRENT | B7: =SUM(B4:B6) -> 164496.55 | C7: =SUM(B7) -> 164496.55
A8: TOTAL DELINQUENT | B8: -2079.58 | C8: =SUM(B8) -> -2079.58
A9: LESS TIF COLLECTED | B9: 15869.41 | C9: =SUM(B9) -> 15869.41
A10: TOTAL COLLECTED | B10: =SUM(B7:B8) - B9 -> 146547.56 | C10: =SUM(B10) -> 146547.56
A12: REIMBURSEMENTS
A13: Non-Business Credit | B13: 10112.65 | C13: =SUM(B13) -> 10112.65
A14: Non-Business Credit Delinquent | B14: 0 | C14: =SUM(B14) -> 0
A15: Owner-Occupancy Credit | B15: 1846.02 | C15: =SUM(B15) -> 1846.02
A16: Owner-Occupancy Credit Delinquent | B16: 0 | C16: =SUM(B16) -> 0
A17: Homestead | B17: 1773.2 | C17: =SUM(B17) -> 1773.2
A18: Homestead Delinquent | B18: 0 | C18: =SUM(B18) -> 0
A19: TOTAL REIMBURSEMENTS | B19: =SUM(B13:B18) -> 13731.87 | C19: =SUM(B19) -> 13731.87
A20: TOTAL DISTRIBUTION | B20: =B10-B19 -> 132815.69 | C20: =SUM(B20) -> 132815.69
A22: DEDUCTIONS
A23: Aud. And Treas. Fees | B23: 2562.32 | C23: =SUM(B23) -> 2562.32
A24: DETAC Fee | B24: 0 | C24: =SUM(B24) -> 0
A25: Delinquent Advertising | B25: 0 | C25: =SUM(B25) -> 0
A26: Tax Collector Salary | B26: 0 | C26: =SUM(B26) -> 0
A27: Board of Election | B27: 0 | C27: =SUM(B27) -> 0
A28: TOTAL DEDUCTIONS | B28: =SUM(B23:B27) -> 2562.32 | C28: =SUM(B28) -> 2562.32
A30: BALANCES | B30: =B20-B28 -> 130253.37 | C30: =SUM(B30) -> 130253.37
A31: Less Refunds | B31: 7.6 | C31: =SUM(B31) -> 7.6
A32: Less Advances | B32: 0 | C32: =SUM(B32) -> 0
A33: NET DISTRIBUTION | B33: =B30-SUM(B31:B32) -> 130245.77 | C33: =SUM(B33) -> 130245.77
A35: OTHER
A36: Inflation Cap Credit | B36: 0 | C36: =SUM(B36) -> 0
B37: Please sign and return to this office, revised Code, Sec 321.34
B38: It is hereby certified that the above funds for retirement of bonds | F38: JENNIFER S. HUNTER | I38: COUNTY AUDITOR
B39: have been received and paid into the bond retirement fund
I40: DEPUTY AUDITOR
B41: SIGNATURE OF OFFICER

Sheet 61109-LONDON PUBLIC LIBRARY
A2: SOURCE OF RECEIPTS | B2: 2011 CURRENT EXPENSE/LIBRARY 1.20 | C2: 2015 CURRENT EXPENSE/LIBRARY 0.30 | D2: TOTALS
A3: REAL PROPERTY
A4: Agr/Res | B4: 134554.81 | C4: 34897.46 | D4: =SUM(B4:C4) -> 169452.27
A5: Com/Ind/Min | B5: 45041.36 | C5: 11264.93 | D5: =SUM(B5:C5) -> 56306.29
A6: Public Utility | B6: 18234.51 | C6: 4558.63 | D6: =SUM(B6:C6) -> 22793.14
A7: TOTAL CURRENT | B7: =SUM(B4:B6) -> 197830.68 | C7: =SUM(C4:C6) -> 50721.02 | D7: =SUM(B7:C7) -> 248551.7
A8: TOTAL DELINQUENT | B8: -2178.9 | C8: -490.87 | D8: =SUM(B8:C8) -> -2669.77
A9: LESS TIF COLLECTED | B9: 2690.12 | C9: 672.81 | D9: =SUM(B9:C9) -> 3362.93
A10: TOTAL COLLECTED | B10: =SUM(B7:B8) - B9 -> 192961.66 | C10: =SUM(C7:C8) - C9 -> 49557.34 | D10: =SUM(B10:C10) -> 242519
A12: REIMBURSEMENTS
A13: Non-Business Credit | B13: 15303 | C13: 0 | D13: =SUM(B13:C13) -> 15303
A14: Non-Business Credit Delinquent | B14: 0 | C14: 0 | D14: =SUM(B14:C14) -> 0
A15: Owner-Occupancy Credit | B15: 2665.6 | C15: 0 | D15: =SUM(B15:C15) -> 2665.6
A16: Owner-Occupancy Credit Delinquent | B16: 0 | C16: 0 | D16: =SUM(B16:C16) -> 0
A17: Homestead | B17: 2646.02 | C17: 800.55 | D17: =SUM(B17:C17) -> 3446.57
A18: Homestead Delinquent | B18: 0 | C18: 0 | D18: =SUM(B18:C18) -> 0
A19: TOTAL REIMBURSEMENTS | B19: =SUM(B13:B18) -> 20614.62 | C19: =SUM(C13:C18) -> 800.55 | D19: =SUM(B19:C19) -> 21415.17
A20: TOTAL DISTRIBUTION | B20: =B10-B19 -> 172347.04 | C20: =C10-C19 -> 48756.79 | D20: =SUM(B20:C20) -> 221103.83
A22: DEDUCTIONS
A23: Aud. And Treas. Fees | B23: 3373.86 | C23: 866.48 | D23: =SUM(B23:C23) -> 4240.34
A24: DETAC Fee | B24: 0 | C24: 0 | D24: =SUM(B24:C24) -> 0
A25: Delinquent Advertising | B25: 0 | C25: 0 | D25: =SUM(B25:C25) -> 0
A26: Tax Collector Salary | B26: 0 | C26: 0 | D26: =SUM(B26:C26) -> 0
A27: Board of Election | B27: 0 | C27: 0 | D27: =SUM(B27:C27) -> 0
A28: TOTAL DEDUCTIONS | B28: =SUM(B23:B27) -> 3373.86 | C28: =SUM(C23:C27) -> 866.48 | D28: =SUM(B28:C28) -> 4240.34
A30: BALANCES | B30: =B20-B28 -> 168973.18 | C30: =C20-C28 -> 47890.31 | D30: =SUM(B30:C30) -> 216863.49
A31: Less Refunds | B31: 19.08 | C31: 5.68 | D31: =SUM(B31:C31) -> 24.76
A32: Less Advances | B32: 0 | C32: 0 | D32: =SUM(B32:C32) -> 0
A33: NET DISTRIBUTION | B33: =B30-SUM(B31:B32) -> 168954.1 | C33: =C30-SUM(C31:C32) -> 47884.63 | D33: =SUM(B33:C33) -> 216838.73
A35: OTHER
A36: Inflation Cap Credit | B36: 0 | C36: 0 | D36: =SUM(B36:C36) -> 0
B37: Please sign and return to this office, revised Code, Sec 321.34
B38: It is hereby certified that the above funds for retirement of bonds | F38: JENNIFER S. HUNTER | I38: COUNTY AUDITOR
B39: have been received and paid into the bond retirement fund
I40: DEPUTY AUDITOR
B41: SIGNATURE OF OFFICER

Sheet 60440-MADISON CO. EMERGENCY MED
A2: SOURCE OF RECEIPTS | B2: 2017 CURRENT EXPENSE 3.00 | C2: 2022 CURRENT EXPENSE 1.75 | D2: TOTALS
A3: REAL PROPERTY
A4: Agr/Res | B4: 369869.24 | C4: 222494.96 | D4: =SUM(B4:C4) -> 592364.2
A5: Com/Ind/Min | B5: 16193.41 | C5: 9889.68 | D5: =SUM(B5:C5) -> 26083.09
A6: Public Utility | B6: 94959.62 | C6: 55393.11 | D6: =SUM(B6:C6) -> 150352.73
A7: TOTAL CURRENT | B7: =SUM(B4:B6) -> 481022.27 | C7: =SUM(C4:C6) -> 287777.75 | D7: =SUM(B7:C7) -> 768800.02
A8: TOTAL DELINQUENT | B8: 8027.68 | C8: 4882.51 | D8: =SUM(B8:C8) -> 12910.19
A9: LESS TIF COLLECTED | B9: 701.4 | C9: 428.37 | D9: =SUM(B9:C9) -> 1129.77
A10: TOTAL COLLECTED | B10: =SUM(B7:B8) - B9 -> 488348.55 | C10: =SUM(C7:C8) - C9 -> 292231.89 | D10: =SUM(B10:C10) -> 780580.44
A12: REIMBURSEMENTS
A13: Non-Business Credit | B13: 0 | C13: 0 | D13: =SUM(B13:C13) -> 0
A14: Non-Business Credit Delinquent | B14: 0 | C14: 0 | D14: =SUM(B14:C14) -> 0
A15: Owner-Occupancy Credit | B15: 0 | C15: 0 | D15: =SUM(B15:C15) -> 0
A16: Owner-Occupancy Credit Delinquent | B16: 0 | C16: 0 | D16: =SUM(B16:C16) -> 0
A17: Homestead | B17: 5738.22 | C17: 3454.12 | D17: =SUM(B17:C17) -> 9192.34
A18: Homestead Delinquent | B18: 0 | C18: 0 | D18: =SUM(B18:C18) -> 0
A19: TOTAL REIMBURSEMENTS | B19: =SUM(B13:B18) -> 5738.22 | C19: =SUM(C13:C18) -> 3454.12 | D19: =SUM(B19:C19) -> 9192.34
A20: TOTAL DISTRIBUTION | B20: =B10-B19 -> 482610.33 | C20: =C10-C19 -> 288777.77 | D20: =SUM(B20:C20) -> 771388.1
A22: DEDUCTIONS
A23: Aud. And Treas. Fees | B23: 7656.16 | C23: 4594.8 | D23: =SUM(B23:C23) -> 12250.96
A24: DETAC Fee | B24: 0 | C24: 0 | D24: =SUM(B24:C24) -> 0
A25: Delinquent Advertising | B25: 0 | C25: 0 | D25: =SUM(B25:C25) -> 0
A26: Tax Collector Salary | B26: 0 | C26: 0 | D26: =SUM(B26:C26) -> 0
A27: Board of Election | B27: 0 | C27: 0 | D27: =SUM(B27:C27) -> 0
A28: TOTAL DEDUCTIONS | B28: =SUM(B23:B27) -> 7656.16 | C28: =SUM(C23:C27) -> 4594.8 | D28: =SUM(B28:C28) -> 12250.96
A30: BALANCES | B30: =B20-B28 -> 474954.17 | C30: =C20-C28 -> 284182.97 | D30: =SUM(B30:C30) -> 759137.14
A31: Less Refunds | B31: 221.49 | C31: 133.27 | D31: =SUM(B31:C31) -> 354.76
A32: Less Advances | B32: 0 | C32: 0 | D32: =SUM(B32:C32) -> 0
A33: NET DISTRIBUTION | B33: =B30-SUM(B31:B32) -> 474732.68 | C33: =C30-SUM(C31:C32) -> 284049.7 | D33: =SUM(B33:C33) -> 758782.38
A35: OTHER
A36: Inflation Cap Credit | B36: 0 | C36: 0 | D36: =SUM(B36:C36) -> 0
B37: Please sign and return to this office, revised Code, Sec 321.34
B38: It is hereby certified that the above funds for retirement of bonds | F38: JENNIFER S. HUNTER | I38: COUNTY AUDITOR
B39: have been received and paid into the bond retirement fund
I40: DEPUTY AUDITOR
B41: SIGNATURE OF OFFICER

Sheet 61269-MECHANICSBURG PUBLIC LIBR
A2: SOURCE OF RECEIPTS | B2: 2010 CURRENT EXPENSE 1.00 | C2: TOTALS
A3: REAL PROPERTY
A4: Agr/Res | B4: 1224.14 | C4: =SUM(B4) -> 1224.14
A5: Com/Ind/Min | B5: 0 | C5: =SUM(B5) -> 0
A6: Public Utility | B6: 88.39 | C6: =SUM(B6) -> 88.39
A7: TOTAL CURRENT | B7: =SUM(B4:B6) -> 1312.53 | C7: =SUM(B7) -> 1312.53
A8: TOTAL DELINQUENT | B8: 13.04 | C8: =SUM(B8) -> 13.04
A9: LESS TIF COLLECTED | B9: 0 | C9: =SUM(B9) -> 0
A10: TOTAL COLLECTED | B10: =SUM(B7:B8) - B9 -> 1325.57 | C10: =SUM(B10) -> 1325.57
A12: REIMBURSEMENTS
A13: Non-Business Credit | B13: 143.82 | C13: =SUM(B13) -> 143.82
A14: Non-Business Credit Delinquent | B14: 0 | C14: =SUM(B14) -> 0
A15: Owner-Occupancy Credit | B15: 8.56 | C15: =SUM(B15) -> 8.56
A16: Owner-Occupancy Credit Delinquent | B16: 0 | C16: =SUM(B16) -> 0
A17: Homestead | B17: 14.07 | C17: =SUM(B17) -> 14.07
A18: Homestead Delinquent | B18: 0 | C18: =SUM(B18) -> 0
A19: TOTAL REIMBURSEMENTS | B19: =SUM(B13:B18) -> 166.45 | C19: =SUM(B19) -> 166.45
